Workbook
Name Look_Up_Table: #REF!
Name Look_Up_Table_2: #REF!
Name Sheets: #REF!

Sheet Cover
A1: =$C$6 -> NESO Cost Reporting Tables
A2: =$E$12 -> National Energy System Operator
A3: =$E$16 -> 2026/27
C6: NESO Cost Reporting Tables
D12: Name: | E12: National Energy System Operator
D14: Short Name: | E14: NESO
D16: Reporting Year: | E16: 2026/27
D18: Version Number: | E18: 1
D20: Date of Submission: | E20: 23rd October 2026
D21: Date of Prior Submission: | E21: 15th May 2026
A25: Cell Format Key
D27: Cell intentionally blank
C28: Value | D28: Input
C29: Value | D29: Imported/ Linked Value
C30: Value | D30: Calculation
C31: Value | D31: Output
C32: Value | D32: Ex-ante Value
C33: Value | D33: Error checking
C34: Value | D34: Annotation

Sheet Contents
A1: =Cover!$C$6 -> NESO Cost Reporting Tables
A2: =Cover!$E$12 -> National Energy System Operator
A3: =Cover!$E$16 -> 2026/27
B5: Number | C5: Section | D5: Title | E5: Link
B7: 1 | C7: Total Expenditure
D8: 1.1 Total Costs | E8: Go
B10: 2 | C10: Summary Expenditure
D11: 2.1 Operational Costs | E11: Go
D12: 2.2 FTE | E12: Go
D13: 2.3 Investment Costs | E13: Go
B15: 3 | C15: Summary by Role
D16: 3.1 Energy Markets | E16: Go
D17: 3.2 Strategic Energy Planning | E17: Go
D18: 3.3 Energy Insights | E18: Go
D19: 3.4 Security of Supply Modelling | E19: Go
D20: 3.5 Whole Energy System Resilience | E20: Go
D21: 3.6 System Operations | E21: Go
D22: 3.7 Network Operability & Connections | E22: Go
D23: 3.8 Facilitating Sector Digitalisation | E23: Go
B25: 4 | C25: Summary by Function
D26: 4.1 Role Delivery Support | E26: Go
D27: 4.2 Corporate Functions | E27: Go
D28: 4.3 Cyber & Physical Security | E28: Go
D29: 4.4 Digital & Technology Support | E29: Go
D30: 4.5 Transformation | E30: Go

Sheet 1.1 Total Costs
A1: =Cover!$C$6 -> NESO Cost Reporting Tables
A2: =Cover!$E$12 -> National Energy System Operator
A3: =Cover!$E$16 -> 2026/27
A4: =Contents!D8 -> 1.1 Total Costs
E6: BP3 | F6: NESO 1
E7: 2025/26 | F7: 2026/27 | G7: 2027/28
B9: NESO Total Costs
C11: Energy Markets | D11: £m (nominal) | E11: ='3.1 Energy Markets'!F45 -> 48.037215 | F11: ='3.1 Energy Markets'!G45 -> 43.289669 | G11: ='3.1 Energy Markets'!H45 -> 40.832994
C12: Strategic Energy Planning | D12: £m (nominal) | E12: ='3.2 Strategic Energy Planning'!F45 -> 56.509336 | F12: ='3.2 Strategic Energy Planning'!G45 -> 67.566556 | G12: ='3.2 Strategic Energy Planning'!H45 -> 76.879173
C13: Energy Insights | D13: £m (nominal) | E13: ='3.3 Energy Insights'!F46 -> 10.652485 | F13: ='3.3 Energy Insights'!G46 -> 10.709554 | G13: ='3.3 Energy Insights'!H46 -> 11.258391
C14: Security of Supply Modelling | D14: £m (nominal) | E14: ='3.4 Security of Supply'!F45 -> 3.7548308 | F14: ='3.4 Security of Supply'!G45 -> 3.8470087 | G14: ='3.4 Security of Supply'!H45 -> 4.2283668
C15: Whole Energy System Resilience | D15: £m (nominal) | E15: ='3.5 Whole Energy System Resilie'!F41 -> 11.530339 | F15: ='3.5 Whole Energy System Resilie'!G41 -> 17.095765 | G15: ='3.5 Whole Energy System Resilie'!H41 -> 17.314361
C16: System Operations | D16: £m (nominal) | E16: ='3.6 System Operations'!F56 -> 122.55298 | F16: ='3.6 System Operations'!G56 -> 127.97293 | G16: ='3.6 System Operations'!H56 -> 123.40487
C17: Network Operability & Connections | D17: £m (nominal) | E17: ='3.7 Network Operability'!F44 -> 55.630499 | F17: ='3.7 Network Operability'!G44 -> 57.026622 | G17: ='3.7 Network Operability'!H44 -> 58.310249
C18: Facilitating Sector Digitalisation | D18: £m (nominal) | E18: ='3.8 Facilitating Sector'!F33 -> 4.1637194 | F18: ='3.8 Facilitating Sector'!G33 -> 15.818085 | G18: ='3.8 Facilitating Sector'!H33 -> 21.745131
C19: Role Costs Total | D19: £m (nominal) | E19: =SUM(E11:E18) -> 312.8314 | F19: =SUM(F11:F18) -> 343.32619 | G19: =SUM(G11:G18) -> 353.97354
C21: Role Delivery Support | D21: £m (nominal) | E21: ='4.1 Role Delivery Support'!F50 -> 43.200113 | F21: ='4.1 Role Delivery Support'!G50 -> 37.146189 | G21: ='4.1 Role Delivery Support'!H50 -> 59.987036
C22: Corporate Functions | D22: £m (nominal) | E22: ='4.2 Corporate Functions'!F53 -> 77.685981 | F22: ='4.2 Corporate Functions'!G53 -> 111.29434 | G22: ='4.2 Corporate Functions'!H53 -> 115.33859
C23: Cyber & Physical Security | D23: £m (nominal) | E23: ='4.3 Cyber & Physical Security'!F31 -> 28.081664 | F23: ='4.3 Cyber & Physical Security'!G31 -> 17.340511 | G23: ='4.3 Cyber & Physical Security'!H31 -> 35.907165
C24: Digital & Technology Support | D24: £m (nominal) | E24: ='4.4 Digital & Technology Suppor'!F38 -> 149.72026 | F24: ='4.4 Digital & Technology Suppor'!G38 -> 226.00139 | G24: ='4.4 Digital & Technology Suppor'!H38 -> 196.35476
C25: Transformation | D25: £m (nominal) | E25: ='4.5 Transformation'!F40 -> 75.020419 | F25: ='4.5 Transformation'!G40 -> 88.46184 | G25: ='4.5 Transformation'!H40 -> 30.948863
C26: Supporting Function Costs Total | D26: £m (nominal) | E26: =SUM(E21:E25) -> 373.70843 | F26: =SUM(F21:F25) -> 480.24427 | G26: =SUM(G21:G25) -> 438.53641
C28: NESO Costs Sub Total | D28: £m (nominal) | E28: =E19+E26 -> 686.53984 | F28: =F19+F26 -> 823.57046 | G28: =G19+G26 -> 792.50994
C30: Efficiencies | D30: £m (nominal) | E30: 0 | F30: 0 | G30: -33.6
C31: NESO Costs Total | D31: £m (nominal) | E31: =E28+E30 -> 686.53984 | F31: =F28+F30 -> 823.57046 | G31: =G28+G30 -> 758.90994

Sheet 2.1 Operational Costs
A1: =Cover!$C$6 -> NESO Cost Reporting Tables
A2: =Cover!$E$12 -> National Energy System Operator
A3: =Cover!$E$16 -> 2026/27
A4: =Contents!D11 -> 2.1 Operational Costs
E6: BP3 | F6: NESO 1
E7: 2025/26 | F7: 2026/27 | G7: 2027/28
B9: NESO Operational Costs
C11: Energy Markets | D11: £m (nominal) | E11: ='3.1 Energy Markets'!F43 -> 21.692836 | F11: ='3.1 Energy Markets'!G43 -> 29.344404 | G11: ='3.1 Energy Markets'!H43 -> 26.497994
C12: Strategic Energy Planning | D12: £m (nominal) | E12: ='3.2 Strategic Energy Planning'!F43 -> 49.760487 | F12: ='3.2 Strategic Energy Planning'!G43 -> 56.907038 | G12: ='3.2 Strategic Energy Planning'!H43 -> 63.379173
C13: Energy Insights | D13: £m (nominal) | E13: ='3.3 Energy Insights'!F44 -> 10.652485 | F13: ='3.3 Energy Insights'!G44 -> 10.709554 | G13: ='3.3 Energy Insights'!H44 -> 11.258391
C14: Security of Supply Modelling | D14: £m (nominal) | E14: ='3.4 Security of Supply'!F43 -> 3.7548308 | F14: ='3.4 Security of Supply'!G43 -> 3.8470087 | G14: ='3.4 Security of Supply'!H43 -> 4.2283668
C15: Whole Energy System Resilience | D15: £m (nominal) | E15: ='3.5 Whole Energy System Resilie'!F39 -> 9.3048863 | F15: ='3.5 Whole Energy System Resilie'!G39 -> 11.049574 | G15: ='3.5 Whole Energy System Resilie'!H39 -> 12.744361
C16: System Operations | D16: £m (nominal) | E16: ='3.6 System Operations'!F54 -> 52.694039 | F16: ='3.6 System Operations'!G54 -> 59.638041 | G16: ='3.6 System Operations'!H54 -> 52.686374
C17: Network Operability & Connections | D17: £m (nominal) | E17: ='3.7 Network Operability'!F42 -> 46.795626 | F17: ='3.7 Network Operability'!G42 -> 46.146891 | G17: ='3.7 Network Operability'!H42 -> 45.660249
C18: Facilitating Sector Digitalisation | D18: £m (nominal) | E18: ='3.8 Facilitating Sector'!F31 -> 0.15 | F18: ='3.8 Facilitating Sector'!G31 -> 0.65740405 | G18: ='3.8 Facilitating Sector'!H31 -> 0.03236391
C19: Role Operational Costs Total | D19: £m (nominal) | E19: =SUM(E11:E18) -> 194.80519 | F19: =SUM(F11:F18) -> 218.29991 | G19: =SUM(G11:G18) -> 216.48727
C21: Role Delivery Support | D21: £m (nominal) | E21: ='4.1 Role Delivery Support'!F48 -> 12.861751 | F21: ='4.1 Role Delivery Support'!G48 -> 17.19371 | G21: ='4.1 Role Delivery Support'!H48 -> 25.383036
C22: Corporate Functions | D22: £m (nominal) | E22: ='4.2 Corporate Functions'!F51 -> 68.739109 | F22: ='4.2 Corporate Functions'!G51 -> 87.269243 | G22: ='4.2 Corporate Functions'!H51 -> 91.788589
C23: Cyber & Physical Security | D23: £m (nominal) | E23: ='4.3 Cyber & Physical Security'!F29 -> 19.745018 | F23: ='4.3 Cyber & Physical Security'!G29 -> 15.530931 | G23: ='4.3 Cyber & Physical Security'!H29 -> 16.907165
C24: Digital & Technology Support | D24: £m (nominal) | E24: ='4.4 Digital & Technology Suppor'!F36 -> 145.49354 | F24: ='4.4 Digital & Technology Suppor'!G36 -> 233.81887 | G24: ='4.4 Digital & Technology Suppor'!H36 -> 206.35476
C25: Transformation | D25: £m (nominal) | E25: ='4.5 Transformation'!F38 -> 4.0748593 | F25: ='4.5 Transformation'!G38 -> 0.05364962 | G25: ='4.5 Transformation'!H38 -> 0.012066
C26: Supporting Function Operational Costs Total | D26: £m (nominal) | E26: =SUM(E21:E25) -> 250.91428 | F26: =SUM(F21:F25) -> 353.8664 | G26: =SUM(G21:G25) -> 340.44561
C28: Operational Costs Total | D28: £m (nominal) | E28: =E19+E26 -> 445.71947 | F28: =F19+F26 -> 572.16632 | G28: =G19+G26 -> 556.93289

Sheet 2.2 FTE
A1: =Cover!$C$6 -> NESO Cost Reporting Tables
A2: =Cover!$E$12 -> National Energy System Operator
A3: =Cover!$E$16 -> 2026/27
A4: =Contents!D12 -> 2.2 FTE
E6: BP3 | F6: NESO 1
E7: 2025/26 | F7: 2026/27 | G7: 2027/28
B9: NESO FTE
C11: Energy Markets | D11: # FTE | E11: ='3.1 Energy Markets'!F47 -> 241.4837 | F11: ='3.1 Energy Markets'!G47 -> 262.7101 | G11: ='3.1 Energy Markets'!H47 -> 259.7101
C12: Strategic Energy Planning | D12: # FTE | E12: ='3.2 Strategic Energy Planning'!F47 -> 383.7843 | F12: ='3.2 Strategic Energy Planning'!G47 -> 439.9373 | G12: ='3.2 Strategic Energy Planning'!H47 -> 471.9373
C13: Energy Insights | D13: # FTE | E13: ='3.3 Energy Insights'!F48 -> 93.7034 | F13: ='3.3 Energy Insights'!G48 -> 96.9386 | G13: ='3.3 Energy Insights'!H48 -> 96.9386
C14: Security of Supply Modelling | D14: # FTE | E14: ='3.4 Security of Supply'!F47 -> 36.3243 | F14: ='3.4 Security of Supply'!G47 -> 39.6443 | G14: ='3.4 Security of Supply'!H47 -> 39.6443
C15: Whole Energy System Resilience | D15: # FTE | E15: ='3.5 Whole Energy System Resilie'!F43 -> 92.7568 | F15: ='3.5 Whole Energy System Resilie'!G43 -> 102.42648 | G15: ='3.5 Whole Energy System Resilie'!H43 -> 114.42648
C16: System Operations | D16: # FTE | E16: ='3.6 System Operations'!F58 -> 454.6162 | F16: ='3.6 System Operations'!G58 -> 483.41535 | G16: ='3.6 System Operations'!H58 -> 464.41535
C17: Network Operability & Connections | D17: # FTE | E17: ='3.7 Network Operability'!F46 -> 296.7344 | F17: ='3.7 Network Operability'!G46 -> 349.5602 | G17: ='3.7 Network Operability'!H46 -> 345.5602
C18: Facilitating Sector Digitalisation | D18: # FTE | E18: ='3.8 Facilitating Sector'!F35 -> 5 | F18: ='3.8 Facilitating Sector'!G35 -> 7 | G18: ='3.8 Facilitating Sector'!H35 -> 7
C19: Role FTE Total | D19: # FTE | E19: =SUM(E11:E18) -> 1604.4031 | F19: =SUM(F11:F18) -> 1781.6323 | G19: =SUM(G11:G18) -> 1799.6323
C21: Role Delivery Support | D21: # FTE | E21: ='4.1 Role Delivery Support'!F52 -> 159.9108 | F21: ='4.1 Role Delivery Support'!G52 -> 180.29191 | G21: ='4.1 Role Delivery Support'!H52 -> 182.29191
C22: Corporate Functions | D22: # FTE | E22: ='4.2 Corporate Functions'!F55 -> 418.4719 | F22: ='4.2 Corporate Functions'!G55 -> 485.1272 | G22: ='4.2 Corporate Functions'!H55 -> 514.7272
C23: Cyber & Physical Security | D23: # FTE | E23: ='4.3 Cyber & Physical Security'!F33 -> 65.8108 | F23: ='4.3 Cyber & Physical Security'!G33 -> 76.211064 | G23: ='4.3 Cyber & Physical Security'!H33 -> 76.211064
C24: Digital & Technology Support | D24: # FTE | E24: ='4.4 Digital & Technology Suppor'!F40 -> 368.0973 | F24: ='4.4 Digital & Technology Suppor'!G40 -> 427.76537 | G24: ='4.4 Digital & Technology Suppor'!H40 -> 427.76537
C25: Transformation | D25: # FTE | E25: ='4.5 Transformation'!F42 -> 87 | F25: ='4.5 Transformation'!G42 -> 12 | G25: ='4.5 Transformation'!H42 -> 11
C26: Supporting Function FTE Total | D26: # FTE | E26: =SUM(E21:E25) -> 1099.2908 | F26: =SUM(F21:F25) -> 1181.3955 | G26: =SUM(G21:G25) -> 1211.9955
C28: FTE Total | D28: # FTE | E28: =E19+E26 -> 2703.6939 | F28: =F19+F26 -> 2963.0279 | G28: =G19+G26 -> 3011.6279

Sheet 2.3 Investment Costs
A1: =Cover!$C$6 -> NESO Cost Reporting Tables
A2: =Cover!$E$12 -> National Energy System Operator
A3: =Cover!$E$16 -> 2026/27
A4: =Contents!D13 -> 2.3 Investment Costs
F6: BP3 | G6: NESO 1
F7: 2025/26 | G7: 2026/27 | H7: 2027/28
B9: NESO Investments
B11: Summary
D13: Energy Markets | E13: £m (nominal) | F13: =SUMIF($B$35:$B$102,$D13,F$35:F$102) -> 26.344379 | G13: =SUMIF($B$35:$B$102,$D13,G$35:G$102) -> 13.945265 | H13: =SUMIF($B$35:$B$102,$D13,H$35:H$102) -> 14.335
D14: Strategic Energy Planning | E14: £m (nominal) | F14: =SUMIF($B$35:$B$102,$D14,F$35:F$102) -> 6.7488495 | G14: =SUMIF($B$35:$B$102,$D14,G$35:G$102) -> 10.659519 | H14: =SUMIF($B$35:$B$102,$D14,H$35:H$102) -> 13.5
D15: Energy Insights | E15: £m (nominal) | F15: =SUMIF($B$35:$B$102,$D15,F$35:F$102) -> 0 | G15: =SUMIF($B$35:$B$102,$D15,G$35:G$102) -> 0 | H15: =SUMIF($B$35:$B$102,$D15,H$35:H$102) -> 0
D16: Security of Supply Modelling | E16: £m (nominal) | F16: =SUMIF($B$35:$B$102,$D16,F$35:F$102) -> 0 | G16: =SUMIF($B$35:$B$102,$D16,G$35:G$102) -> 0 | H16: =SUMIF($B$35:$B$102,$D16,H$35:H$102) -> 0
D17: Whole Energy System Resilience | E17: £m (nominal) | F17: =SUMIF($B$35:$B$102,$D17,F$35:F$102) -> 2.2254527 | G17: =SUMIF($B$35:$B$102,$D17,G$35:G$102) -> 6.0461907 | H17: =SUMIF($B$35:$B$102,$D17,H$35:H$102) -> 4.57
D18: System Operations | E18: £m (nominal) | F18: =SUMIF($B$35:$B$102,$D18,F$35:F$102) -> 69.858941 | G18: =SUMIF($B$35:$B$102,$D18,G$35:G$102) -> 68.334885 | H18: =SUMIF($B$35:$B$102,$D18,H$35:H$102) -> 70.718495
D19: Network Operability & Connections | E19: £m (nominal) | F19: =SUMIF($B$35:$B$102,$D19,F$35:F$102) -> 8.8348733 | G19: =SUMIF($B$35:$B$102,$D19,G$35:G$102) -> 10.879731 | H19: =SUMIF($B$35:$B$102,$D19,H$35:H$102) -> 12.65
D20: Facilitating Sector Digitalisation | E20: £m (nominal) | F20: =SUMIF($B$35:$B$102,$D20,F$35:F$102) -> 4.0137194 | G20: =SUMIF($B$35:$B$102,$D20,G$35:G$102) -> 15.160681 | H20: =SUMIF($B$35:$B$102,$D20,H$35:H$102) -> 21.712767
D21: Role Investment Costs Total | E21: £m (nominal) | F21: =SUM(F13:F20) -> 118.02622 | G21: =SUM(G13:G20) -> 125.02627 | H21: =SUM(H13:H20) -> 137.48626
D23: Role Delivery Support | E23: £m (nominal) | F23: =SUMIF($B$35:$B$102,$D23,F$35:F$102) -> 30.338363 | G23: =SUMIF($B$35:$B$102,$D23,G$35:G$102) -> 19.952479 | H23: =SUMIF($B$35:$B$102,$D23,H$35:H$102) -> 34.604
D24: Corporate Functions | E24: £m (nominal) | F24: =SUMIF($B$35:$B$102,$D24,F$35:F$102) -> 8.946872 | G24: =SUMIF($B$35:$B$102,$D24,G$35:G$102) -> 24.025096 | H24: =SUMIF($B$35:$B$102,$D24,H$35:H$102) -> 23.55
D25: Cyber & Physical Security | E25: £m (nominal) | F25: =SUMIF($B$35:$B$102,$D25,F$35:F$102) -> 8.3366465 | G25: =SUMIF($B$35:$B$102,$D25,G$35:G$102) -> 1.8095803 | H25: =SUMIF($B$35:$B$102,$D25,H$35:H$102) -> 19
D26: Digital & Technology Support | E26: £m (nominal) | F26: =SUMIF($B$35:$B$102,$D26,F$35:F$102) -> 4.2267155 | G26: =SUMIF($B$35:$B$102,$D26,G$35:G$102) -> -7.8174784 | H26: =SUMIF($B$35:$B$102,$D26,H$35:H$102) -> -10
D27: Transformation | E27: £m (nominal) | F27: =SUMIF($B$35:$B$102,$D27,F$35:F$102) -> 70.94556 | G27: =SUMIF($B$35:$B$102,$D27,G$35:G$102) -> 88.40819 | H27: =SUMIF($B$35:$B$102,$D27,H$35:H$102) -> 30.936797
D28: Supporting Function Investment Costs Total | E28: £m (nominal) | F28: =SUM(F23:F27) -> 122.79416 | G28: =SUM(G23:G27) -> 126.37787 | H28: =SUM(H23:H27) -> 98.090797
D30: Investments Costs Total | E30: £m (nominal) | F30: =F21+F28 -> 240.82037 | G30: =G21+G28 -> 251.40414 | H30: =H21+H28 -> 235.57706
B32: Investments
B34: Role/Function | C34: Investment ID | D34: Investment Name
B35: Role Delivery Support | C35: NESO1-100 | D35: Innovation Productionisation | E35: £m (nominal) | F35: 2.6194313 | G35: =IFERROR(VLOOKUP(D:D,'3.1 Energy Markets'!D:H,4,FALSE),0)+IFERROR(VLOOKUP(D:D,'3.2 Strategic Energy Planning'!D:H,4,FALSE),0)+IFERROR(VLOOKUP(D:D,'3.3 Energy Insights'!D:H,4,FALSE),0)+IFERROR(VLOOKUP(D:D,'3.4 Security of Supply'!D:H,4,FALSE),0)+IFERROR(VLOOKUP(D:D,'3.5 Whole Energy System Resilie'!D:H,4,FALSE),0)+IFERROR(VLOOKUP(D:D,'3.6 System Operations'!D:H,4,FALSE),0)+IFERROR(VLOOKUP(D:D,'3.7 Network Operability'!D:H,4,FALSE),0)+IFERROR(VLOOKUP(D:D,'3.8 Facilitating Sector'!D:H,4,FALSE),0)+IFERROR(VLOOKUP(D:D,'4.1 Role Delivery Support'!D:H,4,FALSE),0)+IFERROR(VLOOKUP(D:D,'4.2 Corporate Functions'!D:H,4,FALSE),0)+IFERROR(VLOOKUP(D:D,'4.3 Cyber & Physical Security'!D:H,4,FALSE),0)+IFERROR(VLOOKUP(D:D,'4.4 Digital & Technology Suppor'!D:H,4,FALSE),0)+IFERROR(VLOOKUP(D:D,'4.5 Transformation'!D:H,4,FALSE),0) -> 0.55185932 | H35: =IFERROR(VLOOKUP(D:D,'3.1 Energy Markets'!D:H,5,FALSE),0)+IFERROR(VLOOKUP(D:D,'3.2 Strategic Energy Planning'!D:H,5,FALSE),0)+IFERROR(VLOOKUP(D:D,'3.3 Energy Insights'!D:H,5,FALSE),0)+IFERROR(VLOOKUP(D:D,'3.4 Security of Supply'!D:H,5,FALSE),0)+IFERROR(VLOOKUP(D:D,'3.5 Whole Energy System Resilie'!D:H,5,FALSE),0)+IFERROR(VLOOKUP(D:D,'3.6 System Operations'!D:H,5,FALSE),0)+IFERROR(VLOOKUP(D:D,'3.7 Network Operability'!D:H,5,FALSE),0)+IFERROR(VLOOKUP(D:D,'3.8 Facilitating Sector'!D:H,5,FALSE),0)+IFERROR(VLOOKUP(D:D,'4.1 Role Delivery Support'!D:H,5,FALSE),0)+IFERROR(VLOOKUP(D:D,'4.2 Corporate Functions'!D:H,5,FALSE),0)+IFERROR(VLOOKUP(D:D,'4.3 Cyber & Physical Security'!D:H,5,FALSE),0)+IFERROR(VLOOKUP(D:D,'4.4 Digital & Technology Suppor'!D:H,5,FALSE),0)+IFERROR(VLOOKUP(D:D,'4.5 Transformation'!D:H,5,FALSE),0) -> 5
B36: Role Delivery Support | C36: NESO1-110 | D36: NESO AI Energy Core Delivery | E36: £m (nominal) | F36: 5.6051092 | G36: =IFERROR(VLOOKUP(D:D,'3.1 Energy Markets'!D:H,4,FALSE),0)+IFERROR(VLOOKUP(D:D,'3.2 Strategic Energy Planning'!D:H,4,FALSE),0)+IFERROR(VLOOKUP(D:D,'3.3 Energy Insights'!D:H,4,FALSE),0)+IFERROR(VLOOKUP(D:D,'3.4 Security of Supply'!D:H,4,FALSE),0)+IFERROR(VLOOKUP(D:D,'3.5 Whole Energy System Resilie'!D:H,4,FALSE),0)+IFERROR(VLOOKUP(D:D,'3.6 System Operations'!D:H,4,FALSE),0)+IFERROR(VLOOKUP(D:D,'3.7 Network Operability'!D:H,4,FALSE),0)+IFERROR(VLOOKUP(D:D,'3.8 Facilitating Sector'!D:H,4,FALSE),0)+IFERROR(VLOOKUP(D:D,'4.1 Role Delivery Support'!D:H,4,FALSE),0)+IFERROR(VLOOKUP(D:D,'4.2 Corporate Functions'!D:H,4,FALSE),0)+IFERROR(VLOOKUP(D:D,'4.3 Cyber & Physical Security'!D:H,4,FALSE),0)+IFERROR(VLOOKUP(D:D,'4.4 Digital & Technology Suppor'!D:H,4,FALSE),0)+IFERROR(VLOOKUP(D:D,'4.5 Transformation'!D:H,4,FALSE),0) -> 13.565197 | H36: =IFERROR(VLOOKUP(D:D,'3.1 Energy Markets'!D:H,5,FALSE),0)+IFERROR(VLOOKUP(D:D,'3.2 Strategic Energy Planning'!D:H,5,FALSE),0)+IFERROR(VLOOKUP(D:D,'3.3 Energy Insights'!D:H,5,FALSE),0)+IFERROR(VLOOKUP(D:D,'3.4 Security of Supply'!D:H,5,FALSE),0)+IFERROR(VLOOKUP(D:D,'3.5 Whole Energy System Resilie'!D:H,5,FALSE),0)+IFERROR(VLOOKUP(D:D,'3.6 System Operations'!D:H,5,FALSE),0)+IFERROR(VLOOKUP(D:D,'3.7 Network Operability'!D:H,5,FALSE),0)+IFERROR(VLOOKUP(D:D,'3.8 Facilitating Sector'!D:H,5,FALSE),0)+IFERROR(VLOOKUP(D:D,'4.1 Role Delivery Support'!D:H,5,FALSE),0)+IFERROR(VLOOKUP(D:D,'4.2 Corporate Functions'!D:H,5,FALSE),0)+IFERROR(VLOOKUP(D:D,'4.3 Cyber & Physical Security'!D:H,5,FALSE),0)+IFERROR(VLOOKUP(D:D,'4.4 Digital & Technology Suppor'!D:H,5,FALSE),0)+IFERROR(VLOOKUP(D:D,'4.5 Transformation'!D:H,5,FALSE),0) -> 12.4
B37: Facilitating Sector Digitalisation | C37: NESO1-120 | D37: Data Sharing Infrastructure | E37: £m (nominal) | F37: 4.0137194 | G37: =IFERROR(VLOOKUP(D:D,'3.1 Energy Markets'!D:H,4,FALSE),0)+IFERROR(VLOOKUP(D:D,'3.2 Strategic Energy Planning'!D:H,4,FALSE),0)+IFERROR(VLOOKUP(D:D,'3.3 Energy Insights'!D:H,4,FALSE),0)+IFERROR(VLOOKUP(D:D,'3.4 Security of Supply'!D:H,4,FALSE),0)+IFERROR(VLOOKUP(D:D,'3.5 Whole Energy System Resilie'!D:H,4,FALSE),0)+IFERROR(VLOOKUP(D:D,'3.6 System Operations'!D:H,4,FALSE),0)+IFERROR(VLOOKUP(D:D,'3.7 Network Operability'!D:H,4,FALSE),0)+IFERROR(VLOOKUP(D:D,'3.8 Facilitating Sector'!D:H,4,FALSE),0)+IFERROR(VLOOKUP(D:D,'4.1 Role Delivery Support'!D:H,4,FALSE),0)+IFERROR(VLOOKUP(D:D,'4.2 Corporate Functions'!D:H,4,FALSE),0)+IFERROR(VLOOKUP(D:D,'4.3 Cyber & Physical Security'!D:H,4,FALSE),0)+IFERROR(VLOOKUP(D:D,'4.4 Digital & Technology Suppor'!D:H,4,FALSE),0)+IFERROR(VLOOKUP(D:D,'4.5 Transformation'!D:H,4,FALSE),0) -> 15.160681 | H37: =IFERROR(VLOOKUP(D:D,'3.1 Energy Markets'!D:H,5,FALSE),0)+IFERROR(VLOOKUP(D:D,'3.2 Strategic Energy Planning'!D:H,5,FALSE),0)+IFERROR(VLOOKUP(D:D,'3.3 Energy Insights'!D:H,5,FALSE),0)+IFERROR(VLOOKUP(D:D,'3.4 Security of Supply'!D:H,5,FALSE),0)+IFERROR(VLOOKUP(D:D,'3.5 Whole Energy System Resilie'!D:H,5,FALSE),0)+IFERROR(VLOOKUP(D:D,'3.6 System Operations'!D:H,5,FALSE),0)+IFERROR(VLOOKUP(D:D,'3.7 Network Operability'!D:H,5,FALSE),0)+IFERROR(VLOOKUP(D:D,'3.8 Facilitating Sector'!D:H,5,FALSE),0)+IFERROR(VLOOKUP(D:D,'4.1 Role Delivery Support'!D:H,5,FALSE),0)+IFERROR(VLOOKUP(D:D,'4.2 Corporate Functions'!D:H,5,FALSE),0)+IFERROR(VLOOKUP(D:D,'4.3 Cyber & Physical Security'!D:H,5,FALSE),0)+IFERROR(VLOOKUP(D:D,'4.4 Digital & Technology Suppor'!D:H,5,FALSE),0)+IFERROR(VLOOKUP(D:D,'4.5 Transformation'!D:H,5,FALSE),0) -> 21.712767
B38: Corporate Functions | C38: NESO1-200 | D38: Digitalisation of Enabling Functions | E38: £m (nominal) | F38: 1.3410951 | G38: =IFERROR(VLOOKUP(D:D,'3.1 Energy Markets'!D:H,4,FALSE),0)+IFERROR(VLOOKUP(D:D,'3.2 Strategic Energy Planning'!D:H,4,FALSE),0)+IFERROR(VLOOKUP(D:D,'3.3 Energy Insights'!D:H,4,FALSE),0)+IFERROR(VLOOKUP(D:D,'3.4 Security of Supply'!D:H,4,FALSE),0)+IFERROR(VLOOKUP(D:D,'3.5 Whole Energy System Resilie'!D:H,4,FALSE),0)+IFERROR(VLOOKUP(D:D,'3.6 System Operations'!D:H,4,FALSE),0)+IFERROR(VLOOKUP(D:D,'3.7 Network Operability'!D:H,4,FALSE),0)+IFERROR(VLOOKUP(D:D,'3.8 Facilitating Sector'!D:H,4,FALSE),0)+IFERROR(VLOOKUP(D:D,'4.1 Role Delivery Support'!D:H,4,FALSE),0)+IFERROR(VLOOKUP(D:D,'4.2 Corporate Functions'!D:H,4,FALSE),0)+IFERROR(VLOOKUP(D:D,'4.3 Cyber & Physical Security'!D:H,4,FALSE),0)+IFERROR(VLOOKUP(D:D,'4.4 Digital & Technology Suppor'!D:H,4,FALSE),0)+IFERROR(VLOOKUP(D:D,'4.5 Transformation'!D:H,4,FALSE),0) -> 3.2923383 | H38: =IFERROR(VLOOKUP(D:D,'3.1 Energy Markets'!D:H,5,FALSE),0)+IFERROR(VLOOKUP(D:D,'3.2 Strategic Energy Planning'!D:H,5,FALSE),0)+IFERROR(VLOOKUP(D:D,'3.3 Energy Insights'!D:H,5,FALSE),0)+IFERROR(VLOOKUP(D:D,'3.4 Security of Supply'!D:H,5,FALSE),0)+IFERROR(VLOOKUP(D:D,'3.5 Whole Energy System Resilie'!D:H,5,FALSE),0)+IFERROR(VLOOKUP(D:D,'3.6 System Operations'!D:H,5,FALSE),0)+IFERROR(VLOOKUP(D:D,'3.7 Network Operability'!D:H,5,FALSE),0)+IFERROR(VLOOKUP(D:D,'3.8 Facilitating Sector'!D:H,5,FALSE),0)+IFERROR(VLOOKUP(D:D,'4.1 Role Delivery Support'!D:H,5,FALSE),0)+IFERROR(VLOOKUP(D:D,'4.2 Corporate Functions'!D:H,5,FALSE),0)+IFERROR(VLOOKUP(D:D,'4.3 Cyber & Physical Security'!D:H,5,FALSE),0)+IFERROR(VLOOKUP(D:D,'4.4 Digital & Technology Suppor'!D:H,5,FALSE),0)+IFERROR(VLOOKUP(D:D,'4.5 Transformation'!D:H,5,FALSE),0) -> 3.9
B39: Corporate Functions | C39: NESO1-210 | D39: Digital Change for Legal, Risk, and Regulation | E39: £m (nominal) | F39: 0.53455989 | G39: =IFERROR(VLOOKUP(D:D,'3.1 Energy Markets'!D:H,4,FALSE),0)+IFERROR(VLOOKUP(D:D,'3.2 Strategic Energy Planning'!D:H,4,FALSE),0)+IFERROR(VLOOKUP(D:D,'3.3 Energy Insights'!D:H,4,FALSE),0)+IFERROR(VLOOKUP(D:D,'3.4 Security of Supply'!D:H,4,FALSE),0)+IFERROR(VLOOKUP(D:D,'3.5 Whole Energy System Resilie'!D:H,4,FALSE),0)+IFERROR(VLOOKUP(D:D,'3.6 System Operations'!D:H,4,FALSE),0)+IFERROR(VLOOKUP(D:D,'3.7 Network Operability'!D:H,4,FALSE),0)+IFERROR(VLOOKUP(D:D,'3.8 Facilitating Sector'!D:H,4,FALSE),0)+IFERROR(VLOOKUP(D:D,'4.1 Role Delivery Support'!D:H,4,FALSE),0)+IFERROR(VLOOKUP(D:D,'4.2 Corporate Functions'!D:H,4,FALSE),0)+IFERROR(VLOOKUP(D:D,'4.3 Cyber & Physical Security'!D:H,4,FALSE),0)+IFERROR(VLOOKUP(D:D,'4.4 Digital & Technology Suppor'!D:H,4,FALSE),0)+IFERROR(VLOOKUP(D:D,'4.5 Transformation'!D:H,4,FALSE),0) -> 0.75000029 | H39: =IFERROR(VLOOKUP(D:D,'3.1 Energy Markets'!D:H,5,FALSE),0)+IFERROR(VLOOKUP(D:D,'3.2 Strategic Energy Planning'!D:H,5,FALSE),0)+IFERROR(VLOOKUP(D:D,'3.3 Energy Insights'!D:H,5,FALSE),0)+IFERROR(VLOOKUP(D:D,'3.4 Security of Supply'!D:H,5,FALSE),0)+IFERROR(VLOOKUP(D:D,'3.5 Whole Energy System Resilie'!D:H,5,FALSE),0)+IFERROR(VLOOKUP(D:D,'3.6 System Operations'!D:H,5,FALSE),0)+IFERROR(VLOOKUP(D:D,'3.7 Network Operability'!D:H,5,FALSE),0)+IFERROR(VLOOKUP(D:D,'3.8 Facilitating Sector'!D:H,5,FALSE),0)+IFERROR(VLOOKUP(D:D,'4.1 Role Delivery Support'!D:H,5,FALSE),0)+IFERROR(VLOOKUP(D:D,'4.2 Corporate Functions'!D:H,5,FALSE),0)+IFERROR(VLOOKUP(D:D,'4.3 Cyber & Physical Security'!D:H,5,FALSE),0)+IFERROR(VLOOKUP(D:D,'4.4 Digital & Technology Suppor'!D:H,5,FALSE),0)+IFERROR(VLOOKUP(D:D,'4.5 Transformation'!D:H,5,FALSE),0) -> 0.75
B40: Role Delivery Support | C40: NESO1-220 | D40: Network and System Modelling Capability Modernisation | E40: £m (nominal) | F40: 2.769034 | G40: =IFERROR(VLOOKUP(D:D,'3.1 Energy Markets'!D:H,4,FALSE),0)+IFERROR(VLOOKUP(D:D,'3.2 Strategic Energy Planning'!D:H,4,FALSE),0)+IFERROR(VLOOKUP(D:D,'3.3 Energy Insights'!D:H,4,FALSE),0)+IFERROR(VLOOKUP(D:D,'3.4 Security of Supply'!D:H,4,FALSE),0)+IFERROR(VLOOKUP(D:D,'3.5 Whole Energy System Resilie'!D:H,4,FALSE),0)+IFERROR(VLOOKUP(D:D,'3.6 System Operations'!D:H,4,FALSE),0)+IFERROR(VLOOKUP(D:D,'3.7 Network Operability'!D:H,4,FALSE),0)+IFERROR(VLOOKUP(D:D,'3.8 Facilitating Sector'!D:H,4,FALSE),0)+IFERROR(VLOOKUP(D:D,'4.1 Role Delivery Support'!D:H,4,FALSE),0)+IFERROR(VLOOKUP(D:D,'4.2 Corporate Functions'!D:H,4,FALSE),0)+IFERROR(VLOOKUP(D:D,'4.3 Cyber & Physical Security'!D:H,4,FALSE),0)+IFERROR(VLOOKUP(D:D,'4.4 Digital & Technology Suppor'!D:H,4,FALSE),0)+IFERROR(VLOOKUP(D:D,'4.5 Transformation'!D:H,4,FALSE),0) -> 1.9602983 | H40: =IFERROR(VLOOKUP(D:D,'3.1 Energy Markets'!D:H,5,FALSE),0)+IFERROR(VLOOKUP(D:D,'3.2 Strategic Energy Planning'!D:H,5,FALSE),0)+IFERROR(VLOOKUP(D:D,'3.3 Energy Insights'!D:H,5,FALSE),0)+IFERROR(VLOOKUP(D:D,'3.4 Security of Supply'!D:H,5,FALSE),0)+IFERROR(VLOOKUP(D:D,'3.5 Whole Energy System Resilie'!D:H,5,FALSE),0)+IFERROR(VLOOKUP(D:D,'3.6 System Operations'!D:H,5,FALSE),0)+IFERROR(VLOOKUP(D:D,'3.7 Network Operability'!D:H,5,FALSE),0)+IFERROR(VLOOKUP(D:D,'3.8 Facilitating Sector'!D:H,5,FALSE),0)+IFERROR(VLOOKUP(D:D,'4.1 Role Delivery Support'!D:H,5,FALSE),0)+IFERROR(VLOOKUP(D:D,'4.2 Corporate Functions'!D:H,5,FALSE),0)+IFERROR(VLOOKUP(D:D,'4.3 Cyber & Physical Security'!D:H,5,FALSE),0)+IFERROR(VLOOKUP(D:D,'4.4 Digital & Technology Suppor'!D:H,5,FALSE),0)+IFERROR(VLOOKUP(D:D,'4.5 Transformation'!D:H,5,FALSE),0) -> 0.3
B41: Network Operability & Connections | C41: NESO1-230 | D41: Connections Enduring Capabilities Ecosystem | E41: £m (nominal) | F41: 8.8348733 | G41: =IFERROR(VLOOKUP(D:D,'3.1 Energy Markets'!D:H,4,FALSE),0)+IFERROR(VLOOKUP(D:D,'3.2 Strategic Energy Planning'!D:H,4,FALSE),0)+IFERROR(VLOOKUP(D:D,'3.3 Energy Insights'!D:H,4,FALSE),0)+IFERROR(VLOOKUP(D:D,'3.4 Security of Supply'!D:H,4,FALSE),0)+IFERROR(VLOOKUP(D:D,'3.5 Whole Energy System Resilie'!D:H,4,FALSE),0)+IFERROR(VLOOKUP(D:D,'3.6 System Operations'!D:H,4,FALSE),0)+IFERROR(VLOOKUP(D:D,'3.7 Network Operability'!D:H,4,FALSE),0)+IFERROR(VLOOKUP(D:D,'3.8 Facilitating Sector'!D:H,4,FALSE),0)+IFERROR(VLOOKUP(D:D,'4.1 Role Delivery Support'!D:H,4,FALSE),0)+IFERROR(VLOOKUP(D:D,'4.2 Corporate Functions'!D:H,4,FALSE),0)+IFERROR(VLOOKUP(D:D,'4.3 Cyber & Physical Security'!D:H,4,FALSE),0)+IFERROR(VLOOKUP(D:D,'4.4 Digital & Technology Suppor'!D:H,4,FALSE),0)+IFERROR(VLOOKUP(D:D,'4.5 Transformation'!D:H,4,FALSE),0) -> 9.379731 | H41: =IFERROR(VLOOKUP(D:D,'3.1 Energy Markets'!D:H,5,FALSE),0)+IFERROR(VLOOKUP(D:D,'3.2 Strategic Energy Planning'!D:H,5,FALSE),0)+IFERROR(VLOOKUP(D:D,'3.3 Energy Insights'!D:H,5,FALSE),0)+IFERROR(VLOOKUP(D:D,'3.4 Security of Supply'!D:H,5,FALSE),0)+IFERROR(VLOOKUP(D:D,'3.5 Whole Energy System Resilie'!D:H,5,FALSE),0)+IFERROR(VLOOKUP(D:D,'3.6 System Operations'!D:H,5,FALSE),0)+IFERROR(VLOOKUP(D:D,'3.7 Network Operability'!D:H,5,FALSE),0)+IFERROR(VLOOKUP(D:D,'3.8 Facilitating Sector'!D:H,5,FALSE),0)+IFERROR(VLOOKUP(D:D,'4.1 Role Delivery Support'!D:H,5,FALSE),0)+IFERROR(VLOOKUP(D:D,'4.2 Corporate Functions'!D:H,5,FALSE),0)+IFERROR(VLOOKUP(D:D,'4.3 Cyber & Physical Security'!D:H,5,FALSE),0)+IFERROR(VLOOKUP(D:D,'4.4 Digital & Technology Suppor'!D:H,5,FALSE),0)+IFERROR(VLOOKUP(D:D,'4.5 Transformation'!D:H,5,FALSE),0) -> 11
B42: Network Operability & Connections | C42: NESO1-240 | D42: Clean Power 2030 Enablement | E42: £m (nominal) | F42: 0 | G42: =IFERROR(VLOOKUP(D:D,'3.1 Energy Markets'!D:H,4,FALSE),0)+IFERROR(VLOOKUP(D:D,'3.2 Strategic Energy Planning'!D:H,4,FALSE),0)+IFERROR(VLOOKUP(D:D,'3.3 Energy Insights'!D:H,4,FALSE),0)+IFERROR(VLOOKUP(D:D,'3.4 Security of Supply'!D:H,4,FALSE),0)+IFERROR(VLOOKUP(D:D,'3.5 Whole Energy System Resilie'!D:H,4,FALSE),0)+IFERROR(VLOOKUP(D:D,'3.6 System Operations'!D:H,4,FALSE),0)+IFERROR(VLOOKUP(D:D,'3.7 Network Operability'!D:H,4,FALSE),0)+IFERROR(VLOOKUP(D:D,'3.8 Facilitating Sector'!D:H,4,FALSE),0)+IFERROR(VLOOKUP(D:D,'4.1 Role Delivery Support'!D:H,4,FALSE),0)+IFERROR(VLOOKUP(D:D,'4.2 Corporate Functions'!D:H,4,FALSE),0)+IFERROR(VLOOKUP(D:D,'4.3 Cyber & Physical Security'!D:H,4,FALSE),0)+IFERROR(VLOOKUP(D:D,'4.4 Digital & Technology Suppor'!D:H,4,FALSE),0)+IFERROR(VLOOKUP(D:D,'4.5 Transformation'!D:H,4,FALSE),0) -> 1.5 | H42: =IFERROR(VLOOKUP(D:D,'3.1 Energy Markets'!D:H,5,FALSE),0)+IFERROR(VLOOKUP(D:D,'3.2 Strategic Energy Planning'!D:H,5,FALSE),0)+IFERROR(VLOOKUP(D:D,'3.3 Energy Insights'!D:H,5,FALSE),0)+IFERROR(VLOOKUP(D:D,'3.4 Security of Supply'!D:H,5,FALSE),0)+IFERROR(VLOOKUP(D:D,'3.5 Whole Energy System Resilie'!D:H,5,FALSE),0)+IFERROR(VLOOKUP(D:D,'3.6 System Operations'!D:H,5,FALSE),0)+IFERROR(VLOOKUP(D:D,'3.7 Network Operability'!D:H,5,FALSE),0)+IFERROR(VLOOKUP(D:D,'3.8 Facilitating Sector'!D:H,5,FALSE),0)+IFERROR(VLOOKUP(D:D,'4.1 Role Delivery Support'!D:H,5,FALSE),0)+IFERROR(VLOOKUP(D:D,'4.2 Corporate Functions'!D:H,5,FALSE),0)+IFERROR(VLOOKUP(D:D,'4.3 Cyber & Physical Security'!D:H,5,FALSE),0)+IFERROR(VLOOKUP(D:D,'4.4 Digital & Technology Suppor'!D:H,5,FALSE),0)+IFERROR(VLOOKUP(D:D,'4.5 Transformation'!D:H,5,FALSE),0) -> 1.65
B43: Strategic Energy Planning | C43: NESO1-250 | D43: Strategic Energy Planning | E43: £m (nominal) | F43: 6.7488495 | G43: =IFERROR(VLOOKUP(D:D,'3.1 Energy Markets'!D:H,4,FALSE),0)+IFERROR(VLOOKUP(D:D,'3.2 Strategic Energy Planning'!D:H,4,FALSE),0)+IFERROR(VLOOKUP(D:D,'3.3 Energy Insights'!D:H,4,FALSE),0)+IFERROR(VLOOKUP(D:D,'3.4 Security of Supply'!D:H,4,FALSE),0)+IFERROR(VLOOKUP(D:D,'3.5 Whole Energy System Resilie'!D:H,4,FALSE),0)+IFERROR(VLOOKUP(D:D,'3.6 System Operations'!D:H,4,FALSE),0)+IFERROR(VLOOKUP(D:D,'3.7 Network Operability'!D:H,4,FALSE),0)+IFERROR(VLOOKUP(D:D,'3.8 Facilitating Sector'!D:H,4,FALSE),0)+IFERROR(VLOOKUP(D:D,'4.1 Role Delivery Support'!D:H,4,FALSE),0)+IFERROR(VLOOKUP(D:D,'4.2 Corporate Functions'!D:H,4,FALSE),0)+IFERROR(VLOOKUP(D:D,'4.3 Cyber & Physical Security'!D:H,4,FALSE),0)+IFERROR(VLOOKUP(D:D,'4.4 Digital & Technology Suppor'!D:H,4,FALSE),0)+IFERROR(VLOOKUP(D:D,'4.5 Transformation'!D:H,4,FALSE),0) -> 10.659519 | H43: =IFERROR(VLOOKUP(D:D,'3.1 Energy Markets'!D:H,5,FALSE),0)+IFERROR(VLOOKUP(D:D,'3.2 Strategic Energy Planning'!D:H,5,FALSE),0)+IFERROR(VLOOKUP(D:D,'3.3 Energy Insights'!D:H,5,FALSE),0)+IFERROR(VLOOKUP(D:D,'3.4 Security of Supply'!D:H,5,FALSE),0)+IFERROR(VLOOKUP(D:D,'3.5 Whole Energy System Resilie'!D:H,5,FALSE),0)+IFERROR(VLOOKUP(D:D,'3.6 System Operations'!D:H,5,FALSE),0)+IFERROR(VLOOKUP(D:D,'3.7 Network Operability'!D:H,5,FALSE),0)+IFERROR(VLOOKUP(D:D,'3.8 Facilitating Sector'!D:H,5,FALSE),0)+IFERROR(VLOOKUP(D:D,'4.1 Role Delivery Support'!D:H,5,FALSE),0)+IFERROR(VLOOKUP(D:D,'4.2 Corporate Functions'!D:H,5,FALSE),0)+IFERROR(VLOOKUP(D:D,'4.3 Cyber & Physical Security'!D:H,5,FALSE),0)+IFERROR(VLOOKUP(D:D,'4.4 Digital & Technology Suppor'!D:H,5,FALSE),0)+IFERROR(VLOOKUP(D:D,'4.5 Transformation'!D:H,5,FALSE),0) -> 13.5
B44: Role Delivery Support | C44: NESO1-300 | D44: Transformation Enablement Project | E44: £m (nominal) | F44: 0 | G44: =IFERROR(VLOOKUP(D:D,'3.1 Energy Markets'!D:H,4,FALSE),0)+IFERROR(VLOOKUP(D:D,'3.2 Strategic Energy Planning'!D:H,4,FALSE),0)+IFERROR(VLOOKUP(D:D,'3.3 Energy Insights'!D:H,4,FALSE),0)+IFERROR(VLOOKUP(D:D,'3.4 Security of Supply'!D:H,4,FALSE),0)+IFERROR(VLOOKUP(D:D,'3.5 Whole Energy System Resilie'!D:H,4,FALSE),0)+IFERROR(VLOOKUP(D:D,'3.6 System Operations'!D:H,4,FALSE),0)+IFERROR(VLOOKUP(D:D,'3.7 Network Operability'!D:H,4,FALSE),0)+IFERROR(VLOOKUP(D:D,'3.8 Facilitating Sector'!D:H,4,FALSE),0)+IFERROR(VLOOKUP(D:D,'4.1 Role Delivery Support'!D:H,4,FALSE),0)+IFERROR(VLOOKUP(D:D,'4.2 Corporate Functions'!D:H,4,FALSE),0)+IFERROR(VLOOKUP(D:D,'4.3 Cyber & Physical Security'!D:H,4,FALSE),0)+IFERROR(VLOOKUP(D:D,'4.4 Digital & Technology Suppor'!D:H,4,FALSE),0)+IFERROR(VLOOKUP(D:D,'4.5 Transformation'!D:H,4,FALSE),0) -> 0 | H44: =IFERROR(VLOOKUP(D:D,'3.1 Energy Markets'!D:H,5,FALSE),0)+IFERROR(VLOOKUP(D:D,'3.2 Strategic Energy Planning'!D:H,5,FALSE),0)+IFERROR(VLOOKUP(D:D,'3.3 Energy Insights'!D:H,5,FALSE),0)+IFERROR(VLOOKUP(D:D,'3.4 Security of Supply'!D:H,5,FALSE),0)+IFERROR(VLOOKUP(D:D,'3.5 Whole Energy System Resilie'!D:H,5,FALSE),0)+IFERROR(VLOOKUP(D:D,'3.6 System Operations'!D:H,5,FALSE),0)+IFERROR(VLOOKUP(D:D,'3.7 Network Operability'!D:H,5,FALSE),0)+IFERROR(VLOOKUP(D:D,'3.8 Facilitating Sector'!D:H,5,FALSE),0)+IFERROR(VLOOKUP(D:D,'4.1 Role Delivery Support'!D:H,5,FALSE),0)+IFERROR(VLOOKUP(D:D,'4.2 Corporate Functions'!D:H,5,FALSE),0)+IFERROR(VLOOKUP(D:D,'4.3 Cyber & Physical Security'!D:H,5,FALSE),0)+IFERROR(VLOOKUP(D:D,'4.4 Digital & Technology Suppor'!D:H,5,FALSE),0)+IFERROR(VLOOKUP(D:D,'4.5 Transformation'!D:H,5,FALSE),0) -> 0
B45: Energy Markets | C45: NESO1-310 | D45: Reformed National Pricing | E45: £m (nominal) | F45: 0 | G45: =IFERROR(VLOOKUP(D:D,'3.1 Energy Markets'!D:H,4,FALSE),0)+IFERROR(VLOOKUP(D:D,'3.2 Strategic Energy Planning'!D:H,4,FALSE),0)+IFERROR(VLOOKUP(D:D,'3.3 Energy Insights'!D:H,4,FALSE),0)+IFERROR(VLOOKUP(D:D,'3.4 Security of Supply'!D:H,4,FALSE),0)+IFERROR(VLOOKUP(D:D,'3.5 Whole Energy System Resilie'!D:H,4,FALSE),0)+IFERROR(VLOOKUP(D:D,'3.6 System Operations'!D:H,4,FALSE),0)+IFERROR(VLOOKUP(D:D,'3.7 Network Operability'!D:H,4,FALSE),0)+IFERROR(VLOOKUP(D:D,'3.8 Facilitating Sector'!D:H,4,FALSE),0)+IFERROR(VLOOKUP(D:D,'4.1 Role Delivery Support'!D:H,4,FALSE),0)+IFERROR(VLOOKUP(D:D,'4.2 Corporate Functions'!D:H,4,FALSE),0)+IFERROR(VLOOKUP(D:D,'4.3 Cyber & Physical Security'!D:H,4,FALSE),0)+IFERROR(VLOOKUP(D:D,'4.4 Digital & Technology Suppor'!D:H,4,FALSE),0)+IFERROR(VLOOKUP(D:D,'4.5 Transformation'!D:H,4,FALSE),0) -> 0.23450582 | H45: =IFERROR(VLOOKUP(D:D,'3.1 Energy Markets'!D:H,5,FALSE),0)+IFERROR(VLOOKUP(D:D,'3.2 Strategic Energy Planning'!D:H,5,FALSE),0)+IFERROR(VLOOKUP(D:D,'3.3 Energy Insights'!D:H,5,FALSE),0)+IFERROR(VLOOKUP(D:D,'3.4 Security of Supply'!D:H,5,FALSE),0)+IFERROR(VLOOKUP(D:D,'3.5 Whole Energy System Resilie'!D:H,5,FALSE),0)+IFERROR(VLOOKUP(D:D,'3.6 System Operations'!D:H,5,FALSE),0)+IFERROR(VLOOKUP(D:D,'3.7 Network Operability'!D:H,5,FALSE),0)+IFERROR(VLOOKUP(D:D,'3.8 Facilitating Sector'!D:H,5,FALSE),0)+IFERROR(VLOOKUP(D:D,'4.1 Role Delivery Support'!D:H,5,FALSE),0)+IFERROR(VLOOKUP(D:D,'4.2 Corporate Functions'!D:H,5,FALSE),0)+IFERROR(VLOOKUP(D:D,'4.3 Cyber & Physical Security'!D:H,5,FALSE),0)+IFERROR(VLOOKUP(D:D,'4.4 Digital & Technology Suppor'!D:H,5,FALSE),0)+IFERROR(VLOOKUP(D:D,'4.5 Transformation'!D:H,5,FALSE),0) -> 0
B46: Energy Markets | C46: NESO1-320 | D46: Capacity Market (CM) and Contracts for Difference (CfD) Regimes | E46: £m (nominal) | F46: 7.4078545 | G46: =IFERROR(VLOOKUP(D:D,'3.1 Energy Markets'!D:H,4,FALSE),0)+IFERROR(VLOOKUP(D:D,'3.2 Strategic Energy Planning'!D:H,4,FALSE),0)+IFERROR(VLOOKUP(D:D,'3.3 Energy Insights'!D:H,4,FALSE),0)+IFERROR(VLOOKUP(D:D,'3.4 Security of Supply'!D:H,4,FALSE),0)+IFERROR(VLOOKUP(D:D,'3.5 Whole Energy System Resilie'!D:H,4,FALSE),0)+IFERROR(VLOOKUP(D:D,'3.6 System Operations'!D:H,4,FALSE),0)+IFERROR(VLOOKUP(D:D,'3.7 Network Operability'!D:H,4,FALSE),0)+IFERROR(VLOOKUP(D:D,'3.8 Facilitating Sector'!D:H,4,FALSE),0)+IFERROR(VLOOKUP(D:D,'4.1 Role Delivery Support'!D:H,4,FALSE),0)+IFERROR(VLOOKUP(D:D,'4.2 Corporate Functions'!D:H,4,FALSE),0)+IFERROR(VLOOKUP(D:D,'4.3 Cyber & Physical Security'!D:H,4,FALSE),0)+IFERROR(VLOOKUP(D:D,'4.4 Digital & Technology Suppor'!D:H,4,FALSE),0)+IFERROR(VLOOKUP(D:D,'4.5 Transformation'!D:H,4,FALSE),0) -> 0.01965432 | H46: =IFERROR(VLOOKUP(D:D,'3.1 Energy Markets'!D:H,5,FALSE),0)+IFERROR(VLOOKUP(D:D,'3.2 Strategic Energy Planning'!D:H,5,FALSE),0)+IFERROR(VLOOKUP(D:D,'3.3 Energy Insights'!D:H,5,FALSE),0)+IFERROR(VLOOKUP(D:D,'3.4 Security of Supply'!D:H,5,FALSE),0)+IFERROR(VLOOKUP(D:D,'3.5 Whole Energy System Resilie'!D:H,5,FALSE),0)+IFERROR(VLOOKUP(D:D,'3.6 System Operations'!D:H,5,FALSE),0)+IFERROR(VLOOKUP(D:D,'3.7 Network Operability'!D:H,5,FALSE),0)+IFERROR(VLOOKUP(D:D,'3.8 Facilitating Sector'!D:H,5,FALSE),0)+IFERROR(VLOOKUP(D:D,'4.1 Role Delivery Support'!D:H,5,FALSE),0)+IFERROR(VLOOKUP(D:D,'4.2 Corporate Functions'!D:H,5,FALSE),0)+IFERROR(VLOOKUP(D:D,'4.3 Cyber & Physical Security'!D:H,5,FALSE),0)+IFERROR(VLOOKUP(D:D,'4.4 Digital & Technology Suppor'!D:H,5,FALSE),0)+IFERROR(VLOOKUP(D:D,'4.5 Transformation'!D:H,5,FALSE),0) -> 0
... B69: Role Delivery Support | C69: DIG-AI | D69: Digitalisation & AI Shared | E69: £m (nominal) | F69: 0 | G69: =IFERROR(VLOOKUP(D:D,'3.1 Energy Markets'!D:H,4,FALSE),0)+IFERROR(VLOOKUP(D:D,'3.2 Strategic Energy Planning'!D:H,4,FALSE),0)+IFERROR(VLOOKUP(D:D,'3.3 Energy Insights'!D:H,4,FALSE),0)+IFERROR(VLOOKUP(D:D,'3.4 Security of Supply'!D:H,4,FALSE),0)+IFERROR(VLOOKUP(D:D,'3.5 Whole Energy System Resilie'!D:H,4,FALSE),0)+IFERROR(VLOOKUP(D:D,'3.6 System Operations'!D:H,4,FALSE),0)+IFERROR(VLOOKUP(D:D,'3.7 Network Operability'!D:H,4,FALSE),0)+IFERROR(VLOOKUP(D:D,'3.8 Facilitating Sector'!D:H,4,FALSE),0)+IFERROR(VLOOKUP(D:D,'4.1 Role Delivery Support'!D:H,4,FALSE),0)+IFERROR(VLOOKUP(D:D,'4.2 Corporate Functions'!D:H,4,FALSE),0)+IFERROR(VLOOKUP(D:D,'4.3 Cyber & Physical Security'!D:H,4,FALSE),0)+IFERROR(VLOOKUP(D:D,'4.4 Digital & Technology Suppor'!D:H,4,FALSE),0)+IFERROR(VLOOKUP(D:D,'4.5 Transformation'!D:H,4,FALSE),0) -> 0.17677177 | H69: =IFERROR(VLOOKUP(D:D,'3.1 Energy Markets'!D:H,5,FALSE),0)+IFERROR(VLOOKUP(D:D,'3.2 Strategic Energy Planning'!D:H,5,FALSE),0)+IFERROR(VLOOKUP(D:D,'3.3 Energy Insights'!D:H,5,FALSE),0)+IFERROR(VLOOKUP(D:D,'3.4 Security of Supply'!D:H,5,FALSE),0)+IFERROR(VLOOKUP(D:D,'3.5 Whole Energy System Resilie'!D:H,5,FALSE),0)+IFERROR(VLOOKUP(D:D,'3.6 System Operations'!D:H,5,FALSE),0)+IFERROR(VLOOKUP(D:D,'3.7 Network Operability'!D:H,5,FALSE),0)+IFERROR(VLOOKUP(D:D,'3.8 Facilitating Sector'!D:H,5,FALSE),0)+IFERROR(VLOOKUP(D:D,'4.1 Role Delivery Support'!D:H,5,FALSE),0)+IFERROR(VLOOKUP(D:D,'4.2 Corporate Functions'!D:H,5,FALSE),0)+IFERROR(VLOOKUP(D:D,'4.3 Cyber & Physical Security'!D:H,5,FALSE),0)+IFERROR(VLOOKUP(D:D,'4.4 Digital & Technology Suppor'!D:H,5,FALSE),0)+IFERROR(VLOOKUP(D:D,'4.5 Transformation'!D:H,5,FALSE),0) -> 0
B70: Cyber & Physical Security | D70: Cyber & Physical Security | E70: £m (nominal) | F70: 8.3366465 | G70: =IFERROR(VLOOKUP(D:D,'3.1 Energy Markets'!D:H,4,FALSE),0)+IFERROR(VLOOKUP(D:D,'3.2 Strategic Energy Planning'!D:H,4,FALSE),0)+IFERROR(VLOOKUP(D:D,'3.3 Energy Insights'!D:H,4,FALSE),0)+IFERROR(VLOOKUP(D:D,'3.4 Security of Supply'!D:H,4,FALSE),0)+IFERROR(VLOOKUP(D:D,'3.5 Whole Energy System Resilie'!D:H,4,FALSE),0)+IFERROR(VLOOKUP(D:D,'3.6 System Operations'!D:H,4,FALSE),0)+IFERROR(VLOOKUP(D:D,'3.7 Network Operability'!D:H,4,FALSE),0)+IFERROR(VLOOKUP(D:D,'3.8 Facilitating Sector'!D:H,4,FALSE),0)+IFERROR(VLOOKUP(D:D,'4.1 Role Delivery Support'!D:H,4,FALSE),0)+IFERROR(VLOOKUP(D:D,'4.2 Corporate Functions'!D:H,4,FALSE),0)+IFERROR(VLOOKUP(D:D,'4.3 Cyber & Physical Security'!D:H,4,FALSE),0)+IFERROR(VLOOKUP(D:D,'4.4 Digital & Technology Suppor'!D:H,4,FALSE),0)+IFERROR(VLOOKUP(D:D,'4.5 Transformation'!D:H,4,FALSE),0) -> 1.8095803 | H70: =IFERROR(VLOOKUP(D:D,'3.1 Energy Markets'!D:H,5,FALSE),0)+IFERROR(VLOOKUP(D:D,'3.2 Strategic Energy Planning'!D:H,5,FALSE),0)+IFERROR(VLOOKUP(D:D,'3.3 Energy Insights'!D:H,5,FALSE),0)+IFERROR(VLOOKUP(D:D,'3.4 Security of Supply'!D:H,5,FALSE),0)+IFERROR(VLOOKUP(D:D,'3.5 Whole Energy System Resilie'!D:H,5,FALSE),0)+IFERROR(VLOOKUP(D:D,'3.6 System Operations'!D:H,5,FALSE),0)+IFERROR(VLOOKUP(D:D,'3.7 Network Operability'!D:H,5,FALSE),0)+IFERROR(VLOOKUP(D:D,'3.8 Facilitating Sector'!D:H,5,FALSE),0)+IFERROR(VLOOKUP(D:D,'4.1 Role Delivery Support'!D:H,5,FALSE),0)+IFERROR(VLOOKUP(D:D,'4.2 Corporate Functions'!D:H,5,FALSE),0)+IFERROR(VLOOKUP(D:D,'4.3 Cyber & Physical Security'!D:H,5,FALSE),0)+IFERROR(VLOOKUP(D:D,'4.4 Digital & Technology Suppor'!D:H,5,FALSE),0)+IFERROR(VLOOKUP(D:D,'4.5 Transformation'!D:H,5,FALSE),0) -> 19
B71: Role Delivery Support | C71: ENT-TECH | D71: Tech Debt | E71: £m (nominal) | F71: 6.1122561 | G71: =IFERROR(VLOOKUP(D:D,'3.1 Energy Markets'!D:H,4,FALSE),0)+IFERROR(VLOOKUP(D:D,'3.2 Strategic Energy Planning'!D:H,4,FALSE),0)+IFERROR(VLOOKUP(D:D,'3.3 Energy Insights'!D:H,4,FALSE),0)+IFERROR(VLOOKUP(D:D,'3.4 Security of Supply'!D:H,4,FALSE),0)+IFERROR(VLOOKUP(D:D,'3.5 Whole Energy System Resilie'!D:H,4,FALSE),0)+IFERROR(VLOOKUP(D:D,'3.6 System Operations'!D:H,4,FALSE),0)+IFERROR(VLOOKUP(D:D,'3.7 Network Operability'!D:H,4,FALSE),0)+IFERROR(VLOOKUP(D:D,'3.8 Facilitating Sector'!D:H,4,FALSE),0)+IFERROR(VLOOKUP(D:D,'4.1 Role Delivery Support'!D:H,4,FALSE),0)+IFERROR(VLOOKUP(D:D,'4.2 Corporate Functions'!D:H,4,FALSE),0)+IFERROR(VLOOKUP(D:D,'4.3 Cyber & Physical Security'!D:H,4,FALSE),0)+IFERROR(VLOOKUP(D:D,'4.4 Digital & Technology Suppor'!D:H,4,FALSE),0)+IFERROR(VLOOKUP(D:D,'4.5 Transformation'!D:H,4,FALSE),0) -> 0 | H71: =IFERROR(VLOOKUP(D:D,'3.1 Energy Markets'!D:H,5,FALSE),0)+IFERROR(VLOOKUP(D:D,'3.2 Strategic Energy Planning'!D:H,5,FALSE),0)+IFERROR(VLOOKUP(D:D,'3.3 Energy Insights'!D:H,5,FALSE),0)+IFERROR(VLOOKUP(D:D,'3.4 Security of Supply'!D:H,5,FALSE),0)+IFERROR(VLOOKUP(D:D,'3.5 Whole Energy System Resilie'!D:H,5,FALSE),0)+IFERROR(VLOOKUP(D:D,'3.6 System Operations'!D:H,5,FALSE),0)+IFERROR(VLOOKUP(D:D,'3.7 Network Operability'!D:H,5,FALSE),0)+IFERROR(VLOOKUP(D:D,'3.8 Facilitating Sector'!D:H,5,FALSE),0)+IFERROR(VLOOKUP(D:D,'4.1 Role Delivery Support'!D:H,5,FALSE),0)+IFERROR(VLOOKUP(D:D,'4.2 Corporate Functions'!D:H,5,FALSE),0)+IFERROR(VLOOKUP(D:D,'4.3 Cyber & Physical Security'!D:H,5,FALSE),0)+IFERROR(VLOOKUP(D:D,'4.4 Digital & Technology Suppor'!D:H,5,FALSE),0)+IFERROR(VLOOKUP(D:D,'4.5 Transformation'!D:H,5,FALSE),0) -> 0
B72: Corporate Functions | C72: Property | D72: NEW CFO Property Investment | E72: £m (nominal) | F72: 7.071217 | G72: =IFERROR(VLOOKUP(D:D,'3.1 Energy Markets'!D:H,4,FALSE),0)+IFERROR(VLOOKUP(D:D,'3.2 Strategic Energy Planning'!D:H,4,FALSE),0)+IFERROR(VLOOKUP(D:D,'3.3 Energy Insights'!D:H,4,FALSE),0)+IFERROR(VLOOKUP(D:D,'3.4 Security of Supply'!D:H,4,FALSE),0)+IFERROR(VLOOKUP(D:D,'3.5 Whole Energy System Resilie'!D:H,4,FALSE),0)+IFERROR(VLOOKUP(D:D,'3.6 System Operations'!D:H,4,FALSE),0)+IFERROR(VLOOKUP(D:D,'3.7 Network Operability'!D:H,4,FALSE),0)+IFERROR(VLOOKUP(D:D,'3.8 Facilitating Sector'!D:H,4,FALSE),0)+IFERROR(VLOOKUP(D:D,'4.1 Role Delivery Support'!D:H,4,FALSE),0)+IFERROR(VLOOKUP(D:D,'4.2 Corporate Functions'!D:H,4,FALSE),0)+IFERROR(VLOOKUP(D:D,'4.3 Cyber & Physical Security'!D:H,4,FALSE),0)+IFERROR(VLOOKUP(D:D,'4.4 Digital & Technology Suppor'!D:H,4,FALSE),0)+IFERROR(VLOOKUP(D:D,'4.5 Transformation'!D:H,4,FALSE),0) -> 19.982758 | H72: =IFERROR(VLOOKUP(D:D,'3.1 Energy Markets'!D:H,5,FALSE),0)+IFERROR(VLOOKUP(D:D,'3.2 Strategic Energy Planning'!D:H,5,FALSE),0)+IFERROR(VLOOKUP(D:D,'3.3 Energy Insights'!D:H,5,FALSE),0)+IFERROR(VLOOKUP(D:D,'3.4 Security of Supply'!D:H,5,FALSE),0)+IFERROR(VLOOKUP(D:D,'3.5 Whole Energy System Resilie'!D:H,5,FALSE),0)+IFERROR(VLOOKUP(D:D,'3.6 System Operations'!D:H,5,FALSE),0)+IFERROR(VLOOKUP(D:D,'3.7 Network Operability'!D:H,5,FALSE),0)+IFERROR(VLOOKUP(D:D,'3.8 Facilitating Sector'!D:H,5,FALSE),0)+IFERROR(VLOOKUP(D:D,'4.1 Role Delivery Support'!D:H,5,FALSE),0)+IFERROR(VLOOKUP(D:D,'4.2 Corporate Functions'!D:H,5,FALSE),0)+IFERROR(VLOOKUP(D:D,'4.3 Cyber & Physical Security'!D:H,5,FALSE),0)+IFERROR(VLOOKUP(D:D,'4.4 Digital & Technology Suppor'!D:H,5,FALSE),0)+IFERROR(VLOOKUP(D:D,'4.5 Transformation'!D:H,5,FALSE),0) -> 18.9
B73: Transformation | C73: T-Day2 | D73: Day 2 | E73: £m (nominal) | F73: 64.366128 | G73: =IFERROR(VLOOKUP(D:D,'3.1 Energy Markets'!D:H,4,FALSE),0)+IFERROR(VLOOKUP(D:D,'3.2 Strategic Energy Planning'!D:H,4,FALSE),0)+IFERROR(VLOOKUP(D:D,'3.3 Energy Insights'!D:H,4,FALSE),0)+IFERROR(VLOOKUP(D:D,'3.4 Security of Supply'!D:H,4,FALSE),0)+IFERROR(VLOOKUP(D:D,'3.5 Whole Energy System Resilie'!D:H,4,FALSE),0)+IFERROR(VLOOKUP(D:D,'3.6 System Operations'!D:H,4,FALSE),0)+IFERROR(VLOOKUP(D:D,'3.7 Network Operability'!D:H,4,FALSE),0)+IFERROR(VLOOKUP(D:D,'3.8 Facilitating Sector'!D:H,4,FALSE),0)+IFERROR(VLOOKUP(D:D,'4.1 Role Delivery Support'!D:H,4,FALSE),0)+IFERROR(VLOOKUP(D:D,'4.2 Corporate Functions'!D:H,4,FALSE),0)+IFERROR(VLOOKUP(D:D,'4.3 Cyber & Physical Security'!D:H,4,FALSE),0)+IFERROR(VLOOKUP(D:D,'4.4 Digital & Technology Suppor'!D:H,4,FALSE),0)+IFERROR(VLOOKUP(D:D,'4.5 Transformation'!D:H,4,FALSE),0) -> 32.973421 | H73: =IFERROR(VLOOKUP(D:D,'3.1 Energy Markets'!D:H,5,FALSE),0)+IFERROR(VLOOKUP(D:D,'3.2 Strategic Energy Planning'!D:H,5,FALSE),0)+IFERROR(VLOOKUP(D:D,'3.3 Energy Insights'!D:H,5,FALSE),0)+IFERROR(VLOOKUP(D:D,'3.4 Security of Supply'!D:H,5,FALSE),0)+IFERROR(VLOOKUP(D:D,'3.5 Whole Energy System Resilie'!D:H,5,FALSE),0)+IFERROR(VLOOKUP(D:D,'3.6 System Operations'!D:H,5,FALSE),0)+IFERROR(VLOOKUP(D:D,'3.7 Network Operability'!D:H,5,FALSE),0)+IFERROR(VLOOKUP(D:D,'3.8 Facilitating Sector'!D:H,5,FALSE),0)+IFERROR(VLOOKUP(D:D,'4.1 Role Delivery Support'!D:H,5,FALSE),0)+IFERROR(VLOOKUP(D:D,'4.2 Corporate Functions'!D:H,5,FALSE),0)+IFERROR(VLOOKUP(D:D,'4.3 Cyber & Physical Security'!D:H,5,FALSE),0)+IFERROR(VLOOKUP(D:D,'4.4 Digital & Technology Suppor'!D:H,5,FALSE),0)+IFERROR(VLOOKUP(D:D,'4.5 Transformation'!D:H,5,FALSE),0) -> 0
B74: Transformation | D74: Contingency Control Centre | E74: £m (nominal) | F74: 3.7049716 | G74: ='4.5 Transformation'!G31 -> 32.983619 | H74: ='4.5 Transformation'!H31 -> 24.936797
B75: Transformation | C75: T-OSA | D75: OSA Exit | E75: £m (nominal) | F75: 2.6454651 | G75: =IFERROR(VLOOKUP(D:D,'3.1 Energy Markets'!D:H,4,FALSE),0)+IFERROR(VLOOKUP(D:D,'3.2 Strategic Energy Planning'!D:H,4,FALSE),0)+IFERROR(VLOOKUP(D:D,'3.3 Energy Insights'!D:H,4,FALSE),0)+IFERROR(VLOOKUP(D:D,'3.4 Security of Supply'!D:H,4,FALSE),0)+IFERROR(VLOOKUP(D:D,'3.5 Whole Energy System Resilie'!D:H,4,FALSE),0)+IFERROR(VLOOKUP(D:D,'3.6 System Operations'!D:H,4,FALSE),0)+IFERROR(VLOOKUP(D:D,'3.7 Network Operability'!D:H,4,FALSE),0)+IFERROR(VLOOKUP(D:D,'3.8 Facilitating Sector'!D:H,4,FALSE),0)+IFERROR(VLOOKUP(D:D,'4.1 Role Delivery Support'!D:H,4,FALSE),0)+IFERROR(VLOOKUP(D:D,'4.2 Corporate Functions'!D:H,4,FALSE),0)+IFERROR(VLOOKUP(D:D,'4.3 Cyber & Physical Security'!D:H,4,FALSE),0)+IFERROR(VLOOKUP(D:D,'4.4 Digital & Technology Suppor'!D:H,4,FALSE),0)+IFERROR(VLOOKUP(D:D,'4.5 Transformation'!D:H,4,FALSE),0) -> 22.45115 | H75: =IFERROR(VLOOKUP(D:D,'3.1 Energy Markets'!D:H,5,FALSE),0)+IFERROR(VLOOKUP(D:D,'3.2 Strategic Energy Planning'!D:H,5,FALSE),0)+IFERROR(VLOOKUP(D:D,'3.3 Energy Insights'!D:H,5,FALSE),0)+IFERROR(VLOOKUP(D:D,'3.4 Security of Supply'!D:H,5,FALSE),0)+IFERROR(VLOOKUP(D:D,'3.5 Whole Energy System Resilie'!D:H,5,FALSE),0)+IFERROR(VLOOKUP(D:D,'3.6 System Operations'!D:H,5,FALSE),0)+IFERROR(VLOOKUP(D:D,'3.7 Network Operability'!D:H,5,FALSE),0)+IFERROR(VLOOKUP(D:D,'3.8 Facilitating Sector'!D:H,5,FALSE),0)+IFERROR(VLOOKUP(D:D,'4.1 Role Delivery Support'!D:H,5,FALSE),0)+IFERROR(VLOOKUP(D:D,'4.2 Corporate Functions'!D:H,5,FALSE),0)+IFERROR(VLOOKUP(D:D,'4.3 Cyber & Physical Security'!D:H,5,FALSE),0)+IFERROR(VLOOKUP(D:D,'4.4 Digital & Technology Suppor'!D:H,5,FALSE),0)+IFERROR(VLOOKUP(D:D,'4.5 Transformation'!D:H,5,FALSE),0) -> 6
B76: Transformation | C76: T-REMA | D76: REMA | E76: £m (nominal) | F76: 0.22899496 | G76: =IFERROR(VLOOKUP(D:D,'3.1 Energy Markets'!D:H,4,FALSE),0)+IFERROR(VLOOKUP(D:D,'3.2 Strategic Energy Planning'!D:H,4,FALSE),0)+IFERROR(VLOOKUP(D:D,'3.3 Energy Insights'!D:H,4,FALSE),0)+IFERROR(VLOOKUP(D:D,'3.4 Security of Supply'!D:H,4,FALSE),0)+IFERROR(VLOOKUP(D:D,'3.5 Whole Energy System Resilie'!D:H,4,FALSE),0)+IFERROR(VLOOKUP(D:D,'3.6 System Operations'!D:H,4,FALSE),0)+IFERROR(VLOOKUP(D:D,'3.7 Network Operability'!D:H,4,FALSE),0)+IFERROR(VLOOKUP(D:D,'3.8 Facilitating Sector'!D:H,4,FALSE),0)+IFERROR(VLOOKUP(D:D,'4.1 Role Delivery Support'!D:H,4,FALSE),0)+IFERROR(VLOOKUP(D:D,'4.2 Corporate Functions'!D:H,4,FALSE),0)+IFERROR(VLOOKUP(D:D,'4.3 Cyber & Physical Security'!D:H,4,FALSE),0)+IFERROR(VLOOKUP(D:D,'4.4 Digital & Technology Suppor'!D:H,4,FALSE),0)+IFERROR(VLOOKUP(D:D,'4.5 Transformation'!D:H,4,FALSE),0) -> 0 | H76: =IFERROR(VLOOKUP(D:D,'3.1 Energy Markets'!D:H,5,FALSE),0)+IFERROR(VLOOKUP(D:D,'3.2 Strategic Energy Planning'!D:H,5,FALSE),0)+IFERROR(VLOOKUP(D:D,'3.3 Energy Insights'!D:H,5,FALSE),0)+IFERROR(VLOOKUP(D:D,'3.4 Security of Supply'!D:H,5,FALSE),0)+IFERROR(VLOOKUP(D:D,'3.5 Whole Energy System Resilie'!D:H,5,FALSE),0)+IFERROR(VLOOKUP(D:D,'3.6 System Operations'!D:H,5,FALSE),0)+IFERROR(VLOOKUP(D:D,'3.7 Network Operability'!D:H,5,FALSE),0)+IFERROR(VLOOKUP(D:D,'3.8 Facilitating Sector'!D:H,5,FALSE),0)+IFERROR(VLOOKUP(D:D,'4.1 Role Delivery Support'!D:H,5,FALSE),0)+IFERROR(VLOOKUP(D:D,'4.2 Corporate Functions'!D:H,5,FALSE),0)+IFERROR(VLOOKUP(D:D,'4.3 Cyber & Physical Security'!D:H,5,FALSE),0)+IFERROR(VLOOKUP(D:D,'4.4 Digital & Technology Suppor'!D:H,5,FALSE),0)+IFERROR(VLOOKUP(D:D,'4.5 Transformation'!D:H,5,FALSE),0) -> 0
B77: Role Delivery Support | C77: CUST | D77: Customer Data End to End Management | E77: £m (nominal) | F77: 0 | G77: =IFERROR(VLOOKUP(D:D,'3.1 Energy Markets'!D:H,4,FALSE),0)+IFERROR(VLOOKUP(D:D,'3.2 Strategic Energy Planning'!D:H,4,FALSE),0)+IFERROR(VLOOKUP(D:D,'3.3 Energy Insights'!D:H,4,FALSE),0)+IFERROR(VLOOKUP(D:D,'3.4 Security of Supply'!D:H,4,FALSE),0)+IFERROR(VLOOKUP(D:D,'3.5 Whole Energy System Resilie'!D:H,4,FALSE),0)+IFERROR(VLOOKUP(D:D,'3.6 System Operations'!D:H,4,FALSE),0)+IFERROR(VLOOKUP(D:D,'3.7 Network Operability'!D:H,4,FALSE),0)+IFERROR(VLOOKUP(D:D,'3.8 Facilitating Sector'!D:H,4,FALSE),0)+IFERROR(VLOOKUP(D:D,'4.1 Role Delivery Support'!D:H,4,FALSE),0)+IFERROR(VLOOKUP(D:D,'4.2 Corporate Functions'!D:H,4,FALSE),0)+IFERROR(VLOOKUP(D:D,'4.3 Cyber & Physical Security'!D:H,4,FALSE),0)+IFERROR(VLOOKUP(D:D,'4.4 Digital & Technology Suppor'!D:H,4,FALSE),0)+IFERROR(VLOOKUP(D:D,'4.5 Transformation'!D:H,4,FALSE),0) -> 0 | H77: =IFERROR(VLOOKUP(D:D,'3.1 Energy Markets'!D:H,5,FALSE),0)+IFERROR(VLOOKUP(D:D,'3.2 Strategic Energy Planning'!D:H,5,FALSE),0)+IFERROR(VLOOKUP(D:D,'3.3 Energy Insights'!D:H,5,FALSE),0)+IFERROR(VLOOKUP(D:D,'3.4 Security of Supply'!D:H,5,FALSE),0)+IFERROR(VLOOKUP(D:D,'3.5 Whole Energy System Resilie'!D:H,5,FALSE),0)+IFERROR(VLOOKUP(D:D,'3.6 System Operations'!D:H,5,FALSE),0)+IFERROR(VLOOKUP(D:D,'3.7 Network Operability'!D:H,5,FALSE),0)+IFERROR(VLOOKUP(D:D,'3.8 Facilitating Sector'!D:H,5,FALSE),0)+IFERROR(VLOOKUP(D:D,'4.1 Role Delivery Support'!D:H,5,FALSE),0)+IFERROR(VLOOKUP(D:D,'4.2 Corporate Functions'!D:H,5,FALSE),0)+IFERROR(VLOOKUP(D:D,'4.3 Cyber & Physical Security'!D:H,5,FALSE),0)+IFERROR(VLOOKUP(D:D,'4.4 Digital & Technology Suppor'!D:H,5,FALSE),0)+IFERROR(VLOOKUP(D:D,'4.5 Transformation'!D:H,5,FALSE),0) -> 0
B78: Digital & Technology Support | D78: Efficiency | E78: £m (nominal) | F78: 0 | G78: =IFERROR(VLOOKUP(D:D,'3.1 Energy Markets'!D:H,4,FALSE),0)+IFERROR(VLOOKUP(D:D,'3.2 Strategic Energy Planning'!D:H,4,FALSE),0)+IFERROR(VLOOKUP(D:D,'3.3 Energy Insights'!D:H,4,FALSE),0)+IFERROR(VLOOKUP(D:D,'3.4 Security of Supply'!D:H,4,FALSE),0)+IFERROR(VLOOKUP(D:D,'3.5 Whole Energy System Resilie'!D:H,4,FALSE),0)+IFERROR(VLOOKUP(D:D,'3.6 System Operations'!D:H,4,FALSE),0)+IFERROR(VLOOKUP(D:D,'3.7 Network Operability'!D:H,4,FALSE),0)+IFERROR(VLOOKUP(D:D,'3.8 Facilitating Sector'!D:H,4,FALSE),0)+IFERROR(VLOOKUP(D:D,'4.1 Role Delivery Support'!D:H,4,FALSE),0)+IFERROR(VLOOKUP(D:D,'4.2 Corporate Functions'!D:H,4,FALSE),0)+IFERROR(VLOOKUP(D:D,'4.3 Cyber & Physical Security'!D:H,4,FALSE),0)+IFERROR(VLOOKUP(D:D,'4.4 Digital & Technology Suppor'!D:H,4,FALSE),0)+IFERROR(VLOOKUP(D:D,'4.5 Transformation'!D:H,4,FALSE),0) -> 0 | H78: =IFERROR(VLOOKUP(D:D,'3.1 Energy Markets'!D:H,5,FALSE),0)+IFERROR(VLOOKUP(D:D,'3.2 Strategic Energy Planning'!D:H,5,FALSE),0)+IFERROR(VLOOKUP(D:D,'3.3 Energy Insights'!D:H,5,FALSE),0)+IFERROR(VLOOKUP(D:D,'3.4 Security of Supply'!D:H,5,FALSE),0)+IFERROR(VLOOKUP(D:D,'3.5 Whole Energy System Resilie'!D:H,5,FALSE),0)+IFERROR(VLOOKUP(D:D,'3.6 System Operations'!D:H,5,FALSE),0)+IFERROR(VLOOKUP(D:D,'3.7 Network Operability'!D:H,5,FALSE),0)+IFERROR(VLOOKUP(D:D,'3.8 Facilitating Sector'!D:H,5,FALSE),0)+IFERROR(VLOOKUP(D:D,'4.1 Role Delivery Support'!D:H,5,FALSE),0)+IFERROR(VLOOKUP(D:D,'4.2 Corporate Functions'!D:H,5,FALSE),0)+IFERROR(VLOOKUP(D:D,'4.3 Cyber & Physical Security'!D:H,5,FALSE),0)+IFERROR(VLOOKUP(D:D,'4.4 Digital & Technology Suppor'!D:H,5,FALSE),0)+IFERROR(VLOOKUP(D:D,'4.5 Transformation'!D:H,5,FALSE),0) -> 0
B79: System Operations | D79: System Operations Shared Projects | E79: £m (nominal) | F79: 3.4841636 | G79: =IFERROR(VLOOKUP(D:D,'3.1 Energy Markets'!D:H,4,FALSE),0)+IFERROR(VLOOKUP(D:D,'3.2 Strategic Energy Planning'!D:H,4,FALSE),0)+IFERROR(VLOOKUP(D:D,'3.3 Energy Insights'!D:H,4,FALSE),0)+IFERROR(VLOOKUP(D:D,'3.4 Security of Supply'!D:H,4,FALSE),0)+IFERROR(VLOOKUP(D:D,'3.5 Whole Energy System Resilie'!D:H,4,FALSE),0)+IFERROR(VLOOKUP(D:D,'3.6 System Operations'!D:H,4,FALSE),0)+IFERROR(VLOOKUP(D:D,'3.7 Network Operability'!D:H,4,FALSE),0)+IFERROR(VLOOKUP(D:D,'3.8 Facilitating Sector'!D:H,4,FALSE),0)+IFERROR(VLOOKUP(D:D,'4.1 Role Delivery Support'!D:H,4,FALSE),0)+IFERROR(VLOOKUP(D:D,'4.2 Corporate Functions'!D:H,4,FALSE),0)+IFERROR(VLOOKUP(D:D,'4.3 Cyber & Physical Security'!D:H,4,FALSE),0)+IFERROR(VLOOKUP(D:D,'4.4 Digital & Technology Suppor'!D:H,4,FALSE),0)+IFERROR(VLOOKUP(D:D,'4.5 Transformation'!D:H,4,FALSE),0) -> 0.06680837 | H79: =IFERROR(VLOOKUP(D:D,'3.1 Energy Markets'!D:H,5,FALSE),0)+IFERROR(VLOOKUP(D:D,'3.2 Strategic Energy Planning'!D:H,5,FALSE),0)+IFERROR(VLOOKUP(D:D,'3.3 Energy Insights'!D:H,5,FALSE),0)+IFERROR(VLOOKUP(D:D,'3.4 Security of Supply'!D:H,5,FALSE),0)+IFERROR(VLOOKUP(D:D,'3.5 Whole Energy System Resilie'!D:H,5,FALSE),0)+IFERROR(VLOOKUP(D:D,'3.6 System Operations'!D:H,5,FALSE),0)+IFERROR(VLOOKUP(D:D,'3.7 Network Operability'!D:H,5,FALSE),0)+IFERROR(VLOOKUP(D:D,'3.8 Facilitating Sector'!D:H,5,FALSE),0)+IFERROR(VLOOKUP(D:D,'4.1 Role Delivery Support'!D:H,5,FALSE),0)+IFERROR(VLOOKUP(D:D,'4.2 Corporate Functions'!D:H,5,FALSE),0)+IFERROR(VLOOKUP(D:D,'4.3 Cyber & Physical Security'!D:H,5,FALSE),0)+IFERROR(VLOOKUP(D:D,'4.4 Digital & Technology Suppor'!D:H,5,FALSE),0)+IFERROR(VLOOKUP(D:D,'4.5 Transformation'!D:H,5,FALSE),0) -> 0
B80: Digital & Technology Support | D80: Efficiency Challenge | E80: £m (nominal) | F80: 0 | G80: =IFERROR(VLOOKUP(D:D,'3.1 Energy Markets'!D:H,4,FALSE),0)+IFERROR(VLOOKUP(D:D,'3.2 Strategic Energy Planning'!D:H,4,FALSE),0)+IFERROR(VLOOKUP(D:D,'3.3 Energy Insights'!D:H,4,FALSE),0)+IFERROR(VLOOKUP(D:D,'3.4 Security of Supply'!D:H,4,FALSE),0)+IFERROR(VLOOKUP(D:D,'3.5 Whole Energy System Resilie'!D:H,4,FALSE),0)+IFERROR(VLOOKUP(D:D,'3.6 System Operations'!D:H,4,FALSE),0)+IFERROR(VLOOKUP(D:D,'3.7 Network Operability'!D:H,4,FALSE),0)+IFERROR(VLOOKUP(D:D,'3.8 Facilitating Sector'!D:H,4,FALSE),0)+IFERROR(VLOOKUP(D:D,'4.1 Role Delivery Support'!D:H,4,FALSE),0)+IFERROR(VLOOKUP(D:D,'4.2 Corporate Functions'!D:H,4,FALSE),0)+IFERROR(VLOOKUP(D:D,'4.3 Cyber & Physical Security'!D:H,4,FALSE),0)+IFERROR(VLOOKUP(D:D,'4.4 Digital & Technology Suppor'!D:H,4,FALSE),0)+IFERROR(VLOOKUP(D:D,'4.5 Transformation'!D:H,4,FALSE),0) -> -10 | H80: =IFERROR(VLOOKUP(D:D,'3.1 Energy Markets'!D:H,5,FALSE),0)+IFERROR(VLOOKUP(D:D,'3.2 Strategic Energy Planning'!D:H,5,FALSE),0)+IFERROR(VLOOKUP(D:D,'3.3 Energy Insights'!D:H,5,FALSE),0)+IFERROR(VLOOKUP(D:D,'3.4 Security of Supply'!D:H,5,FALSE),0)+IFERROR(VLOOKUP(D:D,'3.5 Whole Energy System Resilie'!D:H,5,FALSE),0)+IFERROR(VLOOKUP(D:D,'3.6 System Operations'!D:H,5,FALSE),0)+IFERROR(VLOOKUP(D:D,'3.7 Network Operability'!D:H,5,FALSE),0)+IFERROR(VLOOKUP(D:D,'3.8 Facilitating Sector'!D:H,5,FALSE),0)+IFERROR(VLOOKUP(D:D,'4.1 Role Delivery Support'!D:H,5,FALSE),0)+IFERROR(VLOOKUP(D:D,'4.2 Corporate Functions'!D:H,5,FALSE),0)+IFERROR(VLOOKUP(D:D,'4.3 Cyber & Physical Security'!D:H,5,FALSE),0)+IFERROR(VLOOKUP(D:D,'4.4 Digital & Technology Suppor'!D:H,5,FALSE),0)+IFERROR(VLOOKUP(D:D,'4.5 Transformation'!D:H,5,FALSE),0) -> -10
B81: Digital & Technology Support | D81: Shared Projects | E81: £m (nominal) | F81: 4.2267155 | G81: =IFERROR(VLOOKUP(D:D,'3.1 Energy Markets'!D:H,4,FALSE),0)+IFERROR(VLOOKUP(D:D,'3.2 Strategic Energy Planning'!D:H,4,FALSE),0)+IFERROR(VLOOKUP(D:D,'3.3 Energy Insights'!D:H,4,FALSE),0)+IFERROR(VLOOKUP(D:D,'3.4 Security of Supply'!D:H,4,FALSE),0)+IFERROR(VLOOKUP(D:D,'3.5 Whole Energy System Resilie'!D:H,4,FALSE),0)+IFERROR(VLOOKUP(D:D,'3.6 System Operations'!D:H,4,FALSE),0)+IFERROR(VLOOKUP(D:D,'3.7 Network Operability'!D:H,4,FALSE),0)+IFERROR(VLOOKUP(D:D,'3.8 Facilitating Sector'!D:H,4,FALSE),0)+IFERROR(VLOOKUP(D:D,'4.1 Role Delivery Support'!D:H,4,FALSE),0)+IFERROR(VLOOKUP(D:D,'4.2 Corporate Functions'!D:H,4,FALSE),0)+IFERROR(VLOOKUP(D:D,'4.3 Cyber & Physical Security'!D:H,4,FALSE),0)+IFERROR(VLOOKUP(D:D,'4.4 Digital & Technology Suppor'!D:H,4,FALSE),0)+IFERROR(VLOOKUP(D:D,'4.5 Transformation'!D:H,4,FALSE),0) -> 2.1825216 | H81: =IFERROR(VLOOKUP(D:D,'3.1 Energy Markets'!D:H,5,FALSE),0)+IFERROR(VLOOKUP(D:D,'3.2 Strategic Energy Planning'!D:H,5,FALSE),0)+IFERROR(VLOOKUP(D:D,'3.3 Energy Insights'!D:H,5,FALSE),0)+IFERROR(VLOOKUP(D:D,'3.4 Security of Supply'!D:H,5,FALSE),0)+IFERROR(VLOOKUP(D:D,'3.5 Whole Energy System Resilie'!D:H,5,FALSE),0)+IFERROR(VLOOKUP(D:D,'3.6 System Operations'!D:H,5,FALSE),0)+IFERROR(VLOOKUP(D:D,'3.7 Network Operability'!D:H,5,FALSE),0)+IFERROR(VLOOKUP(D:D,'3.8 Facilitating Sector'!D:H,5,FALSE),0)+IFERROR(VLOOKUP(D:D,'4.1 Role Delivery Support'!D:H,5,FALSE),0)+IFERROR(VLOOKUP(D:D,'4.2 Corporate Functions'!D:H,5,FALSE),0)+IFERROR(VLOOKUP(D:D,'4.3 Cyber & Physical Security'!D:H,5,FALSE),0)+IFERROR(VLOOKUP(D:D,'4.4 Digital & Technology Suppor'!D:H,5,FALSE),0)+IFERROR(VLOOKUP(D:D,'4.5 Transformation'!D:H,5,FALSE),0) -> 0
E82: £m (nominal) | F82: =IFERROR(VLOOKUP(D:D,'3.1 Energy Markets'!D:H,3,FALSE),0)+IFERROR(VLOOKUP(D:D,'3.2 Strategic Energy Planning'!D:H,3,FALSE),0)+IFERROR(VLOOKUP(D:D,'3.3 Energy Insights'!D:H,3,FALSE),0)+IFERROR(VLOOKUP(D:D,'3.4 Security of Supply'!D:H,3,FALSE),0)+IFERROR(VLOOKUP(D:D,'3.5 Whole Energy System Resilie'!D:H,3,FALSE),0)+IFERROR(VLOOKUP(D:D,'3.6 System Operations'!D:H,3,FALSE),0)+IFERROR(VLOOKUP(D:D,'3.7 Network Operability'!D:H,3,FALSE),0)+IFERROR(VLOOKUP(D:D,'3.8 Facilitating Sector'!D:H,3,FALSE),0)+IFERROR(VLOOKUP(D:D,'4.1 Role Delivery Support'!D:H,3,FALSE),0)+IFERROR(VLOOKUP(D:D,'4.2 Corporate Functions'!D:H,3,FALSE),0)+IFERROR(VLOOKUP(D:D,'4.3 Cyber & Physical Security'!D:H,3,FALSE),0)+IFERROR(VLOOKUP(D:D,'4.4 Digital & Technology Suppor'!D:H,3,FALSE),0)+IFERROR(VLOOKUP(D:D,'4.5 Transformation'!D:H,3,FALSE),0) -> 0 | G82: =IFERROR(VLOOKUP(D:D,'3.1 Energy Markets'!D:H,4,FALSE),0)+IFERROR(VLOOKUP(D:D,'3.2 Strategic Energy Planning'!D:H,4,FALSE),0)+IFERROR(VLOOKUP(D:D,'3.3 Energy Insights'!D:H,4,FALSE),0)+IFERROR(VLOOKUP(D:D,'3.4 Security of Supply'!D:H,4,FALSE),0)+IFERROR(VLOOKUP(D:D,'3.5 Whole Energy System Resilie'!D:H,4,FALSE),0)+IFERROR(VLOOKUP(D:D,'3.6 System Operations'!D:H,4,FALSE),0)+IFERROR(VLOOKUP(D:D,'3.7 Network Operability'!D:H,4,FALSE),0)+IFERROR(VLOOKUP(D:D,'3.8 Facilitating Sector'!D:H,4,FALSE),0)+IFERROR(VLOOKUP(D:D,'4.1 Role Delivery Support'!D:H,4,FALSE),0)+IFERROR(VLOOKUP(D:D,'4.2 Corporate Functions'!D:H,4,FALSE),0)+IFERROR(VLOOKUP(D:D,'4.3 Cyber & Physical Security'!D:H,4,FALSE),0)+IFERROR(VLOOKUP(D:D,'4.4 Digital & Technology Suppor'!D:H,4,FALSE),0)+IFERROR(VLOOKUP(D:D,'4.5 Transformation'!D:H,4,FALSE),0) -> 0 | H82: =IFERROR(VLOOKUP(D:D,'3.1 Energy Markets'!D:H,5,FALSE),0)+IFERROR(VLOOKUP(D:D,'3.2 Strategic Energy Planning'!D:H,5,FALSE),0)+IFERROR(VLOOKUP(D:D,'3.3 Energy Insights'!D:H,5,FALSE),0)+IFERROR(VLOOKUP(D:D,'3.4 Security of Supply'!D:H,5,FALSE),0)+IFERROR(VLOOKUP(D:D,'3.5 Whole Energy System Resilie'!D:H,5,FALSE),0)+IFERROR(VLOOKUP(D:D,'3.6 System Operations'!D:H,5,FALSE),0)+IFERROR(VLOOKUP(D:D,'3.7 Network Operability'!D:H,5,FALSE),0)+IFERROR(VLOOKUP(D:D,'3.8 Facilitating Sector'!D:H,5,FALSE),0)+IFERROR(VLOOKUP(D:D,'4.1 Role Delivery Support'!D:H,5,FALSE),0)+IFERROR(VLOOKUP(D:D,'4.2 Corporate Functions'!D:H,5,FALSE),0)+IFERROR(VLOOKUP(D:D,'4.3 Cyber & Physical Security'!D:H,5,FALSE),0)+IFERROR(VLOOKUP(D:D,'4.4 Digital & Technology Suppor'!D:H,5,FALSE),0)+IFERROR(VLOOKUP(D:D,'4.5 Transformation'!D:H,5,FALSE),0) -> 0
E83: £m (nominal) | F83: =IFERROR(VLOOKUP(D:D,'3.1 Energy Markets'!D:H,3,FALSE),0)+IFERROR(VLOOKUP(D:D,'3.2 Strategic Energy Planning'!D:H,3,FALSE),0)+IFERROR(VLOOKUP(D:D,'3.3 Energy Insights'!D:H,3,FALSE),0)+IFERROR(VLOOKUP(D:D,'3.4 Security of Supply'!D:H,3,FALSE),0)+IFERROR(VLOOKUP(D:D,'3.5 Whole Energy System Resilie'!D:H,3,FALSE),0)+IFERROR(VLOOKUP(D:D,'3.6 System Operations'!D:H,3,FALSE),0)+IFERROR(VLOOKUP(D:D,'3.7 Network Operability'!D:H,3,FALSE),0)+IFERROR(VLOOKUP(D:D,'3.8 Facilitating Sector'!D:H,3,FALSE),0)+IFERROR(VLOOKUP(D:D,'4.1 Role Delivery Support'!D:H,3,FALSE),0)+IFERROR(VLOOKUP(D:D,'4.2 Corporate Functions'!D:H,3,FALSE),0)+IFERROR(VLOOKUP(D:D,'4.3 Cyber & Physical Security'!D:H,3,FALSE),0)+IFERROR(VLOOKUP(D:D,'4.4 Digital & Technology Suppor'!D:H,3,FALSE),0)+IFERROR(VLOOKUP(D:D,'4.5 Transformation'!D:H,3,FALSE),0) -> 0 | G83: =IFERROR(VLOOKUP(D:D,'3.1 Energy Markets'!D:H,4,FALSE),0)+IFERROR(VLOOKUP(D:D,'3.2 Strategic Energy Planning'!D:H,4,FALSE),0)+IFERROR(VLOOKUP(D:D,'3.3 Energy Insights'!D:H,4,FALSE),0)+IFERROR(VLOOKUP(D:D,'3.4 Security of Supply'!D:H,4,FALSE),0)+IFERROR(VLOOKUP(D:D,'3.5 Whole Energy System Resilie'!D:H,4,FALSE),0)+IFERROR(VLOOKUP(D:D,'3.6 System Operations'!D:H,4,FALSE),0)+IFERROR(VLOOKUP(D:D,'3.7 Network Operability'!D:H,4,FALSE),0)+IFERROR(VLOOKUP(D:D,'3.8 Facilitating Sector'!D:H,4,FALSE),0)+IFERROR(VLOOKUP(D:D,'4.1 Role Delivery Support'!D:H,4,FALSE),0)+IFERROR(VLOOKUP(D:D,'4.2 Corporate Functions'!D:H,4,FALSE),0)+IFERROR(VLOOKUP(D:D,'4.3 Cyber & Physical Security'!D:H,4,FALSE),0)+IFERROR(VLOOKUP(D:D,'4.4 Digital & Technology Suppor'!D:H,4,FALSE),0)+IFERROR(VLOOKUP(D:D,'4.5 Transformation'!D:H,4,FALSE),0) -> 0 | H83: =IFERROR(VLOOKUP(D:D,'3.1 Energy Markets'!D:H,5,FALSE),0)+IFERROR(VLOOKUP(D:D,'3.2 Strategic Energy Planning'!D:H,5,FALSE),0)+IFERROR(VLOOKUP(D:D,'3.3 Energy Insights'!D:H,5,FALSE),0)+IFERROR(VLOOKUP(D:D,'3.4 Security of Supply'!D:H,5,FALSE),0)+IFERROR(VLOOKUP(D:D,'3.5 Whole Energy System Resilie'!D:H,5,FALSE),0)+IFERROR(VLOOKUP(D:D,'3.6 System Operations'!D:H,5,FALSE),0)+IFERROR(VLOOKUP(D:D,'3.7 Network Operability'!D:H,5,FALSE),0)+IFERROR(VLOOKUP(D:D,'3.8 Facilitating Sector'!D:H,5,FALSE),0)+IFERROR(VLOOKUP(D:D,'4.1 Role Delivery Support'!D:H,5,FALSE),0)+IFERROR(VLOOKUP(D:D,'4.2 Corporate Functions'!D:H,5,FALSE),0)+IFERROR(VLOOKUP(D:D,'4.3 Cyber & Physical Security'!D:H,5,FALSE),0)+IFERROR(VLOOKUP(D:D,'4.4 Digital & Technology Suppor'!D:H,5,FALSE),0)+IFERROR(VLOOKUP(D:D,'4.5 Transformation'!D:H,5,FALSE),0) -> 0
E84: £m (nominal) | F84: =IFERROR(VLOOKUP(D:D,'3.1 Energy Markets'!D:H,3,FALSE),0)+IFERROR(VLOOKUP(D:D,'3.2 Strategic Energy Planning'!D:H,3,FALSE),0)+IFERROR(VLOOKUP(D:D,'3.3 Energy Insights'!D:H,3,FALSE),0)+IFERROR(VLOOKUP(D:D,'3.4 Security of Supply'!D:H,3,FALSE),0)+IFERROR(VLOOKUP(D:D,'3.5 Whole Energy System Resilie'!D:H,3,FALSE),0)+IFERROR(VLOOKUP(D:D,'3.6 System Operations'!D:H,3,FALSE),0)+IFERROR(VLOOKUP(D:D,'3.7 Network Operability'!D:H,3,FALSE),0)+IFERROR(VLOOKUP(D:D,'3.8 Facilitating Sector'!D:H,3,FALSE),0)+IFERROR(VLOOKUP(D:D,'4.1 Role Delivery Support'!D:H,3,FALSE),0)+IFERROR(VLOOKUP(D:D,'4.2 Corporate Functions'!D:H,3,FALSE),0)+IFERROR(VLOOKUP(D:D,'4.3 Cyber & Physical Security'!D:H,3,FALSE),0)+IFERROR(VLOOKUP(D:D,'4.4 Digital & Technology Suppor'!D:H,3,FALSE),0)+IFERROR(VLOOKUP(D:D,'4.5 Transformation'!D:H,3,FALSE),0) -> 0 | G84: =IFERROR(VLOOKUP(D:D,'3.1 Energy Markets'!D:H,4,FALSE),0)+IFERROR(VLOOKUP(D:D,'3.2 Strategic Energy Planning'!D:H,4,FALSE),0)+IFERROR(VLOOKUP(D:D,'3.3 Energy Insights'!D:H,4,FALSE),0)+IFERROR(VLOOKUP(D:D,'3.4 Security of Supply'!D:H,4,FALSE),0)+IFERROR(VLOOKUP(D:D,'3.5 Whole Energy System Resilie'!D:H,4,FALSE),0)+IFERROR(VLOOKUP(D:D,'3.6 System Operations'!D:H,4,FALSE),0)+IFERROR(VLOOKUP(D:D,'3.7 Network Operability'!D:H,4,FALSE),0)+IFERROR(VLOOKUP(D:D,'3.8 Facilitating Sector'!D:H,4,FALSE),0)+IFERROR(VLOOKUP(D:D,'4.1 Role Delivery Support'!D:H,4,FALSE),0)+IFERROR(VLOOKUP(D:D,'4.2 Corporate Functions'!D:H,4,FALSE),0)+IFERROR(VLOOKUP(D:D,'4.3 Cyber & Physical Security'!D:H,4,FALSE),0)+IFERROR(VLOOKUP(D:D,'4.4 Digital & Technology Suppor'!D:H,4,FALSE),0)+IFERROR(VLOOKUP(D:D,'4.5 Transformation'!D:H,4,FALSE),0) -> 0 | H84: =IFERROR(VLOOKUP(D:D,'3.1 Energy Markets'!D:H,5,FALSE),0)+IFERROR(VLOOKUP(D:D,'3.2 Strategic Energy Planning'!D:H,5,FALSE),0)+IFERROR(VLOOKUP(D:D,'3.3 Energy Insights'!D:H,5,FALSE),0)+IFERROR(VLOOKUP(D:D,'3.4 Security of Supply'!D:H,5,FALSE),0)+IFERROR(VLOOKUP(D:D,'3.5 Whole Energy System Resilie'!D:H,5,FALSE),0)+IFERROR(VLOOKUP(D:D,'3.6 System Operations'!D:H,5,FALSE),0)+IFERROR(VLOOKUP(D:D,'3.7 Network Operability'!D:H,5,FALSE),0)+IFERROR(VLOOKUP(D:D,'3.8 Facilitating Sector'!D:H,5,FALSE),0)+IFERROR(VLOOKUP(D:D,'4.1 Role Delivery Support'!D:H,5,FALSE),0)+IFERROR(VLOOKUP(D:D,'4.2 Corporate Functions'!D:H,5,FALSE),0)+IFERROR(VLOOKUP(D:D,'4.3 Cyber & Physical Security'!D:H,5,FALSE),0)+IFERROR(VLOOKUP(D:D,'4.4 Digital & Technology Suppor'!D:H,5,FALSE),0)+IFERROR(VLOOKUP(D:D,'4.5 Transformation'!D:H,5,FALSE),0) -> 0
E85: £m (nominal) | F85: =IFERROR(VLOOKUP(D:D,'3.1 Energy Markets'!D:H,3,FALSE),0)+IFERROR(VLOOKUP(D:D,'3.2 Strategic Energy Planning'!D:H,3,FALSE),0)+IFERROR(VLOOKUP(D:D,'3.3 Energy Insights'!D:H,3,FALSE),0)+IFERROR(VLOOKUP(D:D,'3.4 Security of Supply'!D:H,3,FALSE),0)+IFERROR(VLOOKUP(D:D,'3.5 Whole Energy System Resilie'!D:H,3,FALSE),0)+IFERROR(VLOOKUP(D:D,'3.6 System Operations'!D:H,3,FALSE),0)+IFERROR(VLOOKUP(D:D,'3.7 Network Operability'!D:H,3,FALSE),0)+IFERROR(VLOOKUP(D:D,'3.8 Facilitating Sector'!D:H,3,FALSE),0)+IFERROR(VLOOKUP(D:D,'4.1 Role Delivery Support'!D:H,3,FALSE),0)+IFERROR(VLOOKUP(D:D,'4.2 Corporate Functions'!D:H,3,FALSE),0)+IFERROR(VLOOKUP(D:D,'4.3 Cyber & Physical Security'!D:H,3,FALSE),0)+IFERROR(VLOOKUP(D:D,'4.4 Digital & Technology Suppor'!D:H,3,FALSE),0)+IFERROR(VLOOKUP(D:D,'4.5 Transformation'!D:H,3,FALSE),0) -> 0 | G85: =IFERROR(VLOOKUP(D:D,'3.1 Energy Markets'!D:H,4,FALSE),0)+IFERROR(VLOOKUP(D:D,'3.2 Strategic Energy Planning'!D:H,4,FALSE),0)+IFERROR(VLOOKUP(D:D,'3.3 Energy Insights'!D:H,4,FALSE),0)+IFERROR(VLOOKUP(D:D,'3.4 Security of Supply'!D:H,4,FALSE),0)+IFERROR(VLOOKUP(D:D,'3.5 Whole Energy System Resilie'!D:H,4,FALSE),0)+IFERROR(VLOOKUP(D:D,'3.6 System Operations'!D:H,4,FALSE),0)+IFERROR(VLOOKUP(D:D,'3.7 Network Operability'!D:H,4,FALSE),0)+IFERROR(VLOOKUP(D:D,'3.8 Facilitating Sector'!D:H,4,FALSE),0)+IFERROR(VLOOKUP(D:D,'4.1 Role Delivery Support'!D:H,4,FALSE),0)+IFERROR(VLOOKUP(D:D,'4.2 Corporate Functions'!D:H,4,FALSE),0)+IFERROR(VLOOKUP(D:D,'4.3 Cyber & Physical Security'!D:H,4,FALSE),0)+IFERROR(VLOOKUP(D:D,'4.4 Digital & Technology Suppor'!D:H,4,FALSE),0)+IFERROR(VLOOKUP(D:D,'4.5 Transformation'!D:H,4,FALSE),0) -> 0 | H85: =IFERROR(VLOOKUP(D:D,'3.1 Energy Markets'!D:H,5,FALSE),0)+IFERROR(VLOOKUP(D:D,'3.2 Strategic Energy Planning'!D:H,5,FALSE),0)+IFERROR(VLOOKUP(D:D,'3.3 Energy Insights'!D:H,5,FALSE),0)+IFERROR(VLOOKUP(D:D,'3.4 Security of Supply'!D:H,5,FALSE),0)+IFERROR(VLOOKUP(D:D,'3.5 Whole Energy System Resilie'!D:H,5,FALSE),0)+IFERROR(VLOOKUP(D:D,'3.6 System Operations'!D:H,5,FALSE),0)+IFERROR(VLOOKUP(D:D,'3.7 Network Operability'!D:H,5,FALSE),0)+IFERROR(VLOOKUP(D:D,'3.8 Facilitating Sector'!D:H,5,FALSE),0)+IFERROR(VLOOKUP(D:D,'4.1 Role Delivery Support'!D:H,5,FALSE),0)+IFERROR(VLOOKUP(D:D,'4.2 Corporate Functions'!D:H,5,FALSE),0)+IFERROR(VLOOKUP(D:D,'4.3 Cyber & Physical Security'!D:H,5,FALSE),0)+IFERROR(VLOOKUP(D:D,'4.4 Digital & Technology Suppor'!D:H,5,FALSE),0)+IFERROR(VLOOKUP(D:D,'4.5 Transformation'!D:H,5,FALSE),0) -> 0
E86: £m (nominal) | F86: =IFERROR(VLOOKUP(D:D,'3.1 Energy Markets'!D:H,3,FALSE),0)+IFERROR(VLOOKUP(D:D,'3.2 Strategic Energy Planning'!D:H,3,FALSE),0)+IFERROR(VLOOKUP(D:D,'3.3 Energy Insights'!D:H,3,FALSE),0)+IFERROR(VLOOKUP(D:D,'3.4 Security of Supply'!D:H,3,FALSE),0)+IFERROR(VLOOKUP(D:D,'3.5 Whole Energy System Resilie'!D:H,3,FALSE),0)+IFERROR(VLOOKUP(D:D,'3.6 System Operations'!D:H,3,FALSE),0)+IFERROR(VLOOKUP(D:D,'3.7 Network Operability'!D:H,3,FALSE),0)+IFERROR(VLOOKUP(D:D,'3.8 Facilitating Sector'!D:H,3,FALSE),0)+IFERROR(VLOOKUP(D:D,'4.1 Role Delivery Support'!D:H,3,FALSE),0)+IFERROR(VLOOKUP(D:D,'4.2 Corporate Functions'!D:H,3,FALSE),0)+IFERROR(VLOOKUP(D:D,'4.3 Cyber & Physical Security'!D:H,3,FALSE),0)+IFERROR(VLOOKUP(D:D,'4.4 Digital & Technology Suppor'!D:H,3,FALSE),0)+IFERROR(VLOOKUP(D:D,'4.5 Transformation'!D:H,3,FALSE),0) -> 0 | G86: =IFERROR(VLOOKUP(D:D,'3.1 Energy Markets'!D:H,4,FALSE),0)+IFERROR(VLOOKUP(D:D,'3.2 Strategic Energy Planning'!D:H,4,FALSE),0)+IFERROR(VLOOKUP(D:D,'3.3 Energy Insights'!D:H,4,FALSE),0)+IFERROR(VLOOKUP(D:D,'3.4 Security of Supply'!D:H,4,FALSE),0)+IFERROR(VLOOKUP(D:D,'3.5 Whole Energy System Resilie'!D:H,4,FALSE),0)+IFERROR(VLOOKUP(D:D,'3.6 System Operations'!D:H,4,FALSE),0)+IFERROR(VLOOKUP(D:D,'3.7 Network Operability'!D:H,4,FALSE),0)+IFERROR(VLOOKUP(D:D,'3.8 Facilitating Sector'!D:H,4,FALSE),0)+IFERROR(VLOOKUP(D:D,'4.1 Role Delivery Support'!D:H,4,FALSE),0)+IFERROR(VLOOKUP(D:D,'4.2 Corporate Functions'!D:H,4,FALSE),0)+IFERROR(VLOOKUP(D:D,'4.3 Cyber & Physical Security'!D:H,4,FALSE),0)+IFERROR(VLOOKUP(D:D,'4.4 Digital & Technology Suppor'!D:H,4,FALSE),0)+IFERROR(VLOOKUP(D:D,'4.5 Transformation'!D:H,4,FALSE),0) -> 0 | H86: =IFERROR(VLOOKUP(D:D,'3.1 Energy Markets'!D:H,5,FALSE),0)+IFERROR(VLOOKUP(D:D,'3.2 Strategic Energy Planning'!D:H,5,FALSE),0)+IFERROR(VLOOKUP(D:D,'3.3 Energy Insights'!D:H,5,FALSE),0)+IFERROR(VLOOKUP(D:D,'3.4 Security of Supply'!D:H,5,FALSE),0)+IFERROR(VLOOKUP(D:D,'3.5 Whole Energy System Resilie'!D:H,5,FALSE),0)+IFERROR(VLOOKUP(D:D,'3.6 System Operations'!D:H,5,FALSE),0)+IFERROR(VLOOKUP(D:D,'3.7 Network Operability'!D:H,5,FALSE),0)+IFERROR(VLOOKUP(D:D,'3.8 Facilitating Sector'!D:H,5,FALSE),0)+IFERROR(VLOOKUP(D:D,'4.1 Role Delivery Support'!D:H,5,FALSE),0)+IFERROR(VLOOKUP(D:D,'4.2 Corporate Functions'!D:H,5,FALSE),0)+IFERROR(VLOOKUP(D:D,'4.3 Cyber & Physical Security'!D:H,5,FALSE),0)+IFERROR(VLOOKUP(D:D,'4.4 Digital & Technology Suppor'!D:H,5,FALSE),0)+IFERROR(VLOOKUP(D:D,'4.5 Transformation'!D:H,5,FALSE),0) -> 0
E87: £m (nominal) | F87: =IFERROR(VLOOKUP(D:D,'3.1 Energy Markets'!D:H,3,FALSE),0)+IFERROR(VLOOKUP(D:D,'3.2 Strategic Energy Planning'!D:H,3,FALSE),0)+IFERROR(VLOOKUP(D:D,'3.3 Energy Insights'!D:H,3,FALSE),0)+IFERROR(VLOOKUP(D:D,'3.4 Security of Supply'!D:H,3,FALSE),0)+IFERROR(VLOOKUP(D:D,'3.5 Whole Energy System Resilie'!D:H,3,FALSE),0)+IFERROR(VLOOKUP(D:D,'3.6 System Operations'!D:H,3,FALSE),0)+IFERROR(VLOOKUP(D:D,'3.7 Network Operability'!D:H,3,FALSE),0)+IFERROR(VLOOKUP(D:D,'3.8 Facilitating Sector'!D:H,3,FALSE),0)+IFERROR(VLOOKUP(D:D,'4.1 Role Delivery Support'!D:H,3,FALSE),0)+IFERROR(VLOOKUP(D:D,'4.2 Corporate Functions'!D:H,3,FALSE),0)+IFERROR(VLOOKUP(D:D,'4.3 Cyber & Physical Security'!D:H,3,FALSE),0)+IFERROR(VLOOKUP(D:D,'4.4 Digital & Technology Suppor'!D:H,3,FALSE),0)+IFERROR(VLOOKUP(D:D,'4.5 Transformation'!D:H,3,FALSE),0) -> 0 | G87: =IFERROR(VLOOKUP(D:D,'3.1 Energy Markets'!D:H,4,FALSE),0)+IFERROR(VLOOKUP(D:D,'3.2 Strategic Energy Planning'!D:H,4,FALSE),0)+IFERROR(VLOOKUP(D:D,'3.3 Energy Insights'!D:H,4,FALSE),0)+IFERROR(VLOOKUP(D:D,'3.4 Security of Supply'!D:H,4,FALSE),0)+IFERROR(VLOOKUP(D:D,'3.5 Whole Energy System Resilie'!D:H,4,FALSE),0)+IFERROR(VLOOKUP(D:D,'3.6 System Operations'!D:H,4,FALSE),0)+IFERROR(VLOOKUP(D:D,'3.7 Network Operability'!D:H,4,FALSE),0)+IFERROR(VLOOKUP(D:D,'3.8 Facilitating Sector'!D:H,4,FALSE),0)+IFERROR(VLOOKUP(D:D,'4.1 Role Delivery Support'!D:H,4,FALSE),0)+IFERROR(VLOOKUP(D:D,'4.2 Corporate Functions'!D:H,4,FALSE),0)+IFERROR(VLOOKUP(D:D,'4.3 Cyber & Physical Security'!D:H,4,FALSE),0)+IFERROR(VLOOKUP(D:D,'4.4 Digital & Technology Suppor'!D:H,4,FALSE),0)+IFERROR(VLOOKUP(D:D,'4.5 Transformation'!D:H,4,FALSE),0) -> 0 | H87: =IFERROR(VLOOKUP(D:D,'3.1 Energy Markets'!D:H,5,FALSE),0)+IFERROR(VLOOKUP(D:D,'3.2 Strategic Energy Planning'!D:H,5,FALSE),0)+IFERROR(VLOOKUP(D:D,'3.3 Energy Insights'!D:H,5,FALSE),0)+IFERROR(VLOOKUP(D:D,'3.4 Security of Supply'!D:H,5,FALSE),0)+IFERROR(VLOOKUP(D:D,'3.5 Whole Energy System Resilie'!D:H,5,FALSE),0)+IFERROR(VLOOKUP(D:D,'3.6 System Operations'!D:H,5,FALSE),0)+IFERROR(VLOOKUP(D:D,'3.7 Network Operability'!D:H,5,FALSE),0)+IFERROR(VLOOKUP(D:D,'3.8 Facilitating Sector'!D:H,5,FALSE),0)+IFERROR(VLOOKUP(D:D,'4.1 Role Delivery Support'!D:H,5,FALSE),0)+IFERROR(VLOOKUP(D:D,'4.2 Corporate Functions'!D:H,5,FALSE),0)+IFERROR(VLOOKUP(D:D,'4.3 Cyber & Physical Security'!D:H,5,FALSE),0)+IFERROR(VLOOKUP(D:D,'4.4 Digital & Technology Suppor'!D:H,5,FALSE),0)+IFERROR(VLOOKUP(D:D,'4.5 Transformation'!D:H,5,FALSE),0) -> 0
E88: £m (nominal) | F88: =IFERROR(VLOOKUP(D:D,'3.1 Energy Markets'!D:H,3,FALSE),0)+IFERROR(VLOOKUP(D:D,'3.2 Strategic Energy Planning'!D:H,3,FALSE),0)+IFERROR(VLOOKUP(D:D,'3.3 Energy Insights'!D:H,3,FALSE),0)+IFERROR(VLOOKUP(D:D,'3.4 Security of Supply'!D:H,3,FALSE),0)+IFERROR(VLOOKUP(D:D,'3.5 Whole Energy System Resilie'!D:H,3,FALSE),0)+IFERROR(VLOOKUP(D:D,'3.6 System Operations'!D:H,3,FALSE),0)+IFERROR(VLOOKUP(D:D,'3.7 Network Operability'!D:H,3,FALSE),0)+IFERROR(VLOOKUP(D:D,'3.8 Facilitating Sector'!D:H,3,FALSE),0)+IFERROR(VLOOKUP(D:D,'4.1 Role Delivery Support'!D:H,3,FALSE),0)+IFERROR(VLOOKUP(D:D,'4.2 Corporate Functions'!D:H,3,FALSE),0)+IFERROR(VLOOKUP(D:D,'4.3 Cyber & Physical Security'!D:H,3,FALSE),0)+IFERROR(VLOOKUP(D:D,'4.4 Digital & Technology Suppor'!D:H,3,FALSE),0)+IFERROR(VLOOKUP(D:D,'4.5 Transformation'!D:H,3,FALSE),0) -> 0 | G88: =IFERROR(VLOOKUP(D:D,'3.1 Energy Markets'!D:H,4,FALSE),0)+IFERROR(VLOOKUP(D:D,'3.2 Strategic Energy Planning'!D:H,4,FALSE),0)+IFERROR(VLOOKUP(D:D,'3.3 Energy Insights'!D:H,4,FALSE),0)+IFERROR(VLOOKUP(D:D,'3.4 Security of Supply'!D:H,4,FALSE),0)+IFERROR(VLOOKUP(D:D,'3.5 Whole Energy System Resilie'!D:H,4,FALSE),0)+IFERROR(VLOOKUP(D:D,'3.6 System Operations'!D:H,4,FALSE),0)+IFERROR(VLOOKUP(D:D,'3.7 Network Operability'!D:H,4,FALSE),0)+IFERROR(VLOOKUP(D:D,'3.8 Facilitating Sector'!D:H,4,FALSE),0)+IFERROR(VLOOKUP(D:D,'4.1 Role Delivery Support'!D:H,4,FALSE),0)+IFERROR(VLOOKUP(D:D,'4.2 Corporate Functions'!D:H,4,FALSE),0)+IFERROR(VLOOKUP(D:D,'4.3 Cyber & Physical Security'!D:H,4,FALSE),0)+IFERROR(VLOOKUP(D:D,'4.4 Digital & Technology Suppor'!D:H,4,FALSE),0)+IFERROR(VLOOKUP(D:D,'4.5 Transformation'!D:H,4,FALSE),0) -> 0 | H88: =IFERROR(VLOOKUP(D:D,'3.1 Energy Markets'!D:H,5,FALSE),0)+IFERROR(VLOOKUP(D:D,'3.2 Strategic Energy Planning'!D:H,5,FALSE),0)+IFERROR(VLOOKUP(D:D,'3.3 Energy Insights'!D:H,5,FALSE),0)+IFERROR(VLOOKUP(D:D,'3.4 Security of Supply'!D:H,5,FALSE),0)+IFERROR(VLOOKUP(D:D,'3.5 Whole Energy System Resilie'!D:H,5,FALSE),0)+IFERROR(VLOOKUP(D:D,'3.6 System Operations'!D:H,5,FALSE),0)+IFERROR(VLOOKUP(D:D,'3.7 Network Operability'!D:H,5,FALSE),0)+IFERROR(VLOOKUP(D:D,'3.8 Facilitating Sector'!D:H,5,FALSE),0)+IFERROR(VLOOKUP(D:D,'4.1 Role Delivery Support'!D:H,5,FALSE),0)+IFERROR(VLOOKUP(D:D,'4.2 Corporate Functions'!D:H,5,FALSE),0)+IFERROR(VLOOKUP(D:D,'4.3 Cyber & Physical Security'!D:H,5,FALSE),0)+IFERROR(VLOOKUP(D:D,'4.4 Digital & Technology Suppor'!D:H,5,FALSE),0)+IFERROR(VLOOKUP(D:D,'4.5 Transformation'!D:H,5,FALSE),0) -> 0
E89: £m (nominal) | F89: =IFERROR(VLOOKUP(D:D,'3.1 Energy Markets'!D:H,3,FALSE),0)+IFERROR(VLOOKUP(D:D,'3.2 Strategic Energy Planning'!D:H,3,FALSE),0)+IFERROR(VLOOKUP(D:D,'3.3 Energy Insights'!D:H,3,FALSE),0)+IFERROR(VLOOKUP(D:D,'3.4 Security of Supply'!D:H,3,FALSE),0)+IFERROR(VLOOKUP(D:D,'3.5 Whole Energy System Resilie'!D:H,3,FALSE),0)+IFERROR(VLOOKUP(D:D,'3.6 System Operations'!D:H,3,FALSE),0)+IFERROR(VLOOKUP(D:D,'3.7 Network Operability'!D:H,3,FALSE),0)+IFERROR(VLOOKUP(D:D,'3.8 Facilitating Sector'!D:H,3,FALSE),0)+IFERROR(VLOOKUP(D:D,'4.1 Role Delivery Support'!D:H,3,FALSE),0)+IFERROR(VLOOKUP(D:D,'4.2 Corporate Functions'!D:H,3,FALSE),0)+IFERROR(VLOOKUP(D:D,'4.3 Cyber & Physical Security'!D:H,3,FALSE),0)+IFERROR(VLOOKUP(D:D,'4.4 Digital & Technology Suppor'!D:H,3,FALSE),0)+IFERROR(VLOOKUP(D:D,'4.5 Transformation'!D:H,3,FALSE),0) -> 0 | G89: =IFERROR(VLOOKUP(D:D,'3.1 Energy Markets'!D:H,4,FALSE),0)+IFERROR(VLOOKUP(D:D,'3.2 Strategic Energy Planning'!D:H,4,FALSE),0)+IFERROR(VLOOKUP(D:D,'3.3 Energy Insights'!D:H,4,FALSE),0)+IFERROR(VLOOKUP(D:D,'3.4 Security of Supply'!D:H,4,FALSE),0)+IFERROR(VLOOKUP(D:D,'3.5 Whole Energy System Resilie'!D:H,4,FALSE),0)+IFERROR(VLOOKUP(D:D,'3.6 System Operations'!D:H,4,FALSE),0)+IFERROR(VLOOKUP(D:D,'3.7 Network Operability'!D:H,4,FALSE),0)+IFERROR(VLOOKUP(D:D,'3.8 Facilitating Sector'!D:H,4,FALSE),0)+IFERROR(VLOOKUP(D:D,'4.1 Role Delivery Support'!D:H,4,FALSE),0)+IFERROR(VLOOKUP(D:D,'4.2 Corporate Functions'!D:H,4,FALSE),0)+IFERROR(VLOOKUP(D:D,'4.3 Cyber & Physical Security'!D:H,4,FALSE),0)+IFERROR(VLOOKUP(D:D,'4.4 Digital & Technology Suppor'!D:H,4,FALSE),0)+IFERROR(VLOOKUP(D:D,'4.5 Transformation'!D:H,4,FALSE),0) -> 0 | H89: =IFERROR(VLOOKUP(D:D,'3.1 Energy Markets'!D:H,5,FALSE),0)+IFERROR(VLOOKUP(D:D,'3.2 Strategic Energy Planning'!D:H,5,FALSE),0)+IFERROR(VLOOKUP(D:D,'3.3 Energy Insights'!D:H,5,FALSE),0)+IFERROR(VLOOKUP(D:D,'3.4 Security of Supply'!D:H,5,FALSE),0)+IFERROR(VLOOKUP(D:D,'3.5 Whole Energy System Resilie'!D:H,5,FALSE),0)+IFERROR(VLOOKUP(D:D,'3.6 System Operations'!D:H,5,FALSE),0)+IFERROR(VLOOKUP(D:D,'3.7 Network Operability'!D:H,5,FALSE),0)+IFERROR(VLOOKUP(D:D,'3.8 Facilitating Sector'!D:H,5,FALSE),0)+IFERROR(VLOOKUP(D:D,'4.1 Role Delivery Support'!D:H,5,FALSE),0)+IFERROR(VLOOKUP(D:D,'4.2 Corporate Functions'!D:H,5,FALSE),0)+IFERROR(VLOOKUP(D:D,'4.3 Cyber & Physical Security'!D:H,5,FALSE),0)+IFERROR(VLOOKUP(D:D,'4.4 Digital & Technology Suppor'!D:H,5,FALSE),0)+IFERROR(VLOOKUP(D:D,'4.5 Transformation'!D:H,5,FALSE),0) -> 0
E90: £m (nominal) | F90: =IFERROR(VLOOKUP(D:D,'3.1 Energy Markets'!D:H,3,FALSE),0)+IFERROR(VLOOKUP(D:D,'3.2 Strategic Energy Planning'!D:H,3,FALSE),0)+IFERROR(VLOOKUP(D:D,'3.3 Energy Insights'!D:H,3,FALSE),0)+IFERROR(VLOOKUP(D:D,'3.4 Security of Supply'!D:H,3,FALSE),0)+IFERROR(VLOOKUP(D:D,'3.5 Whole Energy System Resilie'!D:H,3,FALSE),0)+IFERROR(VLOOKUP(D:D,'3.6 System Operations'!D:H,3,FALSE),0)+IFERROR(VLOOKUP(D:D,'3.7 Network Operability'!D:H,3,FALSE),0)+IFERROR(VLOOKUP(D:D,'3.8 Facilitating Sector'!D:H,3,FALSE),0)+IFERROR(VLOOKUP(D:D,'4.1 Role Delivery Support'!D:H,3,FALSE),0)+IFERROR(VLOOKUP(D:D,'4.2 Corporate Functions'!D:H,3,FALSE),0)+IFERROR(VLOOKUP(D:D,'4.3 Cyber & Physical Security'!D:H,3,FALSE),0)+IFERROR(VLOOKUP(D:D,'4.4 Digital & Technology Suppor'!D:H,3,FALSE),0)+IFERROR(VLOOKUP(D:D,'4.5 Transformation'!D:H,3,FALSE),0) -> 0 | G90: =IFERROR(VLOOKUP(D:D,'3.1 Energy Markets'!D:H,4,FALSE),0)+IFERROR(VLOOKUP(D:D,'3.2 Strategic Energy Planning'!D:H,4,FALSE),0)+IFERROR(VLOOKUP(D:D,'3.3 Energy Insights'!D:H,4,FALSE),0)+IFERROR(VLOOKUP(D:D,'3.4 Security of Supply'!D:H,4,FALSE),0)+IFERROR(VLOOKUP(D:D,'3.5 Whole Energy System Resilie'!D:H,4,FALSE),0)+IFERROR(VLOOKUP(D:D,'3.6 System Operations'!D:H,4,FALSE),0)+IFERROR(VLOOKUP(D:D,'3.7 Network Operability'!D:H,4,FALSE),0)+IFERROR(VLOOKUP(D:D,'3.8 Facilitating Sector'!D:H,4,FALSE),0)+IFERROR(VLOOKUP(D:D,'4.1 Role Delivery Support'!D:H,4,FALSE),0)+IFERROR(VLOOKUP(D:D,'4.2 Corporate Functions'!D:H,4,FALSE),0)+IFERROR(VLOOKUP(D:D,'4.3 Cyber & Physical Security'!D:H,4,FALSE),0)+IFERROR(VLOOKUP(D:D,'4.4 Digital & Technology Suppor'!D:H,4,FALSE),0)+IFERROR(VLOOKUP(D:D,'4.5 Transformation'!D:H,4,FALSE),0) -> 0 | H90: =IFERROR(VLOOKUP(D:D,'3.1 Energy Markets'!D:H,5,FALSE),0)+IFERROR(VLOOKUP(D:D,'3.2 Strategic Energy Planning'!D:H,5,FALSE),0)+IFERROR(VLOOKUP(D:D,'3.3 Energy Insights'!D:H,5,FALSE),0)+IFERROR(VLOOKUP(D:D,'3.4 Security of Supply'!D:H,5,FALSE),0)+IFERROR(VLOOKUP(D:D,'3.5 Whole Energy System Resilie'!D:H,5,FALSE),0)+IFERROR(VLOOKUP(D:D,'3.6 System Operations'!D:H,5,FALSE),0)+IFERROR(VLOOKUP(D:D,'3.7 Network Operability'!D:H,5,FALSE),0)+IFERROR(VLOOKUP(D:D,'3.8 Facilitating Sector'!D:H,5,FALSE),0)+IFERROR(VLOOKUP(D:D,'4.1 Role Delivery Support'!D:H,5,FALSE),0)+IFERROR(VLOOKUP(D:D,'4.2 Corporate Functions'!D:H,5,FALSE),0)+IFERROR(VLOOKUP(D:D,'4.3 Cyber & Physical Security'!D:H,5,FALSE),0)+IFERROR(VLOOKUP(D:D,'4.4 Digital & Technology Suppor'!D:H,5,FALSE),0)+IFERROR(VLOOKUP(D:D,'4.5 Transformation'!D:H,5,FALSE),0) -> 0
E91: £m (nominal) | F91: =IFERROR(VLOOKUP(D:D,'3.1 Energy Markets'!D:H,3,FALSE),0)+IFERROR(VLOOKUP(D:D,'3.2 Strategic Energy Planning'!D:H,3,FALSE),0)+IFERROR(VLOOKUP(D:D,'3.3 Energy Insights'!D:H,3,FALSE),0)+IFERROR(VLOOKUP(D:D,'3.4 Security of Supply'!D:H,3,FALSE),0)+IFERROR(VLOOKUP(D:D,'3.5 Whole Energy System Resilie'!D:H,3,FALSE),0)+IFERROR(VLOOKUP(D:D,'3.6 System Operations'!D:H,3,FALSE),0)+IFERROR(VLOOKUP(D:D,'3.7 Network Operability'!D:H,3,FALSE),0)+IFERROR(VLOOKUP(D:D,'3.8 Facilitating Sector'!D:H,3,FALSE),0)+IFERROR(VLOOKUP(D:D,'4.1 Role Delivery Support'!D:H,3,FALSE),0)+IFERROR(VLOOKUP(D:D,'4.2 Corporate Functions'!D:H,3,FALSE),0)+IFERROR(VLOOKUP(D:D,'4.3 Cyber & Physical Security'!D:H,3,FALSE),0)+IFERROR(VLOOKUP(D:D,'4.4 Digital & Technology Suppor'!D:H,3,FALSE),0)+IFERROR(VLOOKUP(D:D,'4.5 Transformation'!D:H,3,FALSE),0) -> 0 | G91: =IFERROR(VLOOKUP(D:D,'3.1 Energy Markets'!D:H,4,FALSE),0)+IFERROR(VLOOKUP(D:D,'3.2 Strategic Energy Planning'!D:H,4,FALSE),0)+IFERROR(VLOOKUP(D:D,'3.3 Energy Insights'!D:H,4,FALSE),0)+IFERROR(VLOOKUP(D:D,'3.4 Security of Supply'!D:H,4,FALSE),0)+IFERROR(VLOOKUP(D:D,'3.5 Whole Energy System Resilie'!D:H,4,FALSE),0)+IFERROR(VLOOKUP(D:D,'3.6 System Operations'!D:H,4,FALSE),0)+IFERROR(VLOOKUP(D:D,'3.7 Network Operability'!D:H,4,FALSE),0)+IFERROR(VLOOKUP(D:D,'3.8 Facilitating Sector'!D:H,4,FALSE),0)+IFERROR(VLOOKUP(D:D,'4.1 Role Delivery Support'!D:H,4,FALSE),0)+IFERROR(VLOOKUP(D:D,'4.2 Corporate Functions'!D:H,4,FALSE),0)+IFERROR(VLOOKUP(D:D,'4.3 Cyber & Physical Security'!D:H,4,FALSE),0)+IFERROR(VLOOKUP(D:D,'4.4 Digital & Technology Suppor'!D:H,4,FALSE),0)+IFERROR(VLOOKUP(D:D,'4.5 Transformation'!D:H,4,FALSE),0) -> 0 | H91: =IFERROR(VLOOKUP(D:D,'3.1 Energy Markets'!D:H,5,FALSE),0)+IFERROR(VLOOKUP(D:D,'3.2 Strategic Energy Planning'!D:H,5,FALSE),0)+IFERROR(VLOOKUP(D:D,'3.3 Energy Insights'!D:H,5,FALSE),0)+IFERROR(VLOOKUP(D:D,'3.4 Security of Supply'!D:H,5,FALSE),0)+IFERROR(VLOOKUP(D:D,'3.5 Whole Energy System Resilie'!D:H,5,FALSE),0)+IFERROR(VLOOKUP(D:D,'3.6 System Operations'!D:H,5,FALSE),0)+IFERROR(VLOOKUP(D:D,'3.7 Network Operability'!D:H,5,FALSE),0)+IFERROR(VLOOKUP(D:D,'3.8 Facilitating Sector'!D:H,5,FALSE),0)+IFERROR(VLOOKUP(D:D,'4.1 Role Delivery Support'!D:H,5,FALSE),0)+IFERROR(VLOOKUP(D:D,'4.2 Corporate Functions'!D:H,5,FALSE),0)+IFERROR(VLOOKUP(D:D,'4.3 Cyber & Physical Security'!D:H,5,FALSE),0)+IFERROR(VLOOKUP(D:D,'4.4 Digital & Technology Suppor'!D:H,5,FALSE),0)+IFERROR(VLOOKUP(D:D,'4.5 Transformation'!D:H,5,FALSE),0) -> 0
E92: £m (nominal) | F92: =IFERROR(VLOOKUP(D:D,'3.1 Energy Markets'!D:H,3,FALSE),0)+IFERROR(VLOOKUP(D:D,'3.2 Strategic Energy Planning'!D:H,3,FALSE),0)+IFERROR(VLOOKUP(D:D,'3.3 Energy Insights'!D:H,3,FALSE),0)+IFERROR(VLOOKUP(D:D,'3.4 Security of Supply'!D:H,3,FALSE),0)+IFERROR(VLOOKUP(D:D,'3.5 Whole Energy System Resilie'!D:H,3,FALSE),0)+IFERROR(VLOOKUP(D:D,'3.6 System Operations'!D:H,3,FALSE),0)+IFERROR(VLOOKUP(D:D,'3.7 Network Operability'!D:H,3,FALSE),0)+IFERROR(VLOOKUP(D:D,'3.8 Facilitating Sector'!D:H,3,FALSE),0)+IFERROR(VLOOKUP(D:D,'4.1 Role Delivery Support'!D:H,3,FALSE),0)+IFERROR(VLOOKUP(D:D,'4.2 Corporate Functions'!D:H,3,FALSE),0)+IFERROR(VLOOKUP(D:D,'4.3 Cyber & Physical Security'!D:H,3,FALSE),0)+IFERROR(VLOOKUP(D:D,'4.4 Digital & Technology Suppor'!D:H,3,FALSE),0)+IFERROR(VLOOKUP(D:D,'4.5 Transformation'!D:H,3,FALSE),0) -> 0 | G92: =IFERROR(VLOOKUP(D:D,'3.1 Energy Markets'!D:H,4,FALSE),0)+IFERROR(VLOOKUP(D:D,'3.2 Strategic Energy Planning'!D:H,4,FALSE),0)+IFERROR(VLOOKUP(D:D,'3.3 Energy Insights'!D:H,4,FALSE),0)+IFERROR(VLOOKUP(D:D,'3.4 Security of Supply'!D:H,4,FALSE),0)+IFERROR(VLOOKUP(D:D,'3.5 Whole Energy System Resilie'!D:H,4,FALSE),0)+IFERROR(VLOOKUP(D:D,'3.6 System Operations'!D:H,4,FALSE),0)+IFERROR(VLOOKUP(D:D,'3.7 Network Operability'!D:H,4,FALSE),0)+IFERROR(VLOOKUP(D:D,'3.8 Facilitating Sector'!D:H,4,FALSE),0)+IFERROR(VLOOKUP(D:D,'4.1 Role Delivery Support'!D:H,4,FALSE),0)+IFERROR(VLOOKUP(D:D,'4.2 Corporate Functions'!D:H,4,FALSE),0)+IFERROR(VLOOKUP(D:D,'4.3 Cyber & Physical Security'!D:H,4,FALSE),0)+IFERROR(VLOOKUP(D:D,'4.4 Digital & Technology Suppor'!D:H,4,FALSE),0)+IFERROR(VLOOKUP(D:D,'4.5 Transformation'!D:H,4,FALSE),0) -> 0 | H92: =IFERROR(VLOOKUP(D:D,'3.1 Energy Markets'!D:H,5,FALSE),0)+IFERROR(VLOOKUP(D:D,'3.2 Strategic Energy Planning'!D:H,5,FALSE),0)+IFERROR(VLOOKUP(D:D,'3.3 Energy Insights'!D:H,5,FALSE),0)+IFERROR(VLOOKUP(D:D,'3.4 Security of Supply'!D:H,5,FALSE),0)+IFERROR(VLOOKUP(D:D,'3.5 Whole Energy System Resilie'!D:H,5,FALSE),0)+IFERROR(VLOOKUP(D:D,'3.6 System Operations'!D:H,5,FALSE),0)+IFERROR(VLOOKUP(D:D,'3.7 Network Operability'!D:H,5,FALSE),0)+IFERROR(VLOOKUP(D:D,'3.8 Facilitating Sector'!D:H,5,FALSE),0)+IFERROR(VLOOKUP(D:D,'4.1 Role Delivery Support'!D:H,5,FALSE),0)+IFERROR(VLOOKUP(D:D,'4.2 Corporate Functions'!D:H,5,FALSE),0)+IFERROR(VLOOKUP(D:D,'4.3 Cyber & Physical Security'!D:H,5,FALSE),0)+IFERROR(VLOOKUP(D:D,'4.4 Digital & Technology Suppor'!D:H,5,FALSE),0)+IFERROR(VLOOKUP(D:D,'4.5 Transformation'!D:H,5,FALSE),0) -> 0
E93: £m (nominal) | F93: =IFERROR(VLOOKUP(D:D,'3.1 Energy Markets'!D:H,3,FALSE),0)+IFERROR(VLOOKUP(D:D,'3.2 Strategic Energy Planning'!D:H,3,FALSE),0)+IFERROR(VLOOKUP(D:D,'3.3 Energy Insights'!D:H,3,FALSE),0)+IFERROR(VLOOKUP(D:D,'3.4 Security of Supply'!D:H,3,FALSE),0)+IFERROR(VLOOKUP(D:D,'3.5 Whole Energy System Resilie'!D:H,3,FALSE),0)+IFERROR(VLOOKUP(D:D,'3.6 System Operations'!D:H,3,FALSE),0)+IFERROR(VLOOKUP(D:D,'3.7 Network Operability'!D:H,3,FALSE),0)+IFERROR(VLOOKUP(D:D,'3.8 Facilitating Sector'!D:H,3,FALSE),0)+IFERROR(VLOOKUP(D:D,'4.1 Role Delivery Support'!D:H,3,FALSE),0)+IFERROR(VLOOKUP(D:D,'4.2 Corporate Functions'!D:H,3,FALSE),0)+IFERROR(VLOOKUP(D:D,'4.3 Cyber & Physical Security'!D:H,3,FALSE),0)+IFERROR(VLOOKUP(D:D,'4.4 Digital & Technology Suppor'!D:H,3,FALSE),0)+IFERROR(VLOOKUP(D:D,'4.5 Transformation'!D:H,3,FALSE),0) -> 0 | G93: =IFERROR(VLOOKUP(D:D,'3.1 Energy Markets'!D:H,4,FALSE),0)+IFERROR(VLOOKUP(D:D,'3.2 Strategic Energy Planning'!D:H,4,FALSE),0)+IFERROR(VLOOKUP(D:D,'3.3 Energy Insights'!D:H,4,FALSE),0)+IFERROR(VLOOKUP(D:D,'3.4 Security of Supply'!D:H,4,FALSE),0)+IFERROR(VLOOKUP(D:D,'3.5 Whole Energy System Resilie'!D:H,4,FALSE),0)+IFERROR(VLOOKUP(D:D,'3.6 System Operations'!D:H,4,FALSE),0)+IFERROR(VLOOKUP(D:D,'3.7 Network Operability'!D:H,4,FALSE),0)+IFERROR(VLOOKUP(D:D,'3.8 Facilitating Sector'!D:H,4,FALSE),0)+IFERROR(VLOOKUP(D:D,'4.1 Role Delivery Support'!D:H,4,FALSE),0)+IFERROR(VLOOKUP(D:D,'4.2 Corporate Functions'!D:H,4,FALSE),0)+IFERROR(VLOOKUP(D:D,'4.3 Cyber & Physical Security'!D:H,4,FALSE),0)+IFERROR(VLOOKUP(D:D,'4.4 Digital & Technology Suppor'!D:H,4,FALSE),0)+IFERROR(VLOOKUP(D:D,'4.5 Transformation'!D:H,4,FALSE),0) -> 0 | H93: =IFERROR(VLOOKUP(D:D,'3.1 Energy Markets'!D:H,5,FALSE),0)+IFERROR(VLOOKUP(D:D,'3.2 Strategic Energy Planning'!D:H,5,FALSE),0)+IFERROR(VLOOKUP(D:D,'3.3 Energy Insights'!D:H,5,FALSE),0)+IFERROR(VLOOKUP(D:D,'3.4 Security of Supply'!D:H,5,FALSE),0)+IFERROR(VLOOKUP(D:D,'3.5 Whole Energy System Resilie'!D:H,5,FALSE),0)+IFERROR(VLOOKUP(D:D,'3.6 System Operations'!D:H,5,FALSE),0)+IFERROR(VLOOKUP(D:D,'3.7 Network Operability'!D:H,5,FALSE),0)+IFERROR(VLOOKUP(D:D,'3.8 Facilitating Sector'!D:H,5,FALSE),0)+IFERROR(VLOOKUP(D:D,'4.1 Role Delivery Support'!D:H,5,FALSE),0)+IFERROR(VLOOKUP(D:D,'4.2 Corporate Functions'!D:H,5,FALSE),0)+IFERROR(VLOOKUP(D:D,'4.3 Cyber & Physical Security'!D:H,5,FALSE),0)+IFERROR(VLOOKUP(D:D,'4.4 Digital & Technology Suppor'!D:H,5,FALSE),0)+IFERROR(VLOOKUP(D:D,'4.5 Transformation'!D:H,5,FALSE),0) -> 0
... E101: £m (nominal) | F101: =IFERROR(VLOOKUP(D:D,'3.1 Energy Markets'!D:H,3,FALSE),0)+IFERROR(VLOOKUP(D:D,'3.2 Strategic Energy Planning'!D:H,3,FALSE),0)+IFERROR(VLOOKUP(D:D,'3.3 Energy Insights'!D:H,3,FALSE),0)+IFERROR(VLOOKUP(D:D,'3.4 Security of Supply'!D:H,3,FALSE),0)+IFERROR(VLOOKUP(D:D,'3.5 Whole Energy System Resilie'!D:H,3,FALSE),0)+IFERROR(VLOOKUP(D:D,'3.6 System Operations'!D:H,3,FALSE),0)+IFERROR(VLOOKUP(D:D,'3.7 Network Operability'!D:H,3,FALSE),0)+IFERROR(VLOOKUP(D:D,'3.8 Facilitating Sector'!D:H,3,FALSE),0)+IFERROR(VLOOKUP(D:D,'4.1 Role Delivery Support'!D:H,3,FALSE),0)+IFERROR(VLOOKUP(D:D,'4.2 Corporate Functions'!D:H,3,FALSE),0)+IFERROR(VLOOKUP(D:D,'4.3 Cyber & Physical Security'!D:H,3,FALSE),0)+IFERROR(VLOOKUP(D:D,'4.4 Digital & Technology Suppor'!D:H,3,FALSE),0)+IFERROR(VLOOKUP(D:D,'4.5 Transformation'!D:H,3,FALSE),0) -> 0 | G101: =IFERROR(VLOOKUP(D:D,'3.1 Energy Markets'!D:H,4,FALSE),0)+IFERROR(VLOOKUP(D:D,'3.2 Strategic Energy Planning'!D:H,4,FALSE),0)+IFERROR(VLOOKUP(D:D,'3.3 Energy Insights'!D:H,4,FALSE),0)+IFERROR(VLOOKUP(D:D,'3.4 Security of Supply'!D:H,4,FALSE),0)+IFERROR(VLOOKUP(D:D,'3.5 Whole Energy System Resilie'!D:H,4,FALSE),0)+IFERROR(VLOOKUP(D:D,'3.6 System Operations'!D:H,4,FALSE),0)+IFERROR(VLOOKUP(D:D,'3.7 Network Operability'!D:H,4,FALSE),0)+IFERROR(VLOOKUP(D:D,'3.8 Facilitating Sector'!D:H,4,FALSE),0)+IFERROR(VLOOKUP(D:D,'4.1 Role Delivery Support'!D:H,4,FALSE),0)+IFERROR(VLOOKUP(D:D,'4.2 Corporate Functions'!D:H,4,FALSE),0)+IFERROR(VLOOKUP(D:D,'4.3 Cyber & Physical Security'!D:H,4,FALSE),0)+IFERROR(VLOOKUP(D:D,'4.4 Digital & Technology Suppor'!D:H,4,FALSE),0)+IFERROR(VLOOKUP(D:D,'4.5 Transformation'!D:H,4,FALSE),0) -> 0 | H101: =IFERROR(VLOOKUP(D:D,'3.1 Energy Markets'!D:H,5,FALSE),0)+IFERROR(VLOOKUP(D:D,'3.2 Strategic Energy Planning'!D:H,5,FALSE),0)+IFERROR(VLOOKUP(D:D,'3.3 Energy Insights'!D:H,5,FALSE),0)+IFERROR(VLOOKUP(D:D,'3.4 Security of Supply'!D:H,5,FALSE),0)+IFERROR(VLOOKUP(D:D,'3.5 Whole Energy System Resilie'!D:H,5,FALSE),0)+IFERROR(VLOOKUP(D:D,'3.6 System Operations'!D:H,5,FALSE),0)+IFERROR(VLOOKUP(D:D,'3.7 Network Operability'!D:H,5,FALSE),0)+IFERROR(VLOOKUP(D:D,'3.8 Facilitating Sector'!D:H,5,FALSE),0)+IFERROR(VLOOKUP(D:D,'4.1 Role Delivery Support'!D:H,5,FALSE),0)+IFERROR(VLOOKUP(D:D,'4.2 Corporate Functions'!D:H,5,FALSE),0)+IFERROR(VLOOKUP(D:D,'4.3 Cyber & Physical Security'!D:H,5,FALSE),0)+IFERROR(VLOOKUP(D:D,'4.4 Digital & Technology Suppor'!D:H,5,FALSE),0)+IFERROR(VLOOKUP(D:D,'4.5 Transformation'!D:H,5,FALSE),0) -> 0
D102: NESO Investments Costs Total | E102: £m (nominal) | F102: =SUM(F35:F101) -> 240.82037 | G102: =SUM(G35:G101) -> 251.40414 | H102: =SUM(H35:H101) -> 235.57706

Sheet 3.1 Energy Markets
A1: =Cover!$C$6 -> NESO Cost Reporting Tables
A2: =Cover!$E$12 -> National Energy System Operator
A3: =Cover!$E$16 -> 2026/27
A4: =Contents!D16 -> 3.1 Energy Markets
F6: BP3 | G6: NESO 1
F7: 2025/26 | G7: 2026/27 | H7: 2027/28
B9: NESO Energy Markets
B11: Operational Costs
D13: Code Administration​ & Market Frameworks | E13: £m (nominal) | F13: ='[1]3.1 Energy Markets'!F13 -> 4.7937148 | G13: =SUMIF('[2]RtB & FTE'!$D:$D,$D13,'[2]RtB & FTE'!$E:$E)/10^6 -> 5.7551907 | H13: =SUMIF('[2]RtB & FTE'!$D:$D,$D13,'[2]RtB & FTE'!$G:$G)/10^6 -> 6.6175846
D14: Electricity Market Reform (EMR) Delivery Body​ | E14: £m (nominal) | F14: ='[1]3.1 Energy Markets'!F14 -> 4.013795 | G14: =SUMIF('[2]RtB & FTE'!$D:$D,$D14,'[2]RtB & FTE'!$E:$E)/10^6 -> 4.7683599 | H14: =SUMIF('[2]RtB & FTE'!$D:$D,$D14,'[2]RtB & FTE'!$G:$G)/10^6 -> 4.7190615
D15: Long Term Market Design | E15: £m (nominal) | F15: ='[1]3.1 Energy Markets'!F15 -> 4.1938501 | G15: =SUMIF('[2]RtB & FTE'!$D:$D,$D15,'[2]RtB & FTE'!$E:$E)/10^6 -> 6.8192065 | H15: =SUMIF('[2]RtB & FTE'!$D:$D,$D15,'[2]RtB & FTE'!$G:$G)/10^6 -> 5.6384267
D16: Market Development & Operations for Electricity System Balancing​ | E16: £m (nominal) | F16: ='[1]3.1 Energy Markets'!F16 -> 7.029637 | G16: =SUMIF('[2]RtB & FTE'!$D:$D,$D16,'[2]RtB & FTE'!$E:$E)/10^6 -> 8.7134814 | H16: =SUMIF('[2]RtB & FTE'!$D:$D,$D16,'[2]RtB & FTE'!$G:$G)/10^6 -> 9.1040637
D17: Market Monitoring | E17: £m (nominal) | F17: ='[1]3.1 Energy Markets'!F17 -> 0.89285586 | G17: =SUMIF('[2]RtB & FTE'!$D:$D,$D17,'[2]RtB & FTE'!$E:$E)/10^6 -> 0.86494629 | H17: =SUMIF('[2]RtB & FTE'!$D:$D,$D17,'[2]RtB & FTE'!$G:$G)/10^6 -> 0.99609215
D18: Central Costs - Energy Markets | E18: £m (nominal) | F18: ='[1]3.1 Energy Markets'!F18 -> 0.76898264 | G18: =SUMIF('[2]RtB & FTE'!$D:$D,$D18,'[2]RtB & FTE'!$E:$E)/10^6 -> 2.4232191 | H18: =SUMIF('[2]RtB & FTE'!$D:$D,$D18,'[2]RtB & FTE'!$G:$G)/10^6 -> -0.57723457
D19: Energy Markets Operational Costs Total | E19: £m (nominal) | F19: =SUM(F13:F18) -> 21.692836 | G19: =SUM(G13:G18) -> 29.344404 | H19: =SUM(H13:H18) -> 26.497994
B21: FTE
D23: Code Administration​ & Market Frameworks | E23: # FTE | F23: ='[1]3.1 Energy Markets'!F23 -> 53.181 | G23: =SUMIF('[2]RtB & FTE'!$D:$D,$D23,'[2]RtB & FTE'!$F:$F) -> 63.20844 | H23: =SUMIF('[2]RtB & FTE'!$D:$D,$D23,'[2]RtB & FTE'!$H:$H) -> 61.20844
D24: Electricity Market Reform (EMR) Delivery Body​ | E24: # FTE | F24: ='[1]3.1 Energy Markets'!F24 -> 45.0162 | G24: =SUMIF('[2]RtB & FTE'!$D:$D,$D24,'[2]RtB & FTE'!$F:$F) -> 49.23284 | H24: =SUMIF('[2]RtB & FTE'!$D:$D,$D24,'[2]RtB & FTE'!$H:$H) -> 49.23284
D25: Long Term Market Design | E25: # FTE | F25: ='[1]3.1 Energy Markets'!F25 -> 46.4621 | G25: =SUMIF('[2]RtB & FTE'!$D:$D,$D25,'[2]RtB & FTE'!$F:$F) -> 50.38954 | H25: =SUMIF('[2]RtB & FTE'!$D:$D,$D25,'[2]RtB & FTE'!$H:$H) -> 50.38954
D26: Market Development & Operations for Electricity System Balancing​ | E26: # FTE | F26: ='[1]3.1 Energy Markets'!F26 -> 82.8244 | G26: =SUMIF('[2]RtB & FTE'!$D:$D,$D26,'[2]RtB & FTE'!$F:$F) -> 84.87928 | H26: =SUMIF('[2]RtB & FTE'!$D:$D,$D26,'[2]RtB & FTE'!$H:$H) -> 84.87928
D27: Market Monitoring | E27: # FTE | F27: ='[1]3.1 Energy Markets'!F27 -> 9 | G27: =SUMIF('[2]RtB & FTE'!$D:$D,$D27,'[2]RtB & FTE'!$F:$F) -> 10 | H27: =SUMIF('[2]RtB & FTE'!$D:$D,$D27,'[2]RtB & FTE'!$H:$H) -> 9
D28: Central Costs - Energy Markets | E28: # FTE | F28: ='[1]3.1 Energy Markets'!F28 -> 5 | G28: =SUMIF('[2]RtB & FTE'!$D:$D,$D28,'[2]RtB & FTE'!$F:$F) -> 5 | H28: =SUMIF('[2]RtB & FTE'!$D:$D,$D28,'[2]RtB & FTE'!$H:$H) -> 5
D29: Energy Markets FTE Total | E29: # FTE | F29: =SUM(F23:F28) -> 241.4837 | G29: =SUM(G23:G28) -> 262.7101 | H29: =SUM(H23:H28) -> 259.7101
B31: Investment Costs
C33: Investment ID | D33: Investment Name
C34: NESO1-310 | D34: Reformed National Pricing | E34: £m (nominal) | F34: ='[1]3.1 Energy Markets'!$F34 -> 0 | G34: =VLOOKUP($C34,[2]Investments!$A:$E,4,FALSE)/10^6 -> 0.23450582 | H34: =VLOOKUP($C34,[2]Investments!$A:$E,5,FALSE)/10^6 -> 0
C35: NESO1-320 | D35: Capacity Market (CM) and Contracts for Difference (CfD) Regimes | E35: £m (nominal) | F35: ='[1]3.1 Energy Markets'!$F35 -> 7.4078545 | G35: =VLOOKUP($C35,[2]Investments!$A:$E,4,FALSE)/10^6 -> 0.01965432 | H35: =VLOOKUP($C35,[2]Investments!$A:$E,5,FALSE)/10^6 -> 0
C36: NESO1-330 | D36: Regulations | E36: £m (nominal) | F36: ='[1]3.1 Energy Markets'!$F36 -> 3.8832982 | G36: =VLOOKUP($C36,[2]Investments!$A:$E,4,FALSE)/10^6 -> 3.2731123 | H36: =VLOOKUP($C36,[2]Investments!$A:$E,5,FALSE)/10^6 -> 0
C37: NESO1-340 | D37: Market Access & Procurement | E37: £m (nominal) | F37: ='[1]3.1 Energy Markets'!$F37 -> 14.899956 | G37: =VLOOKUP($C37,[2]Investments!$A:$E,4,FALSE)/10^6 -> 9.7374904 | H37: =VLOOKUP($C37,[2]Investments!$A:$E,5,FALSE)/10^6 -> 12.435
C38: NESO1-350 | D38: Flexibility Enablement | E38: £m (nominal) | F38: ='[1]3.1 Energy Markets'!$F38 -> 0.15327063 | G38: =VLOOKUP($C38,[2]Investments!$A:$E,4,FALSE)/10^6 -> 0.68050245 | H38: =VLOOKUP($C38,[2]Investments!$A:$E,5,FALSE)/10^6 -> 1.9
D39: Energy Markets Investment Costs Total | E39: £m (nominal) | F39: =SUM(F34:F38) -> 26.344379 | G39: =SUM(G34:G38) -> 13.945265 | H39: =SUM(H34:H38) -> 14.335
B41: Total Costs & FTE
D43: Operational Costs | E43: £m (nominal) | F43: =F19 -> 21.692836 | G43: =G19 -> 29.344404 | H43: =H19 -> 26.497994
D44: Investment Costs | E44: £m (nominal) | F44: =F39 -> 26.344379 | G44: =G39 -> 13.945265 | H44: =H39 -> 14.335
D45: Total Costs | E45: £m (nominal) | F45: =SUM(F43:F44) -> 48.037215 | G45: =SUM(G43:G44) -> 43.289669 | H45: =SUM(H43:H44) -> 40.832994
D47: FTE | E47: # FTE | F47: =F29 -> 241.4837 | G47: =G29 -> 262.7101 | H47: =H29 -> 259.7101
D48: Total FTE | E48: # FTE | F48: =SUM(F47) -> 241.4837 | G48: =SUM(G47) -> 262.7101 | H48: =SUM(H47) -> 259.7101

Sheet 3.2 Strategic Energy Planning
A1: =Cover!$C$6 -> NESO Cost Reporting Tables
A2: =Cover!$E$12 -> National Energy System Operator
A3: =Cover!$E$16 -> 2026/27
A4: =Contents!D17 -> 3.2 Strategic Energy Planning
F6: BP3 | G6: NESO 1
F7: 2025/26 | G7: 2026/27 | H7: 2027/28
B9: NESO Strategic Energy Planning
B11: Operational Costs
D13: Centralised Strategic Network Planning​ | E13: £m (nominal) | F13: ='[1]3.2 Strategic Energy Planning'!F13 -> 9.749796 | G13: =SUMIF('[2]RtB & FTE'!$D:$D,$D13,'[2]RtB & FTE'!$E:$E)/10^6 -> 9.8574923 | H13: =SUMIF('[2]RtB & FTE'!$D:$D,$D13,'[2]RtB & FTE'!$G:$G)/10^6 -> 10.439282
D14: Gas Network Development​ | E14: £m (nominal) | F14: ='[1]3.2 Strategic Energy Planning'!F14 -> 2.2422534 | G14: =SUMIF('[2]RtB & FTE'!$D:$D,$D14,'[2]RtB & FTE'!$E:$E)/10^6 -> 1.9168621 | H14: =SUMIF('[2]RtB & FTE'!$D:$D,$D14,'[2]RtB & FTE'!$G:$G)/10^6 -> 2.1180573
D15: Network Competition | E15: £m (nominal) | F15: ='[1]3.2 Strategic Energy Planning'!F15 -> 1.7133598 | G15: =SUMIF('[2]RtB & FTE'!$D:$D,$D15,'[2]RtB & FTE'!$E:$E)/10^6 -> 1.8874418 | H15: =SUMIF('[2]RtB & FTE'!$D:$D,$D15,'[2]RtB & FTE'!$G:$G)/10^6 -> 2.4180305
D16: Regional Energy Strategic Planning (RESP)​ | E16: £m (nominal) | F16: ='[1]3.2 Strategic Energy Planning'!F16 -> 16.260364 | G16: =SUMIF('[2]RtB & FTE'!$D:$D,$D16,'[2]RtB & FTE'!$E:$E)/10^6 -> 22.5578 | H16: =SUMIF('[2]RtB & FTE'!$D:$D,$D16,'[2]RtB & FTE'!$G:$G)/10^6 -> 23.243007
D17: Strategic Spatial Energy Planning (SSEP) | E17: £m (nominal) | F17: ='[1]3.2 Strategic Energy Planning'!F17 -> 7.8819604 | G17: =SUMIF('[2]RtB & FTE'!$D:$D,$D17,'[2]RtB & FTE'!$E:$E)/10^6 -> 7.0645285 | H17: =SUMIF('[2]RtB & FTE'!$D:$D,$D17,'[2]RtB & FTE'!$G:$G)/10^6 -> 7.3046685
D18: Zero Carbon Operation Strategy | E18: £m (nominal) | F18: ='[1]3.2 Strategic Energy Planning'!F18 -> 4.3104775 | G18: =SUMIF('[2]RtB & FTE'!$D:$D,$D18,'[2]RtB & FTE'!$E:$E)/10^6 -> 4.4761679 | H18: =SUMIF('[2]RtB & FTE'!$D:$D,$D18,'[2]RtB & FTE'!$G:$G)/10^6 -> 4.640847
D19: Hydrogen Planner | E19: £m (nominal) | F19: ='[1]3.2 Strategic Energy Planning'!F19 -> 0 | G19: =SUMIF('[2]RtB & FTE'!$D:$D,$D19,'[2]RtB & FTE'!$E:$E)/10^6 -> 0.30697979 | H19: =SUMIF('[2]RtB & FTE'!$D:$D,$D19,'[2]RtB & FTE'!$G:$G)/10^6 -> 1.2370623
D20: Central Costs - Strategic Energy Planning | E20: £m (nominal) | F20: ='[1]3.2 Strategic Energy Planning'!F20 -> 7.6022755 | G20: =SUMIF('[2]RtB & FTE'!$D:$D,$D20,'[2]RtB & FTE'!$E:$E)/10^6 -> 8.8397655 | H20: =SUMIF('[2]RtB & FTE'!$D:$D,$D20,'[2]RtB & FTE'!$G:$G)/10^6 -> 11.978218
D21: Strategic Energy Planning Operational Costs Total | E21: £m (nominal) | F21: =SUM(F13:F20) -> 49.760487 | G21: =SUM(G13:G20) -> 56.907038 | H21: =SUM(H13:H20) -> 63.379173
B23: FTE
D25: Centralised Strategic Network Planning​ | E25: # FTE | F25: ='[1]3.2 Strategic Energy Planning'!F25 -> 85.1486 | G25: =SUMIF('[2]RtB & FTE'!$D:$D,$D25,'[2]RtB & FTE'!$F:$F) -> 88.044847 | H25: =SUMIF('[2]RtB & FTE'!$D:$D,$D25,'[2]RtB & FTE'!$H:$H) -> 89.044847
D26: Gas Network Development​ | E26: # FTE | F26: ='[1]3.2 Strategic Energy Planning'!F26 -> 25 | G26: =SUMIF('[2]RtB & FTE'!$D:$D,$D26,'[2]RtB & FTE'!$F:$F) -> 20.544714 | H26: =SUMIF('[2]RtB & FTE'!$D:$D,$D26,'[2]RtB & FTE'!$H:$H) -> 23.544714
D27: Network Competition | E27: # FTE | F27: ='[1]3.2 Strategic Energy Planning'!F27 -> 8 | G27: =SUMIF('[2]RtB & FTE'!$D:$D,$D27,'[2]RtB & FTE'!$F:$F) -> 9 | H27: =SUMIF('[2]RtB & FTE'!$D:$D,$D27,'[2]RtB & FTE'!$H:$H) -> 10
D28: Regional Energy Strategic Planning (RESP)​ | E28: # FTE | F28: ='[1]3.2 Strategic Energy Planning'!F28 -> 130.725 | G28: =SUMIF('[2]RtB & FTE'!$D:$D,$D28,'[2]RtB & FTE'!$F:$F) -> 169.21396 | H28: =SUMIF('[2]RtB & FTE'!$D:$D,$D28,'[2]RtB & FTE'!$H:$H) -> 169.21396
D29: Strategic Spatial Energy Planning (SSEP) | E29: # FTE | F29: ='[1]3.2 Strategic Energy Planning'!F29 -> 48.5594 | G29: =SUMIF('[2]RtB & FTE'!$D:$D,$D29,'[2]RtB & FTE'!$F:$F) -> 38.317225 | H29: =SUMIF('[2]RtB & FTE'!$D:$D,$D29,'[2]RtB & FTE'!$H:$H) -> 39.317225
D30: Zero Carbon Operation Strategy | E30: # FTE | F30: ='[1]3.2 Strategic Energy Planning'!F30 -> 32 | G30: =SUMIF('[2]RtB & FTE'!$D:$D,$D30,'[2]RtB & FTE'!$F:$F) -> 34.032111 | H30: =SUMIF('[2]RtB & FTE'!$D:$D,$D30,'[2]RtB & FTE'!$H:$H) -> 35.032111
D31: Hydrogen Planner | E31: # FTE | F31: ='[1]3.2 Strategic Energy Planning'!F31 -> 0 | G31: =SUMIF('[2]RtB & FTE'!$D:$D,$D31,'[2]RtB & FTE'!$F:$F) -> 5.4799347 | H31: =SUMIF('[2]RtB & FTE'!$D:$D,$D31,'[2]RtB & FTE'!$H:$H) -> 17.479935
D32: Central Costs - Strategic Energy Planning | E32: # FTE | F32: ='[1]3.2 Strategic Energy Planning'!F32 -> 54.3513 | G32: =SUMIF('[2]RtB & FTE'!$D:$D,$D32,'[2]RtB & FTE'!$F:$F) -> 75.304512 | H32: =SUMIF('[2]RtB & FTE'!$D:$D,$D32,'[2]RtB & FTE'!$H:$H) -> 88.304512
D33: Strategic Energy Planning FTE Total | E33: # FTE | F33: =SUM(F25:F32) -> 383.7843 | G33: =SUM(G25:G32) -> 439.9373 | H33: =SUM(H25:H32) -> 471.9373
B35: Investment Costs
C37: Investment ID | D37: Investment Name
C38: NESO1-250 | D38: Strategic Energy Planning | E38: £m (nominal) | F38: ='[1]3.2 Strategic Energy Planning'!$F$38 -> 6.7488495 | G38: =VLOOKUP($C38,[2]Investments!$A:$E,4,FALSE)/10^6 -> 10.659519 | H38: =VLOOKUP($C38,[2]Investments!$A:$E,5,FALSE)/10^6 -> 13.5
D39: Strategic Energy Planning Investment Costs Total | E39: £m (nominal) | F39: =SUM(F38:F38) -> 6.7488495 | G39: =SUM(G38:G38) -> 10.659519 | H39: =SUM(H38:H38) -> 13.5
B41: Total Costs & FTE
D43: Operational Costs | E43: £m (nominal) | F43: =F21 -> 49.760487 | G43: =G21 -> 56.907038 | H43: =H21 -> 63.379173
D44: Investment Costs | E44: £m (nominal) | F44: =F39 -> 6.7488495 | G44: =G39 -> 10.659519 | H44: =H39 -> 13.5
D45: Total Costs | E45: £m (nominal) | F45: =SUM(F43:F44) -> 56.509336 | G45: =SUM(G43:G44) -> 67.566556 | H45: =SUM(H43:H44) -> 76.879173
D47: FTE | E47: # FTE | F47: =F33 -> 383.7843 | G47: =G33 -> 439.9373 | H47: =H33 -> 471.9373
D48: Total FTE | E48: # FTE | F48: =SUM(F47) -> 383.7843 | G48: =SUM(G47) -> 439.9373 | H48: =SUM(H47) -> 471.9373

Sheet 3.3 Energy Insights
A1: =Cover!$C$6 -> NESO Cost Reporting Tables
A2: =Cover!$E$12 -> National Energy System Operator
A3: =Cover!$E$16 -> 2026/27
A4: =Contents!D18 -> 3.3 Energy Insights
F6: BP3 | G6: NESO 1
F7: 2025/26 | G7: 2026/27 | H7: 2027/28
B9: NESO Energy Insights
B11: Operational Costs
D13: Policy Advice | E13: £m (nominal) | F13: ='[1]3.3 Energy Insights'!F13 -> 1.8943776 | G13: =SUMIF('[2]RtB & FTE'!$D:$D,$D13,'[2]RtB & FTE'!$E:$E)/10^6 -> 2.040107 | H13: =SUMIF('[2]RtB & FTE'!$D:$D,$D13,'[2]RtB & FTE'!$G:$G)/10^6 -> 1.92417
D14: Scenario Development | E14: £m (nominal) | F14: ='[1]3.3 Energy Insights'!F14 -> 4.1585669 | G14: =SUMIF('[2]RtB & FTE'!$D:$D,$D14,'[2]RtB & FTE'!$E:$E)/10^6 -> 3.9701518 | H14: =SUMIF('[2]RtB & FTE'!$D:$D,$D14,'[2]RtB & FTE'!$G:$G)/10^6 -> 4.1332856
D15: Whole Energy Insights​ | E15: £m (nominal) | F15: ='[1]3.3 Energy Insights'!F15 -> 3.3784561 | G15: =SUMIF('[2]RtB & FTE'!$D:$D,$D15,'[2]RtB & FTE'!$E:$E)/10^6 -> 4.3043112 | H15: =SUMIF('[2]RtB & FTE'!$D:$D,$D15,'[2]RtB & FTE'!$G:$G)/10^6 -> 4.6565367
D16: Central Costs - Energy Insights | E16: £m (nominal) | F16: ='[1]3.3 Energy Insights'!F16 -> 1.2210847 | G16: =SUMIF('[2]RtB & FTE'!$D:$D,$D16,'[2]RtB & FTE'!$E:$E)/10^6 -> 0.39498427 | H16: =SUMIF('[2]RtB & FTE'!$D:$D,$D16,'[2]RtB & FTE'!$G:$G)/10^6 -> 0.54439889
D17: Energy Insights Operational Costs Total | E17: £m (nominal) | F17: =SUM(F13:F16) -> 10.652485 | G17: =SUM(G13:G16) -> 10.709554 | H17: =SUM(H13:H16) -> 11.258391
B19: FTE
D21: Policy Advice | E21: # FTE | F21: ='[1]3.3 Energy Insights'!F21 -> 18.9189 | G21: =SUMIF('[2]RtB & FTE'!$D:$D,$D21,'[2]RtB & FTE'!$F:$F) -> 18.4928 | H21: =SUMIF('[2]RtB & FTE'!$D:$D,$D21,'[2]RtB & FTE'!$H:$H) -> 17.4928
D22: Scenario Development | E22: # FTE | F22: ='[1]3.3 Energy Insights'!F22 -> 37.6306 | G22: =SUMIF('[2]RtB & FTE'!$D:$D,$D22,'[2]RtB & FTE'!$F:$F) -> 36.4018 | H22: =SUMIF('[2]RtB & FTE'!$D:$D,$D22,'[2]RtB & FTE'!$H:$H) -> 37.4018
D23: Whole Energy Insights​ | E23: # FTE | F23: ='[1]3.3 Energy Insights'!F23 -> 24.1539 | G23: =SUMIF('[2]RtB & FTE'!$D:$D,$D23,'[2]RtB & FTE'!$F:$F) -> 39.044 | H23: =SUMIF('[2]RtB & FTE'!$D:$D,$D23,'[2]RtB & FTE'!$H:$H) -> 39.044
D24: Central Costs - Energy Insights | E24: # FTE | F24: ='[1]3.3 Energy Insights'!F24 -> 13 | G24: =SUMIF('[2]RtB & FTE'!$D:$D,$D24,'[2]RtB & FTE'!$F:$F) -> 3 | H24: =SUMIF('[2]RtB & FTE'!$D:$D,$D24,'[2]RtB & FTE'!$H:$H) -> 3
D25: Energy Insights FTE Total | E25: # FTE | F25: =SUM(F21:F24) -> 93.7034 | G25: =SUM(G21:G24) -> 96.9386 | H25: =SUM(H21:H24) -> 96.9386
B27: Investment Costs
C29: Investment ID | D29: Investment Name
E30: £m (nominal)
E31: £m (nominal)
E32: £m (nominal)
E33: £m (nominal)
E34: £m (nominal)
E35: £m (nominal)
E36: £m (nominal)
E37: £m (nominal)
E38: £m (nominal)
E39: £m (nominal)
D40: Energy Insights Investment Costs Total | E40: £m (nominal) | F40: =SUM(F30:F39) -> 0 | G40: =SUM(G30:G39) -> 0 | H40: =SUM(H30:H39) -> 0
B42: Total Costs & FTE
D44: Operational Costs | E44: £m (nominal) | F44: =F17 -> 10.652485 | G44: =G17 -> 10.709554 | H44: =H17 -> 11.258391
D45: Investment Costs | E45: £m (nominal) | F45: =F40 -> 0 | G45: =G40 -> 0 | H45: =H40 -> 0
D46: Total Costs | E46: £m (nominal) | F46: =SUM(F44:F45) -> 10.652485 | G46: =SUM(G44:G45) -> 10.709554 | H46: =SUM(H44:H45) -> 11.258391
D48: FTE | E48: # FTE | F48: =F25 -> 93.7034 | G48: =G25 -> 96.9386 | H48: =H25 -> 96.9386
D49: Total FTE | E49: # FTE | F49: =SUM(F48) -> 93.7034 | G49: =SUM(G48) -> 96.9386 | H49: =SUM(H48) -> 96.9386

Sheet 3.4 Security of Supply
A1: =Cover!$C$6 -> NESO Cost Reporting Tables
A2: =Cover!$E$12 -> National Energy System Operator
A3: =Cover!$E$16 -> 2026/27
A4: =Contents!D19 -> 3.4 Security of Supply Modelling
F6: BP3 | G6: NESO 1
F7: 2025/26 | G7: 2026/27 | H7: 2027/28
B9: NESO Security of Supply Modelling
B11: Operational Costs
D13: Energy Security Modelling & Insights​ | E13: £m (nominal) | F13: ='[1]3.4 Security of Supply'!F13 -> 3.7548308 | G13: =SUMIF('[2]RtB & FTE'!$D:$D,$D13,'[2]RtB & FTE'!$E:$E)/10^6 -> 3.8470087 | H13: =SUMIF('[2]RtB & FTE'!$D:$D,$D13,'[2]RtB & FTE'!$G:$G)/10^6 -> 4.2283668
D14: Hydrogen Security | E14: £m (nominal) | F14: ='[1]3.4 Security of Supply'!F14 -> 0 | G14: =SUMIF('[2]RtB & FTE'!$D:$D,$D14,'[2]RtB & FTE'!$E:$E)/10^6 -> 0 | H14: =SUMIF('[2]RtB & FTE'!$D:$D,$D14,'[2]RtB & FTE'!$G:$G)/10^6 -> 0
D15: Central Costs - Security of Supply Modelling | E15: £m (nominal) | F15: ='[1]3.4 Security of Supply'!F15 -> 0 | G15: =SUMIF('[2]RtB & FTE'!$D:$D,$D15,'[2]RtB & FTE'!$E:$E)/10^6 -> 0 | H15: =SUMIF('[2]RtB & FTE'!$D:$D,$D15,'[2]RtB & FTE'!$G:$G)/10^6 -> 0
D16: Security of Supply Modelling Operational Costs Total | E16: £m (nominal) | F16: =SUM(F13:F15) -> 3.7548308 | G16: =SUM(G13:G15) -> 3.8470087 | H16: =SUM(H13:H15) -> 4.2283668
B18: FTE
D20: Energy Security Modelling & Insights​ | E20: # FTE | F20: ='[1]3.4 Security of Supply'!F20 -> 36.3243 | G20: =SUMIF('[2]RtB & FTE'!$D:$D,$D20,'[2]RtB & FTE'!$F:$F) -> 39.6443 | H20: =SUMIF('[2]RtB & FTE'!$D:$D,$D20,'[2]RtB & FTE'!$H:$H) -> 39.6443
D21: Hydrogen Security | E21: # FTE | F21: ='[1]3.4 Security of Supply'!F21 -> 0 | G21: =SUMIF('[2]RtB & FTE'!$D:$D,$D21,'[2]RtB & FTE'!$F:$F) -> 0 | H21: =SUMIF('[2]RtB & FTE'!$D:$D,$D21,'[2]RtB & FTE'!$H:$H) -> 0
D22: Central Costs - Security of Supply Modelling | E22: # FTE | F22: ='[1]3.4 Security of Supply'!F22 -> 0 | G22: =SUMIF('[2]RtB & FTE'!$D:$D,$D22,'[2]RtB & FTE'!$F:$F) -> 0 | H22: =SUMIF('[2]RtB & FTE'!$D:$D,$D22,'[2]RtB & FTE'!$H:$H) -> 0
D23: Security of Supply Modelling FTE Total | E23: # FTE | F23: =SUM(F20:F22) -> 36.3243 | G23: =SUM(G20:G22) -> 39.6443 | H23: =SUM(H20:H22) -> 39.6443
B25: Investment Costs
C27: Investment ID | D27: Investment Name
E28: £m (nominal)
E29: £m (nominal)
E30: £m (nominal)
E31: £m (nominal)
E32: £m (nominal)
E33: £m (nominal)
E34: £m (nominal)
E35: £m (nominal)
E36: £m (nominal)
E37: £m (nominal)
E38: £m (nominal)
D39: Security of Supply Modelling Investment Costs Total | E39: £m (nominal) | F39: =SUM(F28:F38) -> 0 | G39: =SUM(G28:G38) -> 0 | H39: =SUM(H28:H38) -> 0
B41: Total Costs & FTE
D43: Operational Costs | E43: £m (nominal) | F43: =F16 -> 3.7548308 | G43: =G16 -> 3.8470087 | H43: =H16 -> 4.2283668
D44: Investment Costs | E44: £m (nominal) | F44: =F39 -> 0 | G44: =G39 -> 0 | H44: =H39 -> 0
D45: Total Costs | E45: £m (nominal) | F45: =SUM(F43:F44) -> 3.7548308 | G45: =SUM(G43:G44) -> 3.8470087 | H45: =SUM(H43:H44) -> 4.2283668
D47: FTE | E47: # FTE | F47: =F23 -> 36.3243 | G47: =G23 -> 39.6443 | H47: =H23 -> 39.6443
D48: Total FTE | E48: # FTE | F48: =SUM(F47) -> 36.3243 | G48: =SUM(G47) -> 39.6443 | H48: =SUM(H47) -> 39.6443

Sheet 3.5 Whole Energy System Resilie
A1: =Cover!$C$6 -> NESO Cost Reporting Tables
A2: =Cover!$E$12 -> National Energy System Operator
A3: =Cover!$E$16 -> 2026/27
A4: =Contents!D20 -> 3.5 Whole Energy System Resilience
F6: BP3 | G6: NESO 1
F7: 2025/26 | G7: 2026/27 | H7: 2027/28
B9: NESO Whole Energy System Resilience
B11: Operational Costs
D13: Emergency Preparedness & Restoration | E13: £m (nominal) | F13: ='[1]3.5 Whole Energy System Resilie'!$F$13 -> 3.7138891 | G13: =SUMIF('[2]RtB & FTE'!$D:$D,$D13,'[2]RtB & FTE'!$E:$E)/10^6 -> 3.0426331 | H13: =SUMIF('[2]RtB & FTE'!$D:$D,$D13,'[2]RtB & FTE'!$G:$G)/10^6 -> 3.633695
D14: Technical Office for Energy Resilience & Security | E14: £m (nominal) | F14: 0 | G14: =SUMIF('[2]RtB & FTE'!$D:$D,$D14,'[2]RtB & FTE'!$E:$E)/10^6 -> 0 | H14: =SUMIF('[2]RtB & FTE'!$D:$D,$D14,'[2]RtB & FTE'!$G:$G)/10^6 -> 0
D15: Energy System Risks | E15: £m (nominal) | F15: ='[1]3.5 Whole Energy System Resilie'!F14 -> 2.1394717 | G15: =SUMIF('[2]RtB & FTE'!$D:$D,$D15,'[2]RtB & FTE'!$E:$E)/10^6 -> 3.6016403 | H15: =SUMIF('[2]RtB & FTE'!$D:$D,$D15,'[2]RtB & FTE'!$G:$G)/10^6 -> 4.6145588
D16: Strategic Resilience & Insights | E16: £m (nominal) | F16: ='[1]3.5 Whole Energy System Resilie'!F15 -> 0 | G16: =SUMIF('[2]RtB & FTE'!$D:$D,$D16,'[2]RtB & FTE'!$E:$E)/10^6 -> 2.4953528 | H16: =SUMIF('[2]RtB & FTE'!$D:$D,$D16,'[2]RtB & FTE'!$G:$G)/10^6 -> 3.0064636
D17: Central Costs - Whole Energy System Resilience | E17: £m (nominal) | F17: ='[1]3.5 Whole Energy System Resilie'!F16 -> 3.4515255 | G17: =SUMIF('[2]RtB & FTE'!$D:$D,$D17,'[2]RtB & FTE'!$E:$E)/10^6 -> 1.9099478 | H17: =SUMIF('[2]RtB & FTE'!$D:$D,$D17,'[2]RtB & FTE'!$G:$G)/10^6 -> 1.4896439
D18: Whole Energy System Resilience Operational Costs Total | E18: £m (nominal) | F18: =SUM(F13:F17) -> 9.3048863 | G18: =SUM(G13:G17) -> 11.049574 | H18: =SUM(H13:H17) -> 12.744361
B20: FTE
D22: Emergency Preparedness & Restoration | E22: # FTE | F22: ='[1]3.5 Whole Energy System Resilie'!$F$21 -> 42 | G22: =SUMIF('[2]RtB & FTE'!$D:$D,$D22,'[2]RtB & FTE'!$F:$F) -> 24.92 | H22: =SUMIF('[2]RtB & FTE'!$D:$D,$D22,'[2]RtB & FTE'!$H:$H) -> 36.92
D23: Technical Office for Energy Resilience & Security | E23: # FTE | F23: 0 | G23: =SUMIF('[2]RtB & FTE'!$D:$D,$D23,'[2]RtB & FTE'!$F:$F) -> 0 | H23: =SUMIF('[2]RtB & FTE'!$D:$D,$D23,'[2]RtB & FTE'!$H:$H) -> 0
D24: Energy System Risks | E24: # FTE | F24: ='[1]3.5 Whole Energy System Resilie'!F22 -> 21.8919 | G24: =SUMIF('[2]RtB & FTE'!$D:$D,$D24,'[2]RtB & FTE'!$F:$F) -> 37.497562 | H24: =SUMIF('[2]RtB & FTE'!$D:$D,$D24,'[2]RtB & FTE'!$H:$H) -> 37.497562
D25: Strategic Resilience & Insights | E25: # FTE | F25: ='[1]3.5 Whole Energy System Resilie'!F23 -> 0 | G25: =SUMIF('[2]RtB & FTE'!$D:$D,$D25,'[2]RtB & FTE'!$F:$F) -> 29 | H25: =SUMIF('[2]RtB & FTE'!$D:$D,$D25,'[2]RtB & FTE'!$H:$H) -> 29
D26: Central Costs - Whole Energy System Resilience | E26: # FTE | F26: ='[1]3.5 Whole Energy System Resilie'!F24 -> 28.8649 | G26: =SUMIF('[2]RtB & FTE'!$D:$D,$D26,'[2]RtB & FTE'!$F:$F) -> 11.008914 | H26: =SUMIF('[2]RtB & FTE'!$D:$D,$D26,'[2]RtB & FTE'!$H:$H) -> 11.008914
D27: Whole Energy System Resilience FTE Total | E27: # FTE | F27: =SUM(F22:F26) -> 92.7568 | G27: =SUM(G22:G26) -> 102.42648 | H27: =SUM(H22:H26) -> 114.42648
B29: Investment Costs
C31: Investment ID | D31: Investment Name
C32: NESO1-360 | D32: Restoration | E32: £m (nominal) | F32: ='[1]3.5 Whole Energy System Resilie'!$F30 -> 2.2254527 | G32: =VLOOKUP($C32,[2]Investments!$A:$E,4,FALSE)/10^6 -> 3.4597376 | H32: =VLOOKUP($C32,[2]Investments!$A:$E,5,FALSE)/10^6 -> 1.32
C33: NESO1-370 | D33: Resilience & Risk | E33: £m (nominal) | F33: ='[1]3.5 Whole Energy System Resilie'!$F31 -> 0 | G33: =VLOOKUP($C33,[2]Investments!$A:$E,4,FALSE)/10^6 -> 2.5864531 | H33: =VLOOKUP($C33,[2]Investments!$A:$E,5,FALSE)/10^6 -> 3.25
C34: NESO1-380 | D34: Electricity Market Reform Discovery | E34: £m (nominal) | F34: ='[1]3.5 Whole Energy System Resilie'!$F32 -> 0 | G34: =VLOOKUP($C34,[2]Investments!$A:$E,4,FALSE)/10^6 -> 0 | H34: =VLOOKUP($C34,[2]Investments!$A:$E,5,FALSE)/10^6 -> 0
D35: Whole Energy System Resilience Investment Costs Total | E35: £m (nominal) | F35: =SUM(F32:F34) -> 2.2254527 | G35: =SUM(G32:G34) -> 6.0461907 | H35: =SUM(H32:H34) -> 4.57
B37: Total Costs & FTE
D39: Operational Costs | E39: £m (nominal) | F39: =F18 -> 9.3048863 | G39: =G18 -> 11.049574 | H39: =H18 -> 12.744361
D40: Investment Costs | E40: £m (nominal) | F40: =F35 -> 2.2254527 | G40: =G35 -> 6.0461907 | H40: =H35 -> 4.57
D41: Total Costs | E41: £m (nominal) | F41: =SUM(F39:F40) -> 11.530339 | G41: =SUM(G39:G40) -> 17.095765 | H41: =SUM(H39:H40) -> 17.314361
D43: FTE | E43: # FTE | F43: =F27 -> 92.7568 | G43: =G27 -> 102.42648 | H43: =H27 -> 114.42648
D44: Total FTE | E44: # FTE | F44: =SUM(F43) -> 92.7568 | G44: =SUM(G43) -> 102.42648 | H44: =SUM(H43) -> 114.42648

Sheet 3.6 System Operations
A1: =Cover!$C$6 -> NESO Cost Reporting Tables
A2: =Cover!$E$12 -> National Energy System Operator
A3: =Cover!$E$16 -> 2026/27
A4: =Contents!D21 -> 3.6 System Operations
F6: BP3 | G6: NESO 1
F7: 2025/26 | G7: 2026/27 | H7: 2027/28
B9: NESO System Operations
B11: Operational Costs
D13: Operational Readiness | E13: £m (nominal) | F13: ='[1]3.6 System Operations'!F13 -> 5.9861351 | G13: =SUMIF('[2]RtB & FTE'!$D:$D,$D13,'[2]RtB & FTE'!$E:$E)/10^6 -> 6.5953882 | H13: =SUMIF('[2]RtB & FTE'!$D:$D,$D13,'[2]RtB & FTE'!$G:$G)/10^6 -> 6.5688785
D14: Network Control Programme | E14: £m (nominal) | F14: ='[1]3.6 System Operations'!F14 -> 2.1186698 | G14: =SUMIF('[2]RtB & FTE'!$D:$D,$D14,'[2]RtB & FTE'!$E:$E)/10^6 -> 2.3018289 | H14: =SUMIF('[2]RtB & FTE'!$D:$D,$D14,'[2]RtB & FTE'!$G:$G)/10^6 -> 2.2085232
D15: Balancing Programme | E15: £m (nominal) | F15: ='[1]3.6 System Operations'!F15 -> -0.66616978 | G15: =SUMIF('[2]RtB & FTE'!$D:$D,$D15,'[2]RtB & FTE'!$E:$E)/10^6 -> 0.20507365 | H15: =SUMIF('[2]RtB & FTE'!$D:$D,$D15,'[2]RtB & FTE'!$G:$G)/10^6 -> 0.15755446
D16: ENCC Real-time Operations | E16: £m (nominal) | F16: ='[1]3.6 System Operations'!F16 -> 18.457204 | G16: =SUMIF('[2]RtB & FTE'!$D:$D,$D16,'[2]RtB & FTE'!$E:$E)/10^6 -> 18.95499 | H16: =SUMIF('[2]RtB & FTE'!$D:$D,$D16,'[2]RtB & FTE'!$G:$G)/10^6 -> 18.669669
D17: Future ENCC Design | E17: £m (nominal) | F17: ='[1]3.6 System Operations'!F17 -> 2.6764435 | G17: =SUMIF('[2]RtB & FTE'!$D:$D,$D17,'[2]RtB & FTE'!$E:$E)/10^6 -> 3.1410309 | H17: =SUMIF('[2]RtB & FTE'!$D:$D,$D17,'[2]RtB & FTE'!$G:$G)/10^6 -> 3.9326239
D18: Network Access Planning | E18: £m (nominal) | F18: ='[1]3.6 System Operations'!F18 -> 9.5026116 | G18: =SUMIF('[2]RtB & FTE'!$D:$D,$D18,'[2]RtB & FTE'!$E:$E)/10^6 -> 12.642849 | H18: =SUMIF('[2]RtB & FTE'!$D:$D,$D18,'[2]RtB & FTE'!$G:$G)/10^6 -> 9.0478487
D19: Operational & performance insights | E19: £m (nominal) | F19: ='[1]3.6 System Operations'!F19 -> 5.0960076 | G19: =SUMIF('[2]RtB & FTE'!$D:$D,$D19,'[2]RtB & FTE'!$E:$E)/10^6 -> 4.9858334 | H19: =SUMIF('[2]RtB & FTE'!$D:$D,$D19,'[2]RtB & FTE'!$G:$G)/10^6 -> 5.8056071
D20: Central Costs - System Operations | E20: £m (nominal) | F20: ='[1]3.6 System Operations'!F20 -> 9.5231371 | G20: =SUMIF('[2]RtB & FTE'!$D:$D,$D20,'[2]RtB & FTE'!$E:$E)/10^6 -> 10.811047 | H20: =SUMIF('[2]RtB & FTE'!$D:$D,$D20,'[2]RtB & FTE'!$G:$G)/10^6 -> 6.2956699
D21: System Operations Operational Costs Total | E21: £m (nominal) | F21: =SUM(F13:F20) -> 52.694039 | G21: =SUM(G13:G20) -> 59.638041 | H21: =SUM(H13:H20) -> 52.686374
B23: FTE
D25: Operational Readiness | E25: # FTE | F25: ='[1]3.6 System Operations'!F25 -> 50.7054 | G25: =SUMIF('[2]RtB & FTE'!$D:$D,$D25,'[2]RtB & FTE'!$F:$F) -> 47.709806 | H25: =SUMIF('[2]RtB & FTE'!$D:$D,$D25,'[2]RtB & FTE'!$H:$H) -> 47.709806
D26: Network Control Programme | E26: # FTE | F26: ='[1]3.6 System Operations'!F26 -> 24.8649 | G26: =SUMIF('[2]RtB & FTE'!$D:$D,$D26,'[2]RtB & FTE'!$F:$F) -> 24.8649 | H26: =SUMIF('[2]RtB & FTE'!$D:$D,$D26,'[2]RtB & FTE'!$H:$H) -> 24.8649
D27: Balancing Programme | E27: # FTE | F27: ='[1]3.6 System Operations'!F27 -> 34.0189 | G27: =SUMIF('[2]RtB & FTE'!$D:$D,$D27,'[2]RtB & FTE'!$F:$F) -> 33.44985 | H27: =SUMIF('[2]RtB & FTE'!$D:$D,$D27,'[2]RtB & FTE'!$H:$H) -> 33.44985
D28: ENCC Real-time Operations | E28: # FTE | F28: ='[1]3.6 System Operations'!F28 -> 125.2567 | G28: =SUMIF('[2]RtB & FTE'!$D:$D,$D28,'[2]RtB & FTE'!$F:$F) -> 121.77212 | H28: =SUMIF('[2]RtB & FTE'!$D:$D,$D28,'[2]RtB & FTE'!$H:$H) -> 123.77212
D29: Future ENCC Design | E29: # FTE | F29: ='[1]3.6 System Operations'!F29 -> 23 | G29: =SUMIF('[2]RtB & FTE'!$D:$D,$D29,'[2]RtB & FTE'!$F:$F) -> 33.332952 | H29: =SUMIF('[2]RtB & FTE'!$D:$D,$D29,'[2]RtB & FTE'!$H:$H) -> 33.332952
D30: Network Access Planning | E30: # FTE | F30: ='[1]3.6 System Operations'!F30 -> 103.054 | G30: =SUMIF('[2]RtB & FTE'!$D:$D,$D30,'[2]RtB & FTE'!$F:$F) -> 104.56061 | H30: =SUMIF('[2]RtB & FTE'!$D:$D,$D30,'[2]RtB & FTE'!$H:$H) -> 87.560609
D31: Operational & performance insights | E31: # FTE | F31: ='[1]3.6 System Operations'!F31 -> 87.7163 | G31: =SUMIF('[2]RtB & FTE'!$D:$D,$D31,'[2]RtB & FTE'!$F:$F) -> 79.725112 | H31: =SUMIF('[2]RtB & FTE'!$D:$D,$D31,'[2]RtB & FTE'!$H:$H) -> 79.725112
D32: Central Costs - System Operations | E32: # FTE | F32: ='[1]3.6 System Operations'!F32 -> 6 | G32: =SUMIF('[2]RtB & FTE'!$D:$D,$D32,'[2]RtB & FTE'!$F:$F) -> 38 | H32: =SUMIF('[2]RtB & FTE'!$D:$D,$D32,'[2]RtB & FTE'!$H:$H) -> 34
D33: System Operations FTE Total | E33: # FTE | F33: =SUM(F25:F32) -> 454.6162 | G33: =SUM(G25:G32) -> 483.41535 | H33: =SUM(H25:H32) -> 464.41535
B35: Investment Costs
C37: Investment ID | D37: Investment Name
C38: NESO1-390 | D38: Interconnectors | E38: £m (nominal) | F38: ='[1]3.6 System Operations'!$F38 -> 2.1637053 | G38: =VLOOKUP($C38,[2]Investments!$A:$E,4,FALSE)/10^6 -> 1.9728181 | H38: =VLOOKUP($C38,[2]Investments!$A:$E,5,FALSE)/10^6 -> 0.73
C39: NESO1-400 | D39: Open Balancing Programme | E39: £m (nominal) | F39: ='[1]3.6 System Operations'!$F39 -> 26.921976 | G39: =VLOOKUP($C39,[2]Investments!$A:$E,4,FALSE)/10^6 -> 37.325897 | H39: =VLOOKUP($C39,[2]Investments!$A:$E,5,FALSE)/10^6 -> 33.32
C40: NESO1-410 | D40: Balancing Asset Health | E40: £m (nominal) | F40: ='[1]3.6 System Operations'!$F40 -> 5.3377217 | G40: =VLOOKUP($C40,[2]Investments!$A:$E,4,FALSE)/10^6 -> 0.00205788 | H40: =VLOOKUP($C40,[2]Investments!$A:$E,5,FALSE)/10^6 -> 0
C41: NESO1-420 | D41: Balancing Innovation Delivery | E41: £m (nominal) | F41: ='[1]3.6 System Operations'!$F41 -> 0 | G41: =VLOOKUP($C41,[2]Investments!$A:$E,4,FALSE)/10^6 -> 0 | H41: =VLOOKUP($C41,[2]Investments!$A:$E,5,FALSE)/10^6 -> 5
C42: NESO1-430 | D42: Forecasting & Predictions | E42: £m (nominal) | F42: ='[1]3.6 System Operations'!$F42 -> 9.9794311 | G42: =VLOOKUP($C42,[2]Investments!$A:$E,4,FALSE)/10^6 -> 7.498 | H42: =VLOOKUP($C42,[2]Investments!$A:$E,5,FALSE)/10^6 -> 8.12
C43: NESO1-440 | D43: System Access | E43: £m (nominal) | F43: ='[1]3.6 System Operations'!$F43 -> 4.5488849 | G43: =VLOOKUP($C43,[2]Investments!$A:$E,4,FALSE)/10^6 -> 6.6765333 | H43: =VLOOKUP($C43,[2]Investments!$A:$E,5,FALSE)/10^6 -> 11.574495
C44: NESO1-450 | D44: ENCC Operations Enablement | E44: £m (nominal) | F44: ='[1]3.6 System Operations'!$F44 -> 4.8483468 | G44: =VLOOKUP($C44,[2]Investments!$A:$E,4,FALSE)/10^6 -> 7.5321562 | H44: =VLOOKUP($C44,[2]Investments!$A:$E,5,FALSE)/10^6 -> 3.036
C45: NESO1-460 | D45: Network Topology Optimisation | E45: £m (nominal) | F45: ='[1]3.6 System Operations'!$F45 -> 0 | G45: =VLOOKUP($C45,[2]Investments!$A:$E,4,FALSE)/10^6 -> 0.09825257 | H45: =VLOOKUP($C45,[2]Investments!$A:$E,5,FALSE)/10^6 -> 3
C46: NESO1-470 | D46: Situational Awareness Tools | E46: £m (nominal) | F46: ='[1]3.6 System Operations'!$F46 -> 12.574712 | G46: =VLOOKUP($C46,[2]Investments!$A:$E,4,FALSE)/10^6 -> 3.292362 | H46: =VLOOKUP($C46,[2]Investments!$A:$E,5,FALSE)/10^6 -> 1.675
C47: NESO1-480 | D47: Dispatch Transparency | E47: £m (nominal) | F47: ='[1]3.6 System Operations'!$F47 -> 0 | G47: =VLOOKUP($C47,[2]Investments!$A:$E,4,FALSE)/10^6 -> 1.17 | H47: =VLOOKUP($C47,[2]Investments!$A:$E,5,FALSE)/10^6 -> 2.1
C48: NESO1-490 | D48: Digital Trials Platform | E48: £m (nominal) | F48: ='[1]3.6 System Operations'!$F48 -> 0 | G48: =VLOOKUP($C48,[2]Investments!$A:$E,4,FALSE)/10^6 -> 2.7 | H48: =VLOOKUP($C48,[2]Investments!$A:$E,5,FALSE)/10^6 -> 2.163
D49: System Operations Shared Projects | E49: £m (nominal) | F49: ='[1]3.6 System Operations'!$F49 -> 3.4841636 | G49: =VLOOKUP($D49,[2]Investments!$B:$E,3,FALSE)/10^6 -> 0.06680837 | H49: =VLOOKUP($D49,[2]Investments!$B:$E,4,FALSE)/10^6 -> 0
D50: System Operations Investment Costs Total | E50: £m (nominal) | F50: =SUM(F38:F49) -> 69.858941 | G50: =SUM(G38:G49) -> 68.334885 | H50: =SUM(H38:H49) -> 70.718495
B52: Total Costs & FTE
D54: Operational Costs | E54: £m (nominal) | F54: =F21 -> 52.694039 | G54: =G21 -> 59.638041 | H54: =H21 -> 52.686374
D55: Investment Costs | E55: £m (nominal) | F55: =F50 -> 69.858941 | G55: =G50 -> 68.334885 | H55: =H50 -> 70.718495
D56: Total Costs | E56: £m (nominal) | F56: =SUM(F54:F55) -> 122.55298 | G56: =SUM(G54:G55) -> 127.97293 | H56: =SUM(H54:H55) -> 123.40487
D58: FTE | E58: # FTE | F58: =F33 -> 454.6162 | G58: =G33 -> 483.41535 | H58: =H33 -> 464.41535
D59: Total FTE | E59: # FTE | F59: =SUM(F58) -> 454.6162 | G59: =SUM(G58) -> 483.41535 | H59: =SUM(H58) -> 464.41535

Sheet 3.7 Network Operability
A1: =Cover!$C$6 -> NESO Cost Reporting Tables
A2: =Cover!$E$12 -> National Energy System Operator
A3: =Cover!$E$16 -> 2026/27
A4: =Contents!D22 -> 3.7 Network Operability & Connections
F6: BP3 | G6: NESO 1
F7: 2025/26 | G7: 2026/27 | H7: 2027/28
B9: NESO Network Operability & Connections
B11: Operational Costs
D13: Connections | E13: £m (nominal) | F13: ='[1]3.7 Network Operability'!F13 -> 33.774333 | G13: =SUMIF('[2]RtB & FTE'!$D:$D,$D13,'[2]RtB & FTE'!$E:$E)/10^6 -> 32.878354 | H13: =SUMIF('[2]RtB & FTE'!$D:$D,$D13,'[2]RtB & FTE'!$G:$G)/10^6 -> 32.195049
D14: Connections Policy & Change | E14: £m (nominal) | G14: =SUMIF('[2]RtB & FTE'!$D:$D,$D14,'[2]RtB & FTE'!$E:$E)/10^6 -> 0 | H14: =SUMIF('[2]RtB & FTE'!$D:$D,$D14,'[2]RtB & FTE'!$G:$G)/10^6 -> 0
D15: Connections Operations | E15: £m (nominal) | G15: =SUMIF('[2]RtB & FTE'!$D:$D,$D15,'[2]RtB & FTE'!$E:$E)/10^6 -> 0 | H15: =SUMIF('[2]RtB & FTE'!$D:$D,$D15,'[2]RtB & FTE'!$G:$G)/10^6 -> 0
D16: Network Operability Modelling​ | E16: £m (nominal) | F16: ='[1]3.7 Network Operability'!F14 -> 2.7574835 | G16: =SUMIF('[2]RtB & FTE'!$D:$D,$D16,'[2]RtB & FTE'!$E:$E)/10^6 -> 3.1906903 | H16: =SUMIF('[2]RtB & FTE'!$D:$D,$D16,'[2]RtB & FTE'!$G:$G)/10^6 -> 3.5095595
D17: Network Operability Services​ | E17: £m (nominal) | F17: ='[1]3.7 Network Operability'!F15 -> 6.1248195 | G17: =SUMIF('[2]RtB & FTE'!$D:$D,$D17,'[2]RtB & FTE'!$E:$E)/10^6 -> 6.9842081 | H17: =SUMIF('[2]RtB & FTE'!$D:$D,$D17,'[2]RtB & FTE'!$G:$G)/10^6 -> 7.4681065
D18: Network Services Procurement & Balancing Services Contracting​ | E18: £m (nominal) | F18: ='[1]3.7 Network Operability'!F16 -> 3.4134303 | G18: =SUMIF('[2]RtB & FTE'!$D:$D,$D18,'[2]RtB & FTE'!$E:$E)/10^6 -> 3.4099053 | H18: =SUMIF('[2]RtB & FTE'!$D:$D,$D18,'[2]RtB & FTE'!$G:$G)/10^6 -> 3.6185692
D19: Central Costs - Network Operability & Connections | E19: £m (nominal) | F19: ='[1]3.7 Network Operability'!F17 -> 0.72555932 | G19: =SUMIF('[2]RtB & FTE'!$D:$D,$D19,'[2]RtB & FTE'!$E:$E)/10^6 -> -0.31626619 | H19: =SUMIF('[2]RtB & FTE'!$D:$D,$D19,'[2]RtB & FTE'!$G:$G)/10^6 -> -1.1310351
D20: Network Operability & Connections Operational Costs Total | E20: £m (nominal) | F20: =SUM(F13:F19) -> 46.795626 | G20: =SUM(G13:G19) -> 46.146891 | H20: =SUM(H13:H19) -> 45.660249
B22: FTE
D24: Connections | E24: # FTE | F24: ='[1]3.7 Network Operability'!$F$22 -> 170.4959 | G24: =SUMIF('[2]RtB & FTE'!$D:$D,$D24,'[2]RtB & FTE'!$F:$F) -> 221.4223 | H24: =SUMIF('[2]RtB & FTE'!$D:$D,$D24,'[2]RtB & FTE'!$H:$H) -> 218.4223
D25: Connections Policy & Change | E25: # FTE | G25: =SUMIF('[2]RtB & FTE'!$D:$D,$D25,'[2]RtB & FTE'!$F:$F) -> 0 | H25: =SUMIF('[2]RtB & FTE'!$D:$D,$D25,'[2]RtB & FTE'!$H:$H) -> 0
D26: Connections Operations | E26: # FTE | G26: =SUMIF('[2]RtB & FTE'!$D:$D,$D26,'[2]RtB & FTE'!$F:$F) -> 0 | H26: =SUMIF('[2]RtB & FTE'!$D:$D,$D26,'[2]RtB & FTE'!$H:$H) -> 0
D27: Network Operability Modelling​ | E27: # FTE | F27: ='[1]3.7 Network Operability'!F23 -> 26.4818 | G27: =SUMIF('[2]RtB & FTE'!$D:$D,$D27,'[2]RtB & FTE'!$F:$F) -> 29.6486 | H27: =SUMIF('[2]RtB & FTE'!$D:$D,$D27,'[2]RtB & FTE'!$H:$H) -> 29.6486
D28: Network Operability Services​ | E28: # FTE | F28: ='[1]3.7 Network Operability'!F24 -> 68.8378 | G28: =SUMIF('[2]RtB & FTE'!$D:$D,$D28,'[2]RtB & FTE'!$F:$F) -> 70.9298 | H28: =SUMIF('[2]RtB & FTE'!$D:$D,$D28,'[2]RtB & FTE'!$H:$H) -> 69.9298
D29: Network Services Procurement & Balancing Services Contracting​ | E29: # FTE | F29: ='[1]3.7 Network Operability'!F25 -> 25.9189 | G29: =SUMIF('[2]RtB & FTE'!$D:$D,$D29,'[2]RtB & FTE'!$F:$F) -> 25.5595 | H29: =SUMIF('[2]RtB & FTE'!$D:$D,$D29,'[2]RtB & FTE'!$H:$H) -> 25.5595
D30: Central Costs - Network Operability & Connections | E30: # FTE | F30: ='[1]3.7 Network Operability'!F26 -> 5 | G30: =SUMIF('[2]RtB & FTE'!$D:$D,$D30,'[2]RtB & FTE'!$F:$F) -> 2 | H30: =SUMIF('[2]RtB & FTE'!$D:$D,$D30,'[2]RtB & FTE'!$H:$H) -> 2
D31: Network Operability & Connections FTE Total | E31: # FTE | F31: =SUM(F24:F30) -> 296.7344 | G31: =SUM(G24:G30) -> 349.5602 | H31: =SUM(H24:H30) -> 345.5602
B33: Investment Costs
C35: Investment ID | D35: Investment Name
C36: NESO1-230 | D36: Connections Enduring Capabilities Ecosystem | E36: £m (nominal) | F36: ='[1]3.7 Network Operability'!$F32 -> 8.8348733 | G36: =VLOOKUP($C36,[2]Investments!$A:$E,4,FALSE)/10^6 -> 9.379731 | H36: =VLOOKUP($C36,[2]Investments!$A:$E,5,FALSE)/10^6 -> 11
C37: NESO1-240 | D37: Clean Power 2030 Enablement | E37: £m (nominal) | F37: ='[1]3.7 Network Operability'!$F33 -> 0 | G37: =VLOOKUP($C37,[2]Investments!$A:$E,4,FALSE)/10^6 -> 1.5 | H37: =VLOOKUP($C37,[2]Investments!$A:$E,5,FALSE)/10^6 -> 1.65
D38: Network Operability & Connections Investment Costs Total | E38: £m (nominal) | F38: =SUM(F36:F37) -> 8.8348733 | G38: =SUM(G36:G37) -> 10.879731 | H38: =SUM(H36:H37) -> 12.65
B40: Total Costs & FTE
D42: Operational Costs | E42: £m (nominal) | F42: =F20 -> 46.795626 | G42: =G20 -> 46.146891 | H42: =H20 -> 45.660249
D43: Investment Costs | E43: £m (nominal) | F43: =F38 -> 8.8348733 | G43: =G38 -> 10.879731 | H43: =H38 -> 12.65
D44: Total Costs | E44: £m (nominal) | F44: =SUM(F42:F43) -> 55.630499 | G44: =SUM(G42:G43) -> 57.026622 | H44: =SUM(H42:H43) -> 58.310249
D46: FTE | E46: # FTE | F46: =F31 -> 296.7344 | G46: =G31 -> 349.5602 | H46: =H31 -> 345.5602
D47: Total FTE | E47: # FTE | F47: =SUM(F46) -> 296.7344 | G47: =SUM(G46) -> 349.5602 | H47: =SUM(H46) -> 345.5602

Sheet 3.8 Facilitating Sector
A1: =Cover!$C$6 -> NESO Cost Reporting Tables
A2: =Cover!$E$12 -> National Energy System Operator
A3: =Cover!$E$16 -> 2026/27
A4: =Contents!D23 -> 3.8 Facilitating Sector Digitalisation
F6: BP3 | G6: NESO 1
F7: 2025/26 | G7: 2026/27 | H7: 2027/28
B9: NESO Facilitating Sector Digitalisation
B11: Operational Costs
D13: Interim Data Sharing Infrastructure (DSI) Coordinator​ | E13: £m (nominal) | F13: ='[1]3.8 Facilitating Sector'!F13 -> 0.15 | G13: =SUMIF('[2]RtB & FTE'!$D:$D,$D13,'[2]RtB & FTE'!$E:$E)/10^6 -> 0.65740405 | H13: =SUMIF('[2]RtB & FTE'!$D:$D,$D13,'[2]RtB & FTE'!$G:$G)/10^6 -> 0.03236391
D14: Central Costs - Facilitating Sector Digitalisation | E14: £m (nominal) | F14: ='[1]3.8 Facilitating Sector'!F14 -> 0 | G14: =SUMIF('[2]RtB & FTE'!$D:$D,$D14,'[2]RtB & FTE'!$E:$E)/10^6 -> 0 | H14: =SUMIF('[2]RtB & FTE'!$D:$D,$D14,'[2]RtB & FTE'!$G:$G)/10^6 -> 0
D15: Facilitating Sector Digitalisation Operational Costs Total | E15: £m (nominal) | F15: =SUM(F13:F14) -> 0.15 | G15: =SUM(G13:G14) -> 0.65740405 | H15: =SUM(H13:H14) -> 0.03236391
B17: FTE
D19: Interim Data Sharing Infrastructure (DSI) Coordinator​ | E19: # FTE | F19: ='[1]3.8 Facilitating Sector'!F19 -> 5 | G19: =SUMIF('[2]RtB & FTE'!$D:$D,$D19,'[2]RtB & FTE'!$F:$F) -> 7 | H19: =SUMIF('[2]RtB & FTE'!$D:$D,$D19,'[2]RtB & FTE'!$H:$H) -> 7
D20: Central Costs - Facilitating Sector Digitalisation | E20: # FTE | F20: ='[1]3.8 Facilitating Sector'!F20 -> 0 | G20: =SUMIF('[2]RtB & FTE'!$D:$D,$D20,'[2]RtB & FTE'!$F:$F) -> 0 | H20: =SUMIF('[2]RtB & FTE'!$D:$D,$D20,'[2]RtB & FTE'!$H:$H) -> 0
D21: Facilitating Sector Digitalisation FTE Total | E21: # FTE | F21: =SUM(F19:F20) -> 5 | G21: =SUM(G19:G20) -> 7 | H21: =SUM(H19:H20) -> 7
B23: Investment Costs
C25: Investment ID | D25: Investment Name
C26: NESO1-120 | D26: Data Sharing Infrastructure | E26: £m (nominal) | F26: ='[1]3.8 Facilitating Sector'!$F$26 -> 4.0137194 | G26: =VLOOKUP($C26,[2]Investments!$A:$E,4,FALSE)/10^6 -> 15.160681 | H26: =VLOOKUP($C26,[2]Investments!$A:$E,5,FALSE)/10^6 -> 21.712767
D27: Facilitating Sector Digitalisation Investment Costs Total | E27: £m (nominal) | F27: =SUM(F26:F26) -> 4.0137194 | G27: =SUM(G26:G26) -> 15.160681 | H27: =SUM(H26:H26) -> 21.712767
B29: Total Costs & FTE
D31: Operational Costs | E31: £m (nominal) | F31: =F15 -> 0.15 | G31: =G15 -> 0.65740405 | H31: =H15 -> 0.03236391
D32: Investment Costs | E32: £m (nominal) | F32: =F27 -> 4.0137194 | G32: =G27 -> 15.160681 | H32: =H27 -> 21.712767
D33: Total Costs | E33: £m (nominal) | F33: =SUM(F31:F32) -> 4.1637194 | G33: =SUM(G31:G32) -> 15.818085 | H33: =SUM(H31:H32) -> 21.745131
D35: FTE | E35: # FTE | F35: =F21 -> 5 | G35: =G21 -> 7 | H35: =H21 -> 7
D36: Total FTE | E36: # FTE | F36: =SUM(F35) -> 5 | G36: =SUM(G35) -> 7 | H36: =SUM(H35) -> 7

Sheet 4.1 Role Delivery Support
A1: =Cover!$C$6 -> NESO Cost Reporting Tables
A2: =Cover!$E$12 -> National Energy System Operator
A3: =Cover!$E$16 -> 2026/27
A4: =Contents!D26 -> 4.1 Role Delivery Support
F6: BP3 | G6: NESO 1
F7: 2025/26 | G7: 2026/27 | H7: 2027/28
B9: NESO Role Delivery Support
B11: Operational Costs
D13: Customer | E13: £m (nominal) | F13: ='[1]4.1 Role Delivery Support'!F13 -> 2.6007169 | G13: =SUMIF('[2]RtB & FTE'!$D:$D,$D13,'[2]RtB & FTE'!$E:$E)/10^6 -> 4.1942679 | H13: =SUMIF('[2]RtB & FTE'!$D:$D,$D13,'[2]RtB & FTE'!$G:$G)/10^6 -> 4.2422412
D14: Data Capabilities | E14: £m (nominal) | F14: ='[1]4.1 Role Delivery Support'!F14 -> 2.2851645 | G14: =SUMIF('[2]RtB & FTE'!$D:$D,$D14,'[2]RtB & FTE'!$E:$E)/10^6 -> 5.8623476 | H14: =SUMIF('[2]RtB & FTE'!$D:$D,$D14,'[2]RtB & FTE'!$G:$G)/10^6 -> 8.0529061
D15: Operational Leadership | E15: £m (nominal) | F15: ='[1]4.1 Role Delivery Support'!F15 -> 0.83896202 | G15: =SUMIF('[2]RtB & FTE'!$D:$D,$D15,'[2]RtB & FTE'!$E:$E)/10^6 -> -2.8569159 | H15: =SUMIF('[2]RtB & FTE'!$D:$D,$D15,'[2]RtB & FTE'!$G:$G)/10^6 -> 1.6789593
D16: Innovation & AI | E16: £m (nominal) | F16: ='[1]4.1 Role Delivery Support'!F16 -> 2.7473094 | G16: =SUMIF('[2]RtB & FTE'!$D:$D,$D16,'[2]RtB & FTE'!$E:$E)/10^6 -> 6.4613351 | H16: =SUMIF('[2]RtB & FTE'!$D:$D,$D16,'[2]RtB & FTE'!$G:$G)/10^6 -> 8.0076064
D17: Programme Management | E17: £m (nominal) | F17: =F68 -> 4.389598 | G17: =G68 -> 3.5326757 | H17: =H68 -> 3.4013228
D18: Role Delivery Support Operational Costs Total | E18: £m (nominal) | F18: =SUM(F13:F17) -> 12.861751 | G18: =SUM(G13:G17) -> 17.19371 | H18: =SUM(H13:H17) -> 25.383036
B20: FTE
D22: Customer | E22: # FTE | F22: ='[1]4.1 Role Delivery Support'!F22 -> 31.5676 | G22: =SUMIF('[2]RtB & FTE'!$D:$D,$D22,'[2]RtB & FTE'!$F:$F) -> 35.183 | H22: =SUMIF('[2]RtB & FTE'!$D:$D,$D22,'[2]RtB & FTE'!$H:$H) -> 35.183
D23: Data Capabilities | E23: # FTE | F23: ='[1]4.1 Role Delivery Support'!F23 -> 28.6216 | G23: =SUMIF('[2]RtB & FTE'!$D:$D,$D23,'[2]RtB & FTE'!$F:$F) -> 33.818088 | H23: =SUMIF('[2]RtB & FTE'!$D:$D,$D23,'[2]RtB & FTE'!$H:$H) -> 33.818088
D24: Operational Leadership | E24: # FTE | F24: ='[1]4.1 Role Delivery Support'!F24 -> 2.9189 | G24: =SUMIF('[2]RtB & FTE'!$D:$D,$D24,'[2]RtB & FTE'!$F:$F) -> 2.9189 | H24: =SUMIF('[2]RtB & FTE'!$D:$D,$D24,'[2]RtB & FTE'!$H:$H) -> 2.9189
D25: Innovation & AI | E25: # FTE | F25: ='[1]4.1 Role Delivery Support'!F25 -> 42.6486 | G25: =SUMIF('[2]RtB & FTE'!$D:$D,$D25,'[2]RtB & FTE'!$F:$F) -> 55.933476 | H25: =SUMIF('[2]RtB & FTE'!$D:$D,$D25,'[2]RtB & FTE'!$H:$H) -> 55.933476
D26: Programme Management | E26: # FTE | F26: =F81 -> 54.1541 | G26: =G81 -> 52.43845 | H26: =H81 -> 54.43845
D27: Role Delivery Support FTE Total | E27: # FTE | F27: =SUM(F22:F26) -> 159.9108 | G27: =SUM(G22:G26) -> 180.29191 | H27: =SUM(H22:H26) -> 182.29191
B29: Investment Costs
C31: Investment ID | D31: Investment Name
C32: NESO1-100 | D32: Innovation Productionisation | E32: £m (nominal) | F32: ='[1]4.1 Role Delivery Support'!$F32 -> 2.6194313 | G32: =VLOOKUP($C32,[2]Investments!$A:$E,4,FALSE)/10^6 -> 0.55185932 | H32: =VLOOKUP($C32,[2]Investments!$A:$E,5,FALSE)/10^6 -> 5
C33: NESO1-110 | D33: NESO AI Energy Core Delivery | E33: £m (nominal) | F33: ='[1]4.1 Role Delivery Support'!$F33 -> 5.6051092 | G33: =VLOOKUP($C33,[2]Investments!$A:$E,4,FALSE)/10^6 -> 13.565197 | H33: =VLOOKUP($C33,[2]Investments!$A:$E,5,FALSE)/10^6 -> 12.4
C34: NESO1-220 | D34: Network and System Modelling Capability Modernisation | E34: £m (nominal) | F34: ='[1]4.1 Role Delivery Support'!$F34 -> 2.769034 | G34: =VLOOKUP($C34,[2]Investments!$A:$E,4,FALSE)/10^6 -> 1.9602983 | H34: =VLOOKUP($C34,[2]Investments!$A:$E,5,FALSE)/10^6 -> 0.3
C35: NESO1-300 | D35: Transformation Enablement Project | E35: £m (nominal) | F35: ='[1]4.1 Role Delivery Support'!$F35 -> 0 | G35: =VLOOKUP($C35,[2]Investments!$A:$E,4,FALSE)/10^6 -> 0 | H35: =VLOOKUP($C35,[2]Investments!$A:$E,5,FALSE)/10^6 -> 0
C36: NESO1-600 | D36: Digital Change for Customer | E36: £m (nominal) | F36: ='[1]4.1 Role Delivery Support'!$F36 -> 0 | G36: =VLOOKUP($C36,[2]Investments!$A:$E,4,FALSE)/10^6 -> 0.47435022 | H36: =VLOOKUP($C36,[2]Investments!$A:$E,5,FALSE)/10^6 -> 0
C37: NESO1-610 | D37: Modelling Platforms and Tooling | E37: £m (nominal) | F37: ='[1]4.1 Role Delivery Support'!$F37 -> 4.5350461 | G37: =VLOOKUP($C37,[2]Investments!$A:$E,4,FALSE)/10^6 -> 0.07000475 | H37: =VLOOKUP($C37,[2]Investments!$A:$E,5,FALSE)/10^6 -> 9
C38: NESO1-620 | D38: Digital Engagement Platform | E38: £m (nominal) | F38: ='[1]4.1 Role Delivery Support'!$F38 -> 2.3740493 | G38: =VLOOKUP($C38,[2]Investments!$A:$E,4,FALSE)/10^6 -> 3.1539977 | H38: =VLOOKUP($C38,[2]Investments!$A:$E,5,FALSE)/10^6 -> 2
C39: DATA-REM | D39: Data Remediation | E39: £m (nominal) | F39: ='[1]4.1 Role Delivery Support'!$F39 -> 0 | G39: =VLOOKUP($C39,[2]Investments!$A:$E,4,FALSE)/10^6 -> 0 | H39: =VLOOKUP($C39,[2]Investments!$A:$E,5,FALSE)/10^6 -> 3
C40: DATA-TOOL | D40: Data Tools | E40: £m (nominal) | F40: ='[1]4.1 Role Delivery Support'!$F40 -> 6.3234366 | G40: =VLOOKUP($C40,[2]Investments!$A:$E,4,FALSE)/10^6 -> 0 | H40: =VLOOKUP($C40,[2]Investments!$A:$E,5,FALSE)/10^6 -> 2.904
C41: DIG-AI | D41: Digitalisation & AI Shared | E41: £m (nominal) | F41: ='[1]4.1 Role Delivery Support'!$F41 -> 0 | G41: =VLOOKUP($C41,[2]Investments!$A:$E,4,FALSE)/10^6 -> 0.17677177 | H41: =VLOOKUP($C41,[2]Investments!$A:$E,5,FALSE)/10^6 -> 0
C42: ENT-TECH | D42: Tech Debt | E42: £m (nominal) | F42: ='[1]4.1 Role Delivery Support'!$F42 -> 6.1122561 | G42: =VLOOKUP($C42,[2]Investments!$A:$E,4,FALSE)/10^6 -> 0 | H42: =VLOOKUP($C42,[2]Investments!$A:$E,5,FALSE)/10^6 -> 0
D43: Customer Data End to End Management | E43: £m (nominal) | F43: ='[1]4.1 Role Delivery Support'!$F43 -> 0 | G43: 0 | H43: 0
D44: Role Delivery Support Investment Costs Total | E44: £m (nominal) | F44: =SUM(F32:F43) -> 30.338363 | G44: =SUM(G32:G43) -> 19.952479 | H44: =SUM(H32:H43) -> 34.604
B46: Total Costs & FTE
D48: Operational Costs | E48: £m (nominal) | F48: =F18 -> 12.861751 | G48: =G18 -> 17.19371 | H48: =H18 -> 25.383036
D49: Investment Costs | E49: £m (nominal) | F49: =F44 -> 30.338363 | G49: =G44 -> 19.952479 | H49: =H44 -> 34.604
D50: Total Costs | E50: £m (nominal) | F50: =SUM(F48:F49) -> 43.200113 | G50: =SUM(G48:G49) -> 37.146189 | H50: =SUM(H48:H49) -> 59.987036
D52: FTE | E52: # FTE | F52: =F27 -> 159.9108 | G52: =G27 -> 180.29191 | H52: =H27 -> 182.29191
D53: Total FTE | E53: # FTE | F53: =SUM(F52) -> 159.9108 | G53: =SUM(G52) -> 180.29191 | H53: =SUM(H52) -> 182.29191
B55: Programme Management Memo Tables
B57: Programme Management Operational Costs
A59: Office of the Chief Executive Officer - Programme Management | D59: Office of the Chief Executive Officer | E59: £m (nominal) | F59: ='[1]4.1 Role Delivery Support'!F62 -> 0 | G59: =SUMIF('[2]RtB & FTE'!$B:$B,$A59,'[2]RtB & FTE'!$E:$E)/10^6 -> 0 | H59: =SUMIF('[2]RtB & FTE'!$B:$B,$A59,'[2]RtB & FTE'!$G:$G)/10^6 -> 0
A60: Director of Major Projects | D60: Director of Major Projects | E60: £m (nominal) | F60: ='[1]4.1 Role Delivery Support'!F63 -> 1.5337105 | G60: =SUMIF('[2]RtB & FTE'!$B:$B,$A60,'[2]RtB & FTE'!$E:$E)/10^6 -> 0.050171746 | H60: =SUMIF('[2]RtB & FTE'!$B:$B,$A60,'[2]RtB & FTE'!$G:$G)/10^6 -> -0.31594048
A61: Performance & Change | D61: Performance & Change | E61: £m (nominal) | F61: ='[1]4.1 Role Delivery Support'!F64 -> 0.86337233 | G61: =SUMIF('[2]RtB & FTE'!$B:$B,$A61,'[2]RtB & FTE'!$E:$E)/10^6 -> 1.3415744 | H61: =SUMIF('[2]RtB & FTE'!$B:$B,$A61,'[2]RtB & FTE'!$G:$G)/10^6 -> 1.4682284
A62: Delivery Markets | D62: Delivery Markets | E62: £m (nominal) | F62: ='[1]4.1 Role Delivery Support'!F65 -> 0 | G62: =SUMIF('[2]RtB & FTE'!$B:$B,$A62,'[2]RtB & FTE'!$E:$E)/10^6 -> 0 | H62: =SUMIF('[2]RtB & FTE'!$B:$B,$A62,'[2]RtB & FTE'!$G:$G)/10^6 -> 0
A63: Delivery Engineering & SEP | D63: Delivery Engineering & SEP | E63: £m (nominal) | F63: ='[1]4.1 Role Delivery Support'!F66 -> 0 | G63: =SUMIF('[2]RtB & FTE'!$B:$B,$A63,'[2]RtB & FTE'!$E:$E)/10^6 -> 0 | H63: =SUMIF('[2]RtB & FTE'!$B:$B,$A63,'[2]RtB & FTE'!$G:$G)/10^6 -> 0
A64: Delivery Dev Sec Ops | D64: Delivery Dev Sec Ops | E64: £m (nominal) | F64: ='[1]4.1 Role Delivery Support'!F67 -> 0 | G64: =SUMIF('[2]RtB & FTE'!$B:$B,$A64,'[2]RtB & FTE'!$E:$E)/10^6 -> 0 | H64: =SUMIF('[2]RtB & FTE'!$B:$B,$A64,'[2]RtB & FTE'!$G:$G)/10^6 -> 0
A65: Major Projects | D65: Major Projects | E65: £m (nominal) | F65: ='[1]4.1 Role Delivery Support'!F68 -> 1.4288172 | G65: =SUMIF('[2]RtB & FTE'!$B:$B,$A65,'[2]RtB & FTE'!$E:$E)/10^6 -> 0.85960177 | H65: =SUMIF('[2]RtB & FTE'!$B:$B,$A65,'[2]RtB & FTE'!$G:$G)/10^6 -> 0.75575428
A66: Transformation | D66: Transformation | E66: £m (nominal) | F66: ='[1]4.1 Role Delivery Support'!F69 -> 0.40214549 | G66: =SUMIF('[2]RtB & FTE'!$B:$B,$A66,'[2]RtB & FTE'!$E:$E)/10^6 -> 0.9883348 | H66: =SUMIF('[2]RtB & FTE'!$B:$B,$A66,'[2]RtB & FTE'!$G:$G)/10^6 -> 1.1571191
A67: FlexPool Resource | D67: FlexPool Resource | E67: £m (nominal) | F67: ='[1]4.1 Role Delivery Support'!F70 -> 0.16155244 | G67: =SUMIF('[2]RtB & FTE'!$B:$B,$A67,'[2]RtB & FTE'!$E:$E)/10^6 -> 0.29299297 | H67: =SUMIF('[2]RtB & FTE'!$B:$B,$A67,'[2]RtB & FTE'!$G:$G)/10^6 -> 0.33616152
D68: Programme Management Operational Costs Total | E68: £m (nominal) | F68: =SUM(F59:F67) -> 4.389598 | G68: =SUM(G59:G67) -> 3.5326757 | H68: =SUM(H59:H67) -> 3.4013228
B70: Programme Management FTE
A72: Office of the Chief Executive Officer - Programme Management | D72: Office of the Chief Executive Officer | E72: # FTE | F72: ='[1]4.1 Role Delivery Support'!F75 -> 0 | G72: =SUMIF('[2]RtB & FTE'!$B:$B,$A72,'[2]RtB & FTE'!$F:$F) -> 0 | H72: =SUMIF('[2]RtB & FTE'!$B:$B,$A72,'[2]RtB & FTE'!$H:$H) -> 0
A73: Director of Major Projects | D73: Director of Major Projects | E73: # FTE | F73: ='[1]4.1 Role Delivery Support'!F76 -> 4 | G73: =SUMIF('[2]RtB & FTE'!$B:$B,$A73,'[2]RtB & FTE'!$F:$F) -> 2 | H73: =SUMIF('[2]RtB & FTE'!$B:$B,$A73,'[2]RtB & FTE'!$H:$H) -> 2
A74: Performance & Change | D74: Performance & Change | E74: # FTE | F74: ='[1]4.1 Role Delivery Support'!F77 -> 15.2352 | G74: =SUMIF('[2]RtB & FTE'!$B:$B,$A74,'[2]RtB & FTE'!$F:$F) -> 16.554075 | H74: =SUMIF('[2]RtB & FTE'!$B:$B,$A74,'[2]RtB & FTE'!$H:$H) -> 16.554075
A75: Delivery Markets | D75: Delivery Markets | E75: # FTE | F75: ='[1]4.1 Role Delivery Support'!F78 -> 0 | G75: =SUMIF('[2]RtB & FTE'!$B:$B,$A75,'[2]RtB & FTE'!$F:$F) -> 0 | H75: =SUMIF('[2]RtB & FTE'!$B:$B,$A75,'[2]RtB & FTE'!$H:$H) -> 0
A76: Delivery Engineering & SEP | D76: Delivery Engineering & SEP | E76: # FTE | F76: ='[1]4.1 Role Delivery Support'!F79 -> 0 | G76: =SUMIF('[2]RtB & FTE'!$B:$B,$A76,'[2]RtB & FTE'!$F:$F) -> 0 | H76: =SUMIF('[2]RtB & FTE'!$B:$B,$A76,'[2]RtB & FTE'!$H:$H) -> 0
A77: Delivery Dev Sec Ops | D77: Delivery Dev Sec Ops | E77: # FTE | F77: ='[1]4.1 Role Delivery Support'!F80 -> 0 | G77: =SUMIF('[2]RtB & FTE'!$B:$B,$A77,'[2]RtB & FTE'!$F:$F) -> 0 | H77: =SUMIF('[2]RtB & FTE'!$B:$B,$A77,'[2]RtB & FTE'!$H:$H) -> 0
A78: Major Projects | D78: Major Projects | E78: # FTE | F78: ='[1]4.1 Role Delivery Support'!F81 -> 15 | G78: =SUMIF('[2]RtB & FTE'!$B:$B,$A78,'[2]RtB & FTE'!$F:$F) -> 8 | H78: =SUMIF('[2]RtB & FTE'!$B:$B,$A78,'[2]RtB & FTE'!$H:$H) -> 8
A79: Transformation | D79: Transformation | E79: # FTE | F79: ='[1]4.1 Role Delivery Support'!F82 -> 7.9189 | G79: =SUMIF('[2]RtB & FTE'!$B:$B,$A79,'[2]RtB & FTE'!$F:$F) -> 9.9189 | H79: =SUMIF('[2]RtB & FTE'!$B:$B,$A79,'[2]RtB & FTE'!$H:$H) -> 9.9189
A80: FlexPool Resource | D80: FlexPool Resource | E80: # FTE | F80: ='[1]4.1 Role Delivery Support'!F83 -> 12 | G80: =SUMIF('[2]RtB & FTE'!$B:$B,$A80,'[2]RtB & FTE'!$F:$F) -> 15.965475 | H80: =SUMIF('[2]RtB & FTE'!$B:$B,$A80,'[2]RtB & FTE'!$H:$H) -> 17.965475
D81: Programme Management FTE Total | E81: # FTE | F81: =SUM(F72:F80) -> 54.1541 | G81: =SUM(G72:G80) -> 52.43845 | H81: =SUM(H72:H80) -> 54.43845

Sheet 4.2 Corporate Functions
A1: =Cover!$C$6 -> NESO Cost Reporting Tables
A2: =Cover!$E$12 -> National Energy System Operator
A3: =Cover!$E$16 -> 2026/27
A4: =Contents!D27 -> 4.2 Corporate Functions
F6: BP3 | G6: NESO 1
F7: 2025/26 | G7: 2026/27 | H7: 2027/28
B9: NESO Corporate Functions
B11: Operational Costs
D13: Assurance | E13: £m (nominal) | F13: ='[1]4.2 Corporate Functions'!F13 -> 3.1153984 | G13: =SUMIF('[2]RtB & FTE'!$D:$D,$D13,'[2]RtB & FTE'!$E:$E)/10^6 -> 3.2189862 | H13: =SUMIF('[2]RtB & FTE'!$D:$D,$D13,'[2]RtB & FTE'!$G:$G)/10^6 -> 3.0443621
D14: Corporate Strategy | E14: £m (nominal) | F14: ='[1]4.2 Corporate Functions'!F14 -> 1.0930537 | G14: =SUMIF('[2]RtB & FTE'!$D:$D,$D14,'[2]RtB & FTE'!$E:$E)/10^6 -> 1.0386836 | H14: =SUMIF('[2]RtB & FTE'!$D:$D,$D14,'[2]RtB & FTE'!$G:$G)/10^6 -> 1.1294753
D15: External Affairs | E15: £m (nominal) | F15: ='[1]4.2 Corporate Functions'!F15 -> 3.9087922 | G15: =SUMIF('[2]RtB & FTE'!$D:$D,$D15,'[2]RtB & FTE'!$E:$E)/10^6 -> 4.9798088 | H15: =SUMIF('[2]RtB & FTE'!$D:$D,$D15,'[2]RtB & FTE'!$G:$G)/10^6 -> 4.7773686
D16: Finance & Procurement | E16: £m (nominal) | F16: =F69 -> 19.407348 | G16: =G69 -> 24.700037 | H16: =H69 -> 26.741658
D17: Legal | E17: £m (nominal) | F17: ='[1]4.2 Corporate Functions'!F17 -> 4.8195742 | G17: =SUMIF('[2]RtB & FTE'!$D:$D,$D17,'[2]RtB & FTE'!$E:$E)/10^6 -> 5.0080745 | H17: =SUMIF('[2]RtB & FTE'!$D:$D,$D17,'[2]RtB & FTE'!$G:$G)/10^6 -> 5.5974615
D18: People | E18: £m (nominal) | F18: =F93 -> 11.260036 | G18: =G93 -> 16.845712 | H18: =H93 -> 14.912238
D19: Early Careers | E19: £m (nominal) | F19: ='[1]4.2 Corporate Functions'!F19 -> 3.2766656 | G19: =SUMIF('[2]RtB & FTE'!$D:$D,$D19,'[2]RtB & FTE'!$E:$E)/10^6 -> 4.7555623 | H19: =SUMIF('[2]RtB & FTE'!$D:$D,$D19,'[2]RtB & FTE'!$G:$G)/10^6 -> 5.9540356
D20: Property | E20: £m (nominal) | F20: ='[1]4.2 Corporate Functions'!F20 -> 15.155015 | G20: =SUMIF('[2]RtB & FTE'!$D:$D,$D20,'[2]RtB & FTE'!$E:$E)/10^6 -> 18.720581 | H20: =SUMIF('[2]RtB & FTE'!$D:$D,$D20,'[2]RtB & FTE'!$G:$G)/10^6 -> 20.4232
D21: Portfolio Management | E21: £m (nominal) | F21: ='[1]4.2 Corporate Functions'!F21 -> 1.4304437 | G21: =SUMIF('[2]RtB & FTE'!$D:$D,$D21,'[2]RtB & FTE'!$E:$E)/10^6 -> 1.2904474 | H21: =SUMIF('[2]RtB & FTE'!$D:$D,$D21,'[2]RtB & FTE'!$G:$G)/10^6 -> 1.1978258
D22: Regulation | E22: £m (nominal) | F22: ='[1]4.2 Corporate Functions'!F22 -> 1.4904827 | G22: =SUMIF('[2]RtB & FTE'!$D:$D,$D22,'[2]RtB & FTE'!$E:$E)/10^6 -> 1.5367655 | H22: =SUMIF('[2]RtB & FTE'!$D:$D,$D22,'[2]RtB & FTE'!$G:$G)/10^6 -> 1.6447919
D23: Office of the CEO | E23: £m (nominal) | F23: ='[1]4.2 Corporate Functions'!F23 -> 3.7822992 | G23: =SUMIF('[2]RtB & FTE'!$D:$D,$D23,'[2]RtB & FTE'!$E:$E)/10^6 -> 5.1745849 | H23: =SUMIF('[2]RtB & FTE'!$D:$D,$D23,'[2]RtB & FTE'!$G:$G)/10^6 -> 6.3661724
D24: Corporate Functions Operational Costs Total | E24: £m (nominal) | F24: =SUM(F13:F23) -> 68.739109 | G24: =SUM(G13:G23) -> 87.269243 | H24: =SUM(H13:H23) -> 91.788589
B26: FTE
D28: Assurance | E28: # FTE | F28: ='[1]4.2 Corporate Functions'!F28 -> 26.2423 | G28: =SUMIF('[2]RtB & FTE'!$D:$D,$D28,'[2]RtB & FTE'!$F:$F) -> 23.404635 | H28: =SUMIF('[2]RtB & FTE'!$D:$D,$D28,'[2]RtB & FTE'!$H:$H) -> 22.404635
D29: Corporate Strategy | E29: # FTE | F29: ='[1]4.2 Corporate Functions'!F29 -> 9.8108 | G29: =SUMIF('[2]RtB & FTE'!$D:$D,$D29,'[2]RtB & FTE'!$F:$F) -> 9.6216 | H29: =SUMIF('[2]RtB & FTE'!$D:$D,$D29,'[2]RtB & FTE'!$H:$H) -> 9.6216
D30: External Affairs | E30: # FTE | F30: ='[1]4.2 Corporate Functions'!F30 -> 36.8 | G30: =SUMIF('[2]RtB & FTE'!$D:$D,$D30,'[2]RtB & FTE'!$F:$F) -> 37.4 | H30: =SUMIF('[2]RtB & FTE'!$D:$D,$D30,'[2]RtB & FTE'!$H:$H) -> 37.4
D31: Finance & Procurement | E31: # FTE | F31: =F80 -> 153.6649 | G31: =G80 -> 172.5416 | H31: =H80 -> 171.1416
D32: Legal | E32: # FTE | F32: ='[1]4.2 Corporate Functions'!F32 -> 27.5716 | G32: =SUMIF('[2]RtB & FTE'!$D:$D,$D32,'[2]RtB & FTE'!$F:$F) -> 34.118729 | H32: =SUMIF('[2]RtB & FTE'!$D:$D,$D32,'[2]RtB & FTE'!$H:$H) -> 34.118729
D33: People | E33: # FTE | F33: =F104 -> 66.7702 | G33: =G104 -> 84.423 | H33: =H104 -> 84.423
D34: Early Careers | E34: # FTE | F34: ='[1]4.2 Corporate Functions'!F34 -> 70 | G34: =SUMIF('[2]RtB & FTE'!$D:$D,$D34,'[2]RtB & FTE'!$F:$F) -> 88 | H34: =SUMIF('[2]RtB & FTE'!$D:$D,$D34,'[2]RtB & FTE'!$H:$H) -> 120
D35: Property | E35: # FTE | F35: ='[1]4.2 Corporate Functions'!F35 -> 0 | G35: =SUMIF('[2]RtB & FTE'!$D:$D,$D35,'[2]RtB & FTE'!$F:$F) -> 8 | H35: =SUMIF('[2]RtB & FTE'!$D:$D,$D35,'[2]RtB & FTE'!$H:$H) -> 8
D36: Portfolio Management | E36: # FTE | F36: ='[1]4.2 Corporate Functions'!F36 -> 7 | G36: =SUMIF('[2]RtB & FTE'!$D:$D,$D36,'[2]RtB & FTE'!$F:$F) -> 9 | H36: =SUMIF('[2]RtB & FTE'!$D:$D,$D36,'[2]RtB & FTE'!$H:$H) -> 9
D37: Regulation | E37: # FTE | F37: ='[1]4.2 Corporate Functions'!F37 -> 15.1621 | G37: =SUMIF('[2]RtB & FTE'!$D:$D,$D37,'[2]RtB & FTE'!$F:$F) -> 11.367635 | H37: =SUMIF('[2]RtB & FTE'!$D:$D,$D37,'[2]RtB & FTE'!$H:$H) -> 11.367635
D38: Office of the CEO | E38: # FTE | F38: ='[1]4.2 Corporate Functions'!F38 -> 5.45 | G38: =SUMIF('[2]RtB & FTE'!$D:$D,$D38,'[2]RtB & FTE'!$F:$F) -> 7.25 | H38: =SUMIF('[2]RtB & FTE'!$D:$D,$D38,'[2]RtB & FTE'!$H:$H) -> 7.25
D39: Corporate Functions FTE Total | E39: # FTE | F39: =SUM(F28:F38) -> 418.4719 | G39: =SUM(G28:G38) -> 485.1272 | H39: =SUM(H28:H38) -> 514.7272
B41: Investment Costs
C43: Investment ID | D43: Investment Name
C44: NESO1-200 | D44: Digitalisation of Enabling Functions | E44: £m (nominal) | F44: ='[1]4.2 Corporate Functions'!$F44 -> 1.3410951 | G44: =VLOOKUP($C44,[2]Investments!$A:$E,4,FALSE)/10^6 -> 3.2923383 | H44: =VLOOKUP($C44,[2]Investments!$A:$E,5,FALSE)/10^6 -> 3.9
C45: NESO1-210 | D45: Digital Change for Legal, Risk, and Regulation | E45: £m (nominal) | F45: ='[1]4.2 Corporate Functions'!$F45 -> 0.53455989 | G45: =VLOOKUP($C45,[2]Investments!$A:$E,4,FALSE)/10^6 -> 0.75000029 | H45: =VLOOKUP($C45,[2]Investments!$A:$E,5,FALSE)/10^6 -> 0.75
C46: Property | D46: NEW CFO Property Investment | E46: £m (nominal) | F46: ='[1]4.2 Corporate Functions'!$F46 -> 7.071217 | G46: =VLOOKUP($C46,[2]Investments!$A:$E,4,FALSE)/10^6 -> 19.982758 | H46: =VLOOKUP($C46,[2]Investments!$A:$E,5,FALSE)/10^6 -> 18.9
D47: Corporate Functions Investment Costs Total | E47: £m (nominal) | F47: =SUM(F44:F46) -> 8.946872 | G47: =SUM(G44:G46) -> 24.025096 | H47: =SUM(H44:H46) -> 23.55
B49: Total Costs & FTE
D51: Operational Costs | E51: £m (nominal) | F51: =F24 -> 68.739109 | G51: =G24 -> 87.269243 | H51: =H24 -> 91.788589
D52: Investment Costs | E52: £m (nominal) | F52: =F47 -> 8.946872 | G52: =G47 -> 24.025096 | H52: =H47 -> 23.55
D53: Total Costs | E53: £m (nominal) | F53: =SUM(F51:F52) -> 77.685981 | G53: =SUM(G51:G52) -> 111.29434 | H53: =SUM(H51:H52) -> 115.33859
D55: FTE | E55: # FTE | F55: =F39 -> 418.4719 | G55: =G39 -> 485.1272 | H55: =H39 -> 514.7272
D56: Total FTE | E56: # FTE | F56: =SUM(F55) -> 418.4719 | G56: =SUM(G55) -> 485.1272 | H56: =SUM(H55) -> 514.7272
B58: Finance & Procurement Memo Tables
B60: Finance & Procurement Operational Costs
D62: Revenue & Settlements | E62: £m (nominal) | F62: ='[1]4.2 Corporate Functions'!F69 -> 3.5141532 | G62: =SUMIF('[2]RtB & FTE'!$B:$B,$D62,'[2]RtB & FTE'!$E:$E)/10^6 -> 4.1788881 | H62: =SUMIF('[2]RtB & FTE'!$B:$B,$D62,'[2]RtB & FTE'!$G:$G)/10^6 -> 4.3195509
D63: Central Costs | E63: £m (nominal) | F63: ='[1]4.2 Corporate Functions'!F70 -> 1.4175033 | G63: =SUMIF('[2]RtB & FTE'!$B:$B,$D63,'[2]RtB & FTE'!$E:$E)/10^6 -> 2.151294 | H63: =SUMIF('[2]RtB & FTE'!$B:$B,$D63,'[2]RtB & FTE'!$G:$G)/10^6 -> 2.25
D64: CFO & Audit | E64: £m (nominal) | F64: ='[1]4.2 Corporate Functions'!F71 -> 0.59138968 | G64: =SUMIF('[2]RtB & FTE'!$B:$B,$D64,'[2]RtB & FTE'!$E:$E)/10^6 -> 3.2054104 | H64: =SUMIF('[2]RtB & FTE'!$B:$B,$D64,'[2]RtB & FTE'!$G:$G)/10^6 -> 3.1410639
D65: Financial Controller | E65: £m (nominal) | F65: ='[1]4.2 Corporate Functions'!F72 -> 6.6496052 | G65: =SUMIF('[2]RtB & FTE'!$B:$B,$D65,'[2]RtB & FTE'!$E:$E)/10^6 -> 5.9562395 | H65: =SUMIF('[2]RtB & FTE'!$B:$B,$D65,'[2]RtB & FTE'!$G:$G)/10^6 -> 7.7596154
D66: Finance Business Partnering | E66: £m (nominal) | F66: ='[1]4.2 Corporate Functions'!F73 -> 2.2154251 | G66: =SUMIF('[2]RtB & FTE'!$B:$B,$D66,'[2]RtB & FTE'!$E:$E)/10^6 -> 2.8066377 | H66: =SUMIF('[2]RtB & FTE'!$B:$B,$D66,'[2]RtB & FTE'!$G:$G)/10^6 -> 2.8117037
D67: Procurement | E67: £m (nominal) | F67: ='[1]4.2 Corporate Functions'!F74 -> 5.0192718 | G67: =SUMIF('[2]RtB & FTE'!$B:$B,$D67,'[2]RtB & FTE'!$E:$E)/10^6 -> 6.4015672 | H67: =SUMIF('[2]RtB & FTE'!$B:$B,$D67,'[2]RtB & FTE'!$G:$G)/10^6 -> 6.4597244
D68: CFO Day 2 | E68: £m (nominal) | F68: ='[1]4.2 Corporate Functions'!F75 -> 0 | G68: 0 | H68: 0
D69: Finance & Procurement Operational Costs Total | E69: £m (nominal) | F69: =SUM(F62:F68) -> 19.407348 | G69: =SUM(G62:G68) -> 24.700037 | H69: =SUM(H62:H68) -> 26.741658
B71: Finance & Procurement FTE
D73: Revenue & Settlements | E73: # FTE | F73: ='[1]4.2 Corporate Functions'!F80 -> 36.6649 | G73: =SUMIF('[2]RtB & FTE'!$B:$B,$D73,'[2]RtB & FTE'!$F:$F) -> 38.390526 | H73: =SUMIF('[2]RtB & FTE'!$B:$B,$D73,'[2]RtB & FTE'!$H:$H) -> 37.390526
D74: Central Costs | E74: # FTE | F74: ='[1]4.2 Corporate Functions'!F81 -> 0 | G74: =SUMIF('[2]RtB & FTE'!$B:$B,$D74,'[2]RtB & FTE'!$F:$F) -> 0 | H74: =SUMIF('[2]RtB & FTE'!$B:$B,$D74,'[2]RtB & FTE'!$H:$H) -> 0
D75: CFO & Audit | E75: # FTE | F75: ='[1]4.2 Corporate Functions'!F82 -> 13 | G75: =SUMIF('[2]RtB & FTE'!$B:$B,$D75,'[2]RtB & FTE'!$F:$F) -> 19.914826 | H75: =SUMIF('[2]RtB & FTE'!$B:$B,$D75,'[2]RtB & FTE'!$H:$H) -> 19.514826
D76: Financial Controller | E76: # FTE | F76: ='[1]4.2 Corporate Functions'!F83 -> 55 | G76: =SUMIF('[2]RtB & FTE'!$B:$B,$D76,'[2]RtB & FTE'!$F:$F) -> 65.460694 | H76: =SUMIF('[2]RtB & FTE'!$B:$B,$D76,'[2]RtB & FTE'!$H:$H) -> 65.460694
D77: Finance Business Partnering | E77: # FTE | F77: ='[1]4.2 Corporate Functions'!F84 -> 16 | G77: =SUMIF('[2]RtB & FTE'!$B:$B,$D77,'[2]RtB & FTE'!$F:$F) -> 21.860726 | H77: =SUMIF('[2]RtB & FTE'!$B:$B,$D77,'[2]RtB & FTE'!$H:$H) -> 21.860726
D78: Procurement | E78: # FTE | F78: ='[1]4.2 Corporate Functions'!F85 -> 33 | G78: =SUMIF('[2]RtB & FTE'!$B:$B,$D78,'[2]RtB & FTE'!$F:$F) -> 26.914826 | H78: =SUMIF('[2]RtB & FTE'!$B:$B,$D78,'[2]RtB & FTE'!$H:$H) -> 26.914826
D79: CFO Day 2 | E79: # FTE | F79: 0 | G79: 0 | H79: 0
D80: Finance & Procurement FTE Total | E80: # FTE | F80: =SUM(F73:F79) -> 153.6649 | G80: =SUM(G73:G79) -> 172.5416 | H80: =SUM(H73:H79) -> 171.1416
B82: People Memo Tables
B84: People Operational Costs
D86: People & Capability | E86: £m (nominal) | F86: ='[1]4.2 Corporate Functions'!F93 -> 2.6647747 | G86: =SUMIF('[2]RtB & FTE'!$B:$B,$D86,'[2]RtB & FTE'!$E:$E)/10^6 -> 3.8109579 | H86: =SUMIF('[2]RtB & FTE'!$B:$B,$D86,'[2]RtB & FTE'!$G:$G)/10^6 -> 3.4141693
D87: Rewards | E87: £m (nominal) | F87: ='[1]4.2 Corporate Functions'!F94 -> 3.0430368 | G87: =SUMIF('[2]RtB & FTE'!$B:$B,$D87,'[2]RtB & FTE'!$E:$E)/10^6 -> 4.475099 | H87: =SUMIF('[2]RtB & FTE'!$B:$B,$D87,'[2]RtB & FTE'!$G:$G)/10^6 -> 4.4177714
D88: People Business Partners | E88: £m (nominal) | F88: ='[1]4.2 Corporate Functions'!F95 -> 2.3845002 | G88: =SUMIF('[2]RtB & FTE'!$B:$B,$D88,'[2]RtB & FTE'!$E:$E)/10^6 -> 1.851933 | H88: =SUMIF('[2]RtB & FTE'!$B:$B,$D88,'[2]RtB & FTE'!$G:$G)/10^6 -> 2.2250162
D89: Service Excellence | E89: £m (nominal) | F89: ='[1]4.2 Corporate Functions'!F96 -> 1.9417191 | G89: =SUMIF('[2]RtB & FTE'!$B:$B,$D89,'[2]RtB & FTE'!$E:$E)/10^6 -> 1.8060848 | H89: =SUMIF('[2]RtB & FTE'!$B:$B,$D89,'[2]RtB & FTE'!$G:$G)/10^6 -> 2.2280041
D90: Internal Communication | E90: £m (nominal) | F90: ='[1]4.2 Corporate Functions'!F97 -> 0.9164123 | G90: =SUMIF('[2]RtB & FTE'!$B:$B,$D90,'[2]RtB & FTE'!$E:$E)/10^6 -> 1.6148467 | H90: =SUMIF('[2]RtB & FTE'!$B:$B,$D90,'[2]RtB & FTE'!$G:$G)/10^6 -> 1.761559
D91: People Day 2 | E91: £m (nominal) | F91: ='[1]4.2 Corporate Functions'!F98 -> 0 | G91: =SUMIF('[2]RtB & FTE'!$B:$B,$D91,'[2]RtB & FTE'!$E:$E)/10^6 -> 0 | H91: =SUMIF('[2]RtB & FTE'!$B:$B,$D91,'[2]RtB & FTE'!$G:$G)/10^6 -> 0
D92: HR Operations | E92: £m (nominal) | F92: ='[1]4.2 Corporate Functions'!F99 -> 0.30959331 | G92: =SUMIF('[2]RtB & FTE'!$B:$B,$D92,'[2]RtB & FTE'!$E:$E)/10^6 -> 3.2867907 | H92: =SUMIF('[2]RtB & FTE'!$B:$B,$D92,'[2]RtB & FTE'!$G:$G)/10^6 -> 0.86571785
D93: People Operational Costs Total | E93: £m (nominal) | F93: =SUM(F86:F92) -> 11.260036 | G93: =SUM(G86:G92) -> 16.845712 | H93: =SUM(H86:H92) -> 14.912238
B95: People FTE
D97: People & Capability | E97: # FTE | F97: ='[1]4.2 Corporate Functions'!F104 -> 25.1486 | G97: =SUMIF('[2]RtB & FTE'!$B:$B,$D97,'[2]RtB & FTE'!$F:$F) -> 21.175171 | H97: =SUMIF('[2]RtB & FTE'!$B:$B,$D97,'[2]RtB & FTE'!$H:$H) -> 21.175171
D98: Rewards | E98: # FTE | F98: ='[1]4.2 Corporate Functions'!F105 -> 4 | G98: =SUMIF('[2]RtB & FTE'!$B:$B,$D98,'[2]RtB & FTE'!$F:$F) -> 6 | H98: =SUMIF('[2]RtB & FTE'!$B:$B,$D98,'[2]RtB & FTE'!$H:$H) -> 6
D99: People Business Partners | E99: # FTE | F99: ='[1]4.2 Corporate Functions'!F106 -> 15.6216 | G99: =SUMIF('[2]RtB & FTE'!$B:$B,$D99,'[2]RtB & FTE'!$F:$F) -> 23.026571 | H99: =SUMIF('[2]RtB & FTE'!$B:$B,$D99,'[2]RtB & FTE'!$H:$H) -> 23.026571
D100: Service Excellence | E100: # FTE | F100: ='[1]4.2 Corporate Functions'!F107 -> 6 | G100: =SUMIF('[2]RtB & FTE'!$B:$B,$D100,'[2]RtB & FTE'!$F:$F) -> 10 | H100: =SUMIF('[2]RtB & FTE'!$B:$B,$D100,'[2]RtB & FTE'!$H:$H) -> 13
D101: Internal Communication | E101: # FTE | F101: ='[1]4.2 Corporate Functions'!F108 -> 9 | G101: =SUMIF('[2]RtB & FTE'!$B:$B,$D101,'[2]RtB & FTE'!$F:$F) -> 10 | H101: =SUMIF('[2]RtB & FTE'!$B:$B,$D101,'[2]RtB & FTE'!$H:$H) -> 10
D102: People Day 2 | E102: # FTE | F102: ='[1]4.2 Corporate Functions'!F109 -> 0 | G102: =SUMIF('[2]RtB & FTE'!$B:$B,$D102,'[2]RtB & FTE'!$F:$F) -> 0 | H102: =SUMIF('[2]RtB & FTE'!$B:$B,$D102,'[2]RtB & FTE'!$H:$H) -> 0
D103: HR Operations | E103: # FTE | F103: ='[1]4.2 Corporate Functions'!F110 -> 7 | G103: =SUMIF('[2]RtB & FTE'!$B:$B,$D103,'[2]RtB & FTE'!$F:$F) -> 14.221257 | H103: =SUMIF('[2]RtB & FTE'!$B:$B,$D103,'[2]RtB & FTE'!$H:$H) -> 11.221257
D104: People FTE Total | E104: # FTE | F104: =SUM(F97:F103) -> 66.7702 | G104: =SUM(G97:G103) -> 84.423 | H104: =SUM(H97:H103) -> 84.423

Sheet 4.3 Cyber & Physical Security
A1: =Cover!$C$6 -> NESO Cost Reporting Tables
A2: =Cover!$E$12 -> National Energy System Operator
A3: =Cover!$E$16 -> 2026/27
A4: =Contents!D28 -> 4.3 Cyber & Physical Security
F6: BP3 | G6: NESO 1
F7: 2025/26 | G7: 2026/27 | H7: 2027/28
B9: NESO Cyber & Physical Security
B11: Operational Costs
D13: Physical & Cyber Security | E13: £m (nominal) | F13: ='[1]4.3 Cyber & Physical Security'!$F$13 -> 19.745018 | G13: =SUMIF('[2]RtB & FTE'!$D:$D,$D13,'[2]RtB & FTE'!$E:$E)/10^6 -> 15.530931 | H13: =SUMIF('[2]RtB & FTE'!$D:$D,$D13,'[2]RtB & FTE'!$G:$G)/10^6 -> 16.907165
D14: Cyber & Physical Security Operational Costs Total | E14: £m (nominal) | F14: =SUM(F13:F13) -> 19.745018 | G14: =SUM(G13:G13) -> 15.530931 | H14: =SUM(H13:H13) -> 16.907165
B16: FTE
D18: Physical & Cyber Security | E18: # FTE | F18: ='[1]4.3 Cyber & Physical Security'!$F$18 -> 65.8108 | G18: =SUMIF('[2]RtB & FTE'!$D:$D,$D18,'[2]RtB & FTE'!$F:$F) -> 76.211064 | H18: =SUMIF('[2]RtB & FTE'!$D:$D,$D18,'[2]RtB & FTE'!$H:$H) -> 76.211064
D19: Cyber & Physical Security FTE Total | E19: # FTE | F19: =SUM(F18:F18) -> 65.8108 | G19: =SUM(G18:G18) -> 76.211064 | H19: =SUM(H18:H18) -> 76.211064
B21: Investment Costs
C23: Investment ID | D23: Investment Name
D24: Cyber & Physical Security | E24: £m (nominal) | F24: ='[1]4.3 Cyber & Physical Security'!$F$24 -> 8.3366465 | G24: =VLOOKUP($D24,[2]Investments!$B:$E,3,FALSE)/10^6 -> 1.8095803 | H24: =VLOOKUP($D24,[2]Investments!$B:$E,4,FALSE)/10^6 -> 19
D25: Cyber & Physical Security Investment Costs Total | E25: £m (nominal) | F25: =SUM(F24:F24) -> 8.3366465 | G25: =SUM(G24:G24) -> 1.8095803 | H25: =SUM(H24:H24) -> 19
B27: Total Costs & FTE
D29: Operational Costs | E29: £m (nominal) | F29: =F14 -> 19.745018 | G29: =G14 -> 15.530931 | H29: =H14 -> 16.907165
D30: Investment Costs | E30: £m (nominal) | F30: =F25 -> 8.3366465 | G30: =G25 -> 1.8095803 | H30: =H25 -> 19
D31: Total Costs | E31: £m (nominal) | F31: =SUM(F29:F30) -> 28.081664 | G31: =SUM(G29:G30) -> 17.340511 | H31: =SUM(H29:H30) -> 35.907165
D33: FTE | E33: # FTE | F33: =F19 -> 65.8108 | G33: =G19 -> 76.211064 | H33: =H19 -> 76.211064
D34: Total FTE | E34: # FTE | F34: =SUM(F33) -> 65.8108 | G34: =SUM(G33) -> 76.211064 | H34: =SUM(H33) -> 76.211064

Sheet 4.4 Digital & Technology Suppor
A1: =Cover!$C$6 -> NESO Cost Reporting Tables
A2: =Cover!$E$12 -> National Energy System Operator
A3: =Cover!$E$16 -> 2026/27
A4: =Contents!D29 -> 4.4 Digital & Technology Support
F6: BP3 | G6: NESO 1
F7: 2025/26 | G7: 2026/27 | H7: 2027/28
B9: NESO Digital & Technology Support
B11: Operational Costs
D13: Digital & Technology Support Contracts | E13: £m (nominal) | F13: ='[1]4.4 Digital & Technology Suppor'!F13 -> 121.26441 | G13: =SUMIF('[2]RtB & FTE'!$D:$D,$D13,'[2]RtB & FTE'!$E:$E)/10^6 -> 3.8912208 | H13: =SUMIF('[2]RtB & FTE'!$D:$D,$D13,'[2]RtB & FTE'!$G:$G)/10^6 -> -13.649696
D14: Digital Strategy & Architecture | E14: £m (nominal) | F14: ='[1]4.4 Digital & Technology Suppor'!F14 -> 5.9862345 | G14: =SUMIF('[2]RtB & FTE'!$D:$D,$D14,'[2]RtB & FTE'!$E:$E)/10^6 -> 7.5867821 | H14: =SUMIF('[2]RtB & FTE'!$D:$D,$D14,'[2]RtB & FTE'!$G:$G)/10^6 -> 6.6289505
D15: Functional Excellence | E15: £m (nominal) | F15: ='[1]4.4 Digital & Technology Suppor'!F15 -> 8.9587706 | G15: =SUMIF('[2]RtB & FTE'!$D:$D,$D15,'[2]RtB & FTE'!$E:$E)/10^6 -> 10.209161 | H15: =SUMIF('[2]RtB & FTE'!$D:$D,$D15,'[2]RtB & FTE'!$G:$G)/10^6 -> 12.693292
D16: Product Development & Run | E16: £m (nominal) | F16: ='[1]4.4 Digital & Technology Suppor'!F16 -> 9.2841255 | G16: =SUMIF('[2]RtB & FTE'!$D:$D,$D16,'[2]RtB & FTE'!$E:$E)/10^6 -> 212.1317 | H16: =SUMIF('[2]RtB & FTE'!$D:$D,$D16,'[2]RtB & FTE'!$G:$G)/10^6 -> 200.68221
D17: Digital & Technology Support Operational Costs Total | E17: £m (nominal) | F17: =SUM(F13:F16) -> 145.49354 | G17: =SUM(G13:G16) -> 233.81887 | H17: =SUM(H13:H16) -> 206.35476
B19: FTE
D21: Digital & Technology Support Contracts | E21: # FTE | F21: ='[1]4.4 Digital & Technology Suppor'!F21 -> 3 | G21: =SUMIF('[2]RtB & FTE'!$D:$D,$D21,'[2]RtB & FTE'!$F:$F) -> 4 | H21: =SUMIF('[2]RtB & FTE'!$D:$D,$D21,'[2]RtB & FTE'!$H:$H) -> 4
D22: Digital Strategy & Architecture | E22: # FTE | F22: ='[1]4.4 Digital & Technology Suppor'!F22 -> 48.4 | G22: =SUMIF('[2]RtB & FTE'!$D:$D,$D22,'[2]RtB & FTE'!$F:$F) -> 51.596488 | H22: =SUMIF('[2]RtB & FTE'!$D:$D,$D22,'[2]RtB & FTE'!$H:$H) -> 51.596488
D23: Functional Excellence | E23: # FTE | F23: ='[1]4.4 Digital & Technology Suppor'!F23 -> 56.4865 | G23: =SUMIF('[2]RtB & FTE'!$D:$D,$D23,'[2]RtB & FTE'!$F:$F) -> 62.196488 | H23: =SUMIF('[2]RtB & FTE'!$D:$D,$D23,'[2]RtB & FTE'!$H:$H) -> 62.196488
D24: Product Development & Run | E24: # FTE | F24: ='[1]4.4 Digital & Technology Suppor'!F24 -> 260.2108 | G24: =SUMIF('[2]RtB & FTE'!$D:$D,$D24,'[2]RtB & FTE'!$F:$F) -> 309.97239 | H24: =SUMIF('[2]RtB & FTE'!$D:$D,$D24,'[2]RtB & FTE'!$H:$H) -> 309.97239
D25: Digital & Technology Support FTE Total | E25: # FTE | F25: =SUM(F21:F24) -> 368.0973 | G25: =SUM(G21:G24) -> 427.76537 | H25: =SUM(H21:H24) -> 427.76537
B27: Investment Costs
C29: Investment ID | D29: Investment Name
D30: Efficiency Challenge | E30: £m (nominal) | F30: ='[1]4.4 Digital & Technology Suppor'!$F30 -> 0 | G30: =VLOOKUP($D30,[2]Investments!$B:$E,3,FALSE)/10^6 -> -10 | H30: =VLOOKUP($D30,[2]Investments!$B:$E,4,FALSE)/10^6 -> -10
D31: Shared Projects | F31: ='[1]4.4 Digital & Technology Suppor'!$F31 -> 4.2267155 | G31: =VLOOKUP($D31,[2]Investments!$B:$E,3,FALSE)/10^6 -> 2.1825216 | H31: =VLOOKUP($D31,[2]Investments!$B:$E,4,FALSE)/10^6 -> 0
D32: Digital & Technology Support Investment Costs Total | E32: £m (nominal) | F32: =SUM(F30:F31) -> 4.2267155 | G32: =SUM(G30:G31) -> -7.8174784 | H32: =SUM(H30:H31) -> -10
B34: Total Costs & FTE
D36: Operational Costs | E36: £m (nominal) | F36: =F17 -> 145.49354 | G36: =G17 -> 233.81887 | H36: =H17 -> 206.35476
D37: Investment Costs | E37: £m (nominal) | F37: =F32 -> 4.2267155 | G37: =G32 -> -7.8174784 | H37: =H32 -> -10
D38: Total Costs | E38: £m (nominal) | F38: =SUM(F36:F37) -> 149.72026 | G38: =SUM(G36:G37) -> 226.00139 | H38: =SUM(H36:H37) -> 196.35476
D40: FTE | E40: # FTE | F40: =F25 -> 368.0973 | G40: =G25 -> 427.76537 | H40: =H25 -> 427.76537
D41: Total FTE | E41: # FTE | F41: =SUM(F40) -> 368.0973 | G41: =SUM(G40) -> 427.76537 | H41: =SUM(H40) -> 427.76537

Sheet 4.5 Transformation
A1: =Cover!$C$6 -> NESO Cost Reporting Tables
A2: =Cover!$E$12 -> National Energy System Operator
A3: =Cover!$E$16 -> 2026/27
A4: =Contents!D30 -> 4.5 Transformation
F6: BP3 | G6: NESO 1
F7: 2025/26 | G7: 2026/27 | H7: 2027/28
B9: NESO Transformation
B11: Operational Costs
D13: Day 2 Transformation | E13: £m (nominal) | F13: ='[1]4.5 Transformation'!F13 -> 4.0386986 | G13: =SUMIF('[2]RtB & FTE'!$D:$D,$D13,'[2]RtB & FTE'!$E:$E)/10^6 -> 0 | H13: =SUMIF('[2]RtB & FTE'!$D:$D,$D13,'[2]RtB & FTE'!$G:$G)/10^6 -> 0
D14: Contingency Control Centre | E14: £m (nominal) | F14: ='[1]4.5 Transformation'!F14 -> 0.036160703 | G14: =SUMIF('[2]RtB & FTE'!$D:$D,$D14,'[2]RtB & FTE'!$E:$E)/10^6 -> 0.05364962 | H14: =SUMIF('[2]RtB & FTE'!$D:$D,$D14,'[2]RtB & FTE'!$G:$G)/10^6 -> 0.012066
D15: REMA | E15: £m (nominal) | F15: ='[1]4.5 Transformation'!F15 -> 0 | G15: =SUMIF('[2]RtB & FTE'!$D:$D,$D15,'[2]RtB & FTE'!$E:$E)/10^6 -> 0 | H15: =SUMIF('[2]RtB & FTE'!$D:$D,$D15,'[2]RtB & FTE'!$G:$G)/10^6 -> 0
D16: Operational Service Agreements (OSA) | E16: £m (nominal) | F16: ='[1]4.5 Transformation'!F16 -> 0 | G16: =SUMIF('[2]RtB & FTE'!$D:$D,$D16,'[2]RtB & FTE'!$E:$E)/10^6 -> 0 | H16: =SUMIF('[2]RtB & FTE'!$D:$D,$D16,'[2]RtB & FTE'!$G:$G)/10^6 -> 0
D17: Transformation Operational Costs Total | E17: £m (nominal) | F17: =SUM(F13:F16) -> 4.0748593 | G17: =SUM(G13:G16) -> 0.05364962 | H17: =SUM(H13:H16) -> 0.012066
B19: FTE
D21: Day 2 Transformation | E21: # FTE | F21: ='[1]4.5 Transformation'!F21 -> 82 | G21: =SUMIF('[2]RtB & FTE'!$D:$D,$D21,'[2]RtB & FTE'!$F:$F) -> 0 | H21: =SUMIF('[2]RtB & FTE'!$D:$D,$D21,'[2]RtB & FTE'!$H:$H) -> 0
D22: Contingency Control Centre | E22: # FTE | F22: ='[1]4.5 Transformation'!F22 -> 5 | G22: =SUMIF('[2]RtB & FTE'!$D:$D,$D22,'[2]RtB & FTE'!$F:$F) -> 12 | H22: =SUMIF('[2]RtB & FTE'!$D:$D,$D22,'[2]RtB & FTE'!$H:$H) -> 11
D23: REMA | E23: # FTE | F23: ='[1]4.5 Transformation'!F23 -> 0 | G23: =SUMIF('[2]RtB & FTE'!$D:$D,$D23,'[2]RtB & FTE'!$F:$F) -> 0 | H23: =SUMIF('[2]RtB & FTE'!$D:$D,$D23,'[2]RtB & FTE'!$H:$H) -> 0
D24: Operational Service Agreements (OSA) | E24: # FTE | F24: ='[1]4.5 Transformation'!F24 -> 0 | G24: =SUMIF('[2]RtB & FTE'!$D:$D,$D24,'[2]RtB & FTE'!$F:$F) -> 0 | H24: =SUMIF('[2]RtB & FTE'!$D:$D,$D24,'[2]RtB & FTE'!$H:$H) -> 0
D25: Transformation FTE Total | E25: # FTE | F25: =SUM(F21:F24) -> 87 | G25: =SUM(G21:G24) -> 12 | H25: =SUM(H21:H24) -> 11
B27: Investment Costs
C29: Investment ID | D29: Investment Name
C30: T-Day2 | D30: Day 2 | E30: £m (nominal) | F30: ='[1]4.5 Transformation'!$F30 -> 64.366128 | G30: =VLOOKUP($C30,[2]Investments!$A:$E,4,FALSE)/10^6 -> 32.973421 | H30: =VLOOKUP($C30,[2]Investments!$A:$E,5,FALSE)/10^6 -> 0
D31: Contingency Control Centre | E31: £m (nominal) | F31: ='[1]4.5 Transformation'!$F31 -> 3.7049716 | G31: =VLOOKUP($D31,[2]Investments!$B:$E,3,FALSE)/10^6 -> 32.983619 | H31: =VLOOKUP($D31,[2]Investments!$B:$E,4,FALSE)/10^6 -> 24.936797
C32: T-OSA | D32: OSA Exit | E32: £m (nominal) | F32: ='[1]4.5 Transformation'!$F32 -> 2.6454651 | G32: =VLOOKUP($C32,[2]Investments!$A:$E,4,FALSE)/10^6 -> 22.45115 | H32: =VLOOKUP($C32,[2]Investments!$A:$E,5,FALSE)/10^6 -> 6
C33: T-REMA | D33: REMA | E33: £m (nominal) | F33: ='[1]4.5 Transformation'!$F33 -> 0.22899496 | G33: 0 | H33: 0
D34: Transformation Investment Costs Total | E34: £m (nominal) | F34: =SUM(F30:F33) -> 70.94556 | G34: =SUM(G30:G33) -> 88.40819 | H34: =SUM(H30:H33) -> 30.936797
B36: Total Costs & FTE
D38: Operational Costs | E38: £m (nominal) | F38: =F17 -> 4.0748593 | G38: =G17 -> 0.05364962 | H38: =H17 -> 0.012066
D39: Investment Costs | E39: £m (nominal) | F39: =F34 -> 70.94556 | G39: =G34 -> 88.40819 | H39: =H34 -> 30.936797
D40: Total Costs | E40: £m (nominal) | F40: =SUM(F38:F39) -> 75.020419 | G40: =SUM(G38:G39) -> 88.46184 | H40: =SUM(H38:H39) -> 30.948863
D42: FTE | E42: # FTE | F42: =F25 -> 87 | G42: =G25 -> 12 | H42: =H25 -> 11
D43: Total FTE | E43: # FTE | F43: =SUM(F42) -> 87 | G43: =SUM(G42) -> 12 | H43: =SUM(H42) -> 11
